Workbook
Name CFF.ColunaPadrão: CFF!$AC:$AC
Name CFF.Colunas: CFF!$P$10:$X$10
Name CFF.Dados: OFFSET(CFF!$L$17,1,0):OFFSET(CFF!$X$60,-1,-1)
Name CFF.IncluirLinha: MAX(PO!$V$12:$V$96)*CFF.NumLinha-ROW(CFF!$F$60)+ROW(CFF!$F$17)+1
Name CFF.Item: OFFSET(CFF!$L$17,1,0):OFFSET(CFF!$X$60,-1,-1)
Name CFF.LinhaPadrão: CFF!$A$11:$W$11
Name CFF.NumLinha: ROW(CFF!$D$14)-ROW(CFF!$D$10)-1
Name Código: PO!$M1
Name Composições.LinhaPadrão: #REF!
Name Cotações.LinhaPadrão: #REF!
Name Dados.Assinatura1: DADOS!$B$54:$E$57
Name Dados.Assinatura2: DADOS!$H$54:$K$57
Name Dados.Lista.Acompanhamento: DADOS!$P$122:$P$123
Name Dados.Lista.BDI: DADOS!$T$37:$X$37
Name Dados.Lista.Localidade: DADOS!$L$107:$L$134
Name Dados.Lista.RegimeExecução: DADOS!$P$115:$P$120
Name EXCELVERSAO: IF(MID(INFO("SOLTAR"),1,2)*1<=11,"Excel 2003","Superior")
Name Fonte: PO!$L1
Name Import.Ação: DADOS!$J$29
Name Import.Apelido: DADOS!$Q$32
Name Import.CNPJ: DADOS!$B$57
Name Import.Código: OFFSET(PO!$M$12,1,0):OFFSET(PO!$M$96,-1,0)
Name Import.CR: DADOS!$A$29
Name Import.CTEF: DADOS!$A$43
Name Import.CustoUnitário: OFFSET(PO!$Q$12,1,0):OFFSET(PO!$Q$96,-1,0)
Name Import.DadosBDI: DADOS!$S$108:$S$112
Name Import.DataAssinaturaCTEF: DADOS!$U$43
Name Import.DataBase: DADOS!$A$38
Name Import.DataBaseLicit: DADOS!$H$43
Name Import.DataCot: OFFSET(#REF!,1,0):OFFSET(#REF!,-1,0)
Name Import.DataCotIndice: OFFSET(#REF!,1,0):OFFSET(#REF!,-1,0)
Name Import.DataInícioObra: DADOS!$A$48
Name Import.DescComp: OFFSET(#REF!,1,0):OFFSET(#REF!,-1,0)
Name Import.DescCot: OFFSET(#REF!,1,0):OFFSET(#REF!,-1,0)
Name Import.DescLote: DADOS!$G$38
Name Import.Descrição: OFFSET(PO!$N$12,1,0):OFFSET(PO!$N$96,-1,0)
Name Import.Desoneracao: DADOS!$C$38
Name Import.DesoneracaoLicit: DADOS!$J$43
Name Import.Empresa: DADOS!$C$43
Name Import.FontComp: OFFSET(#REF!,1,0):OFFSET(#REF!,-1,0)
Name Import.Fonte: OFFSET(PO!$L$12,1,0):OFFSET(PO!$L$96,-1,0)
Name Import.FrenteDeObra: PLQ!$F$9:OFFSET(PLQ!$P$9,0,-1)
Name Import.Gestor: DADOS!$C$29
Name Import.IndiceAtual: OFFSET(#REF!,1,0):OFFSET(#REF!,-1,0)
Name Import.IndiceCot: OFFSET(#REF!,1,0):OFFSET(#REF!,-1,0)
Name Import.Item: OFFSET(PO!$K$12,1,0):OFFSET(PO!$K$96,-1,0)
Name Import.Localidade: DADOS!$K$32
Name Import.LocalSINAPI: DADOS!$D$38
Name Import.Município: DADOS!$G$32
Name Import.Nível: OFFSET(PO!$J$12,1,0):OFFSET(PO!$J$96,-1,0)
Name Import.NomeEmpresaForn: OFFSET(#REF!,1,0):OFFSET(#REF!,-1,0)
Name Import.ObjetoCR: DADOS!$P$29
Name Import.ObjetoCTEF: DADOS!$O$43
Name Import.ObsComp: OFFSET(#REF!,1,0):OFFSET(#REF!,-1,0)
Name Import.ObsCot: OFFSET(#REF!,1,0):OFFSET(#REF!,-1,0)
Name Import.ObsForn: OFFSET(#REF!,1,0):OFFSET(#REF!,-1,0)
Name Import.ObsIndice: OFFSET(#REF!,1,0):OFFSET(#REF!,-1,0)
Name Import.PLQ: OFFSET(PLQ!$F$12,1,0):OFFSET(PLQ!$P$96,-1,-1)
Name Import.POArred: PO!$X$3:$X$7
Name Import.PreçoTotal: OFFSET(PO!$T$12,1,0):OFFSET(PO!$T$96,-1,0)

Sheet DADOS
A1: 27476 | B1: PO - Planilha Orçamentária / PLQ - Planilha de Levantamento de Quantidades / CFF - Cronograma Físico Financeiro
A2: v008
A4: INSTRUÇÕES DE USO E PREENCHIMENTO
A6: 1. Este documento somente pode ser utilizado nas versões do Excel 2003 ou superior. Não deve ser utilizado versões do BROffice. O Documento deve ser salvo SOMENTE em extensão habilitada para macros (.xls ou .xlsm). Se o documento for salvo na extensão .xlsx, o arquivo será INUTILIZADO.
A8: 2. Para funcionamento pleno desse arquivo, a Segurança de Macros do Excel deve ser habilitada.
A10: 2.1 Na Versão Excel 2003, selecione na Faixa de Opções: Ferramentas --> Macro --> Segurança --> Na aba Nível de Segurança selecione a Opção "Baixo" --> Clique em OK --> Feche e abra o Excel novamente para utilizar a Planilha.
A12: 2.2 Na Versão Excel 2007 ou superior, selecione na Faixa de Opções: Arquivo --> Opções --> Central de Confiabilidade --> Configurações da Central de Confiabilidade --> Configurações de Macro --> Habilitar todas as Macros --> Clique em OK --> Feche e abra o excel novamente para utilizar a Planilha.
A14: 3. O Preenchimento deve ser feito somente nas células em amarelo. As outras células são de preenchimento Automático.
A16: 4. Preferências de Elaboração do Orçamento
A18: 4.1. Preenchimento de Quantidades
A22: 5. Ordem de Preenchimento
A24: 5.1. na Aba DADOS
A26: 5.1.1. Preencha no Quadro abaixo os Dados do TC/CR:
A28: Nº OPERAÇÃO | C28: GESTOR | F28: PROGRAMA | J28: AÇÃO / MODALIDADE | P28: OBJETO
J29: OTIMIZAÇÃO DA SAÚDE PÚBLICA | P29: REFORMA DO CENTRO DE ASSITÊNCIA A SAÚDE (CAS)
A31: PROPONENTE / TOMADOR | G31: MUNICÍPIO / UF | K31: LOCALIDADE / ENDEREÇO | Q31: APELIDO DO EMPREENDIMENTO
A32: MUNICIPIO | G32: TUCUNDUVA RS | K32: RUA SANTA ROSA 520 | Q32: REFORMA DO CENTRO DE ASSITÊNCIA A SAÚDE (CAS)
A35: 5.1.2. Preencha no quadro abaixo as informações sobre o orçamento:
A37: DATA BASE | C37: DESON. | D37: LOCALIDADE DO SINAPI | G37: DESCRIÇÃO DO LOTE | T37: BDI 1 | U37: BDI 2 | V37: BDI 3 | W37: BDI 4 | X37: BDI 5
A38: 45870 | C38: Não | D38: Porto Alegre / RS | G38: REFORMA DO CENTRO DE ASSISTÊNCIA A SAÚDE (CAS) | T38: =IF(ISERROR(INDIRECT("'BDI ("&RIGHT(T37,1)&")'!N27")),"",INDIRECT("'BDI ("&RIGHT(T37,1)&")'!N27")) -> 0.2109 | U38: =IF(ISERROR(INDIRECT("'BDI ("&RIGHT(U37,1)&")'!N27")),"",INDIRECT("'BDI ("&RIGHT(U37,1)&")'!N27")) | V38: =IF(ISERROR(INDIRECT("'BDI ("&RIGHT(V37,1)&")'!N27")),"",INDIRECT("'BDI ("&RIGHT(V37,1)&")'!N27")) | W38: =IF(ISERROR(INDIRECT("'BDI ("&RIGHT(W37,1)&")'!N27")),"",INDIRECT("'BDI ("&RIGHT(W37,1)&")'!N27")) | X38: =IF(ISERROR(INDIRECT("'BDI ("&RIGHT(X37,1)&")'!N27")),"",INDIRECT("'BDI ("&RIGHT(X37,1)&")'!N27"))
A40: 4.1.2. Preencha no quadro abaixo as informações sobre o orçamento licitado:
A42: CTEF n.º | C42: NOME DA EMPRESA | H42: DATA BASE | J42: DESON. | K42: REGIME DE EXECUÇÃO | N42: ACOMP. | O42: OBJETO CTEF | U42: DATA ASSINATURA | W42: VIGÊNCIA
A45: 5.1.3. Preencha a data de Início da Obra:
A47: DATA INÍCIO
A48: 46143
A50: 5.1.4. Preencha no(s) Quadro(s) abaixo os Dados do(s) Responsável(is) Técnico(s) pela elaboração do Orçamento:
G52: Exibir o 2° Quadro de Assinatura? | K52: SIM
A54: Nome: | B54: CRISTIAN SCHENDEL | G54: Nome: | H54: LUIZ AUGUSTO DOBAL
A55: =IF(OR(TipoOrçamento="BASE",TipoOrçamento="REPROGRAMADONPL"),"Título:","Cargo:") -> Título: | B55: ENG CIVIL | G55: =A55 -> Título: | H55: ENG CIVIL
A56: =IF(OR(TipoOrçamento="BASE",TipoOrçamento="REPROGRAMADONPL"),"CREA/CAU:","Empresa:") -> CREA/CAU: | B56: 195387RS | G56: =A56 -> CREA/CAU: | H56: 238129RS
A57: =IF(OR(TipoOrçamento="BASE",TipoOrçamento="REPROGRAMADONPL"),"ART/RRT:","CNPJ:") -> ART/RRT: | G57: =A57 -> ART/RRT:
A60: 5.2. Legenda das Abas
A62: 5.2.1. LARANJA: Aba DADOS. Preenchimento Obrigatório. Impressão Dispensada.
A63: 5.2.2. AMARELO: Abas BDI, PO, PLQ e CFF. Preenchimento e Impressão Obrigatórias. O preenchimento da Aba BDI é dispensada para os casos de Aquisição Direta de Materiais e Equipamentos. A Impressão da Aba PLQ pode ser dispensada para casos de Frente de Obra Única.
A65: 5.3. na Aba BDI (Bonificações e Despesas Indiretas):
A67: 5.3.1. Escolha o tipo de empreendimento.
A68: 5.3.2. Escolha se o BDI será do tipo desonerado ou não (aba DADOS)
A69: 5.3.3. Informe a base de cálculo do ISS (0 a 100%).
A70: 5.3.4. Informe a alíquota do ISS (Normalmente de 2 a 5%).
A71: 5.3.5. Defina na tabela os percentuais a serem adotados para cada item que compõe o BDI nos campos em amarelo.
A72: 5.3.6. Preencha o campo observações se necessário (recomendado para os orçamentos que utilizam mais de um BDI).
A74: 5.4. na Aba PO (Planilha Orçamentária):
A76: 5.4.1. Primeiramente, selecione os níveis de cada item do orçamento na coluna NÍVEL.
... A101: 5.6.3. Para atualizar o Cronograma conforme o Orçamento e incluir ou excluir parcelas, utilize o botão EDITAR / ATUALIZAR CRONOGRAMA.
L107: (Selecione uma Localidade)
L108: Aracaju / SE | S108: =T38 -> 0.2109
L109: Belém / PA | S109: =U38
L110: Belo Horizonte / MG | S110: =V38
L111: Boa Vista / RR | S111: =W38
L112: Brasília / DF | S112: =X38
L113: Campo Grande / MS
L114: Cuiabá / MT
L115: Curitiba / PR | P115: Empreitada Preço Global
L116: Florianópolis / SC | P116: Empreitada Preço Unitário
L117: Fortaleza / CE | P117: Empreitada Integral
L118: Goiânia / GO | P118: Tarefa
L119: João Pessoa / PB | P119: Contratação Integrada
L120: Macapá / AP | P120: Não se aplica
L121: Maceió / AL
L122: Manaus / AM | P122: BM
L123: Natal / RN | P123: PLE
L124: Palmas / TO
L125: Porto Alegre / RS
L126: Porto Velho / RO
L127: Recife / PE
L128: Rio Branco / AC
L129: Rio de Janeiro / RJ
L130: Salvador / BA
L131: São Luís / MA
L132: São Paulo / SP
L133: Teresina / PI
L134: Vitória / ES
A220: =A28 -> Nº OPERAÇÃO | C220: =C28 -> GESTOR | F220: =F28 -> PROGRAMA | J220: =J28 -> AÇÃO / MODALIDADE | P220: =P28 -> OBJETO
A221: =IF(A29="","",A29) | C221: =IF(C29="","",C29) | F221: =IF(F29="","",F29) | J221: =IF(J29="","",J29) -> OTIMIZAÇÃO DA SAÚDE PÚBLICA | L221: =IF(#REF!="","",#REF!) -> #REF! | N221: =IF(#REF!="","",#REF!) -> #REF! | P221: =IF(P29="","",P29) -> REFORMA DO CENTRO DE ASSITÊNCIA A SAÚDE (CAS)
A223: =A31 -> PROPONENTE / TOMADOR | G223: =G31 -> MUNICÍPIO / UF | K223: =K31 -> LOCALIDADE / ENDEREÇO | Q223: =Q31 -> APELIDO DO EMPREENDIMENTO
A224: =IF(A32="","",A32) -> MUNICIPIO | G224: =IF(G32="","",G32) -> TUCUNDUVA RS | H224: =IF(I32="","",I32) | J224: =IF(#REF!="","",#REF!) -> #REF! | K224: =IF(K32="","",K32) -> RUA SANTA ROSA 520 | Q224: =IF(Q32="","",Q32) -> REFORMA DO CENTRO DE ASSITÊNCIA A SAÚDE (CAS)
A226: =A37 -> DATA BASE | C226: =C37 -> DESON. | D226: =D37 -> LOCALIDADE DO SINAPI | G226: =G37 -> DESCRIÇÃO DO LOTE | T226: =T37 -> BDI 1 | U226: =U37 -> BDI 2 | V226: =V37 -> BDI 3 | W226: =W37 -> BDI 4 | X226: =X37 -> BDI 5
A227: =IF(A38="","",A38) -> 45870 | C227: =IF(C38="","",C38) -> Não | D227: =IF(D38="","",D38) -> Porto Alegre / RS | E227: =IF(E38="","",E38) | F227: =IF(F38="","",F38) | G227: =IF(G38="","",G38) -> REFORMA DO CENTRO DE ASSISTÊNCIA A SAÚDE (CAS) | H227: =IF(H38="","",H38) | I227: =IF(I38="","",I38) | J227: =IF(J38="","",J38) | ... X227: =IF(X38="","",X38)
A229: CTEF n.º | C229: NOME DA EMPRESA / CNPJ: | H229: DATA BASE | J229: DESON. | K229: REGIME DE EXECUÇÃO | N229: ACOMP. | O229: OBJETO CTEF | U229: DATA ASSINATURA | W229: VIGÊNCIA
A230: =IF(A43="","",A43) | C230: =IF(C43="","",C43) | E230: =IF(E43="","",E43) | G230: =IF(G43="","",G43) | H230: =IF(H43="","",H43) | I230: =IF(I43="","",I43) | J230: =IF(J43="","",J43) | K230: =IF(K43="","",K43) | M230: =IF(M43="","",M43) | N230: =IF(N43="","",N43) | O230: =IF(O43="","",O43) | Q230: =IF(Q43="","",Q43) | S230: =IF(S43="","",S43) | U230: =IF(U43="","",U43) | W230: =IF(W43="","",W43)

Sheet BDI (1)
E1: MIN | F1: MED | G1: MAX | N1: ="Quadro de Composição do BDI "&MID(CELL("nome.arquivo",N1),5+FIND("BDI (",CELL("nome.arquivo",N1)),1) -> Quadro de Composição do BDI 1
A2: Construção e Reforma de Edifícios | B2: AC | C2: =CONCATENATE(A2,"-",B2) -> Construção e Reforma de Edifícios-AC | E2: 0.03 | F2: 0.04 | G2: 0.055
A3: =A2 -> Construção e Reforma de Edifícios | B3: SG | C3: =CONCATENATE(A3,"-",B3) -> Construção e Reforma de Edifícios-SG | E3: 0.008 | F3: 0.008 | G3: 0.01
A4: =A3 -> Construção e Reforma de Edifícios | B4: R | C4: =CONCATENATE(A4,"-",B4) -> Construção e Reforma de Edifícios-R | E4: 0.0097 | F4: 0.0127 | G4: 0.0127 | I4: Nº TC/CR | K4: PROPONENTE / TOMADOR
A5: =A4 -> Construção e Reforma de Edifícios | B5: DF | C5: =CONCATENATE(A5,"-",B5) -> Construção e Reforma de Edifícios-DF | E5: 0.0059 | F5: 0.0123 | G5: 0.0139 | I5: =DADOS!A29 -> 0 | K5: =DADOS!A32 -> MUNICIPIO
A6: =A5 -> Construção e Reforma de Edifícios | B6: L | C6: =CONCATENATE(A6,"-",B6) -> Construção e Reforma de Edifícios-L | E6: 0.0616 | F6: 0.074 | G6: 0.0896
A7: =A6 -> Construção e Reforma de Edifícios | B7: BDI PAD | C7: =CONCATENATE(A7,"-",B7) -> Construção e Reforma de Edifícios-BDI PAD | E7: 0.2034 | F7: 0.2212 | G7: 0.25 | I7: OBJETO
A8: Construção de Praças Urbanas, Rodovias, Ferrovias e recapeamento e pavimentação de vias urbanas | B8: AC | C8: =CONCATENATE(A8,"-",B8) -> Construção de Praças Urbanas, Rodovias, Ferrovias e recapeamento e pavimentação de vias urbanas-AC | E8: 0.038 | F8: 0.0401 | G8: 0.0467 | I8: =DADOS!P29 -> REFORMA DO CENTRO DE ASSITÊNCIA A SAÚDE (CAS)
A9: Construção de Praças Urbanas, Rodovias, Ferrovias e recapeamento e pavimentação de vias urbanas | B9: SG | C9: =CONCATENATE(A9,"-",B9) -> Construção de Praças Urbanas, Rodovias, Ferrovias e recapeamento e pavimentação de vias urbanas-SG | E9: 0.0032 | F9: 0.004 | G9: 0.0074
A10: Construção de Praças Urbanas, Rodovias, Ferrovias e recapeamento e pavimentação de vias urbanas | B10: R | C10: =CONCATENATE(A10,"-",B10) -> Construção de Praças Urbanas, Rodovias, Ferrovias e recapeamento e pavimentação de vias urbanas-R | E10: 0.005 | F10: 0.0056 | G10: 0.0097 | I10: TIPO DE OBRA DO EMPREENDIMENTO | Q10: DESONERAÇÃO
A11: Construção de Praças Urbanas, Rodovias, Ferrovias e recapeamento e pavimentação de vias urbanas | B11: DF | C11: =CONCATENATE(A11,"-",B11) -> Construção de Praças Urbanas, Rodovias, Ferrovias e recapeamento e pavimentação de vias urbanas-DF | E11: 0.0102 | F11: 0.0111 | G11: 0.0121 | I11: Construção e Reforma de Edifícios | Q11: =DADOS!$C$38 -> Não
A12: Construção de Praças Urbanas, Rodovias, Ferrovias e recapeamento e pavimentação de vias urbanas | B12: L | C12: =CONCATENATE(A12,"-",B12) -> Construção de Praças Urbanas, Rodovias, Ferrovias e recapeamento e pavimentação de vias urbanas-L | E12: 0.0664 | F12: 0.073 | G12: 0.0869
A13: Construção de Praças Urbanas, Rodovias, Ferrovias e recapeamento e pavimentação de vias urbanas | B13: BDI PAD | C13: =CONCATENATE(A13,"-",B13) -> Construção de Praças Urbanas, Rodovias, Ferrovias e recapeamento e pavimentação de vias urbanas-BDI PAD | E13: 0.196 | F13: 0.2097 | G13: 0.2423 | I13: Conforme legislação tributária municipal, definir estimativa de percentual da base de cálculo para o ISS: | Q13: 1
A14: Construção de Redes de Abastecimento de Água, Coleta de Esgoto | B14: AC | C14: =CONCATENATE(A14,"-",B14) -> Construção de Redes de Abastecimento de Água, Coleta de Esgoto-AC | E14: 0.0343 | F14: 0.0493 | G14: 0.0671 | I14: Sobre a base de cálculo, definir a respectiva alíquota do ISS (entre 2% e 5%): | Q14: 0.02
A15: =A14 -> Construção de Redes de Abastecimento de Água, Coleta de Esgoto | B15: SG | C15: =CONCATENATE(A15,"-",B15) -> Construção de Redes de Abastecimento de Água, Coleta de Esgoto-SG | E15: 0.0028 | F15: 0.0049 | G15: 0.0075
I16: Itens | M16: Siglas | N16: % Adotado | O16: Situação | P16: 1º Quartil | Q16: Médio | R16: 3º Quartil | T16: =IF(V27,"Para BDI fora do intervalo estatístico, deve ser apresentado Relatório Técnico Circunstanciado justificando a adoção do percentual de cada parcela do BDI.","")
A17: =A15 -> Construção de Redes de Abastecimento de Água, Coleta de Esgoto | B17: R | C17: =CONCATENATE(A17,"-",B17) -> Construção de Redes de Abastecimento de Água, Coleta de Esgoto-R | E17: 0.01 | F17: 0.0139 | G17: 0.0174
A18: =A17 -> Construção de Redes de Abastecimento de Água, Coleta de Esgoto | B18: DF | C18: =CONCATENATE(A18,"-",B18) -> Construção de Redes de Abastecimento de Água, Coleta de Esgoto-DF | E18: 0.0094 | F18: 0.0099 | G18: 0.0117 | I18: =IF($I$11=$A$59,"Encargos Sociais incidentes sobre a mão de obra","Administração Central") -> Administração Central | M18: =IF($I$11=$A$59,"K1","AC") -> AC | N18: 0.038 | O18: - | P18: =VLOOKUP(CONCATENATE(I$11,"-",M18),$C$2:$G$49,3,FALSE) -> 0.03 | Q18: =VLOOKUP(CONCATENATE(I$11,"-",M18),$C$2:$G$49,4,FALSE) -> 0.04 | R18: =VLOOKUP(CONCATENATE(I$11,"-",M18),$C$2:$G$49,5,FALSE) -> 0.055
A19: =A18 -> Construção de Redes de Abastecimento de Água, Coleta de Esgoto | B19: L | C19: =CONCATENATE(A19,"-",B19) -> Construção de Redes de Abastecimento de Água, Coleta de Esgoto-L | E19: 0.0674 | F19: 0.0804 | G19: 0.094 | I19: =IF($I$11=$A$59,"Administração Central da empresa ou consultoria - overhead","Seguro e Garantia") -> Seguro e Garantia | M19: =IF($I$11=$A$59,"K2","SG") -> SG | N19: 0.008 | O19: - | P19: =VLOOKUP(CONCATENATE(I$11,"-",M19),$C$2:$G$49,3,FALSE) -> 0.008 | Q19: =VLOOKUP(CONCATENATE(I$11,"-",M19),$C$2:$G$49,4,FALSE) -> 0.008 | R19: =VLOOKUP(CONCATENATE(I$11,"-",M19),$C$2:$G$49,5,FALSE) -> 0.01
A20: =A19 -> Construção de Redes de Abastecimento de Água, Coleta de Esgoto | B20: BDI PAD | C20: =CONCATENATE(A20,"-",B20) -> Construção de Redes de Abastecimento de Água, Coleta de Esgoto-BDI PAD | E20: 0.2076 | F20: 0.2418 | G20: 0.2644 | I20: =IF($I$11=$A$59,"","Risco") -> Risco | M20: =IF($I$11=$A$59,"","R") -> R | N20: 0.01 | O20: - | P20: =VLOOKUP(CONCATENATE(I$11,"-",M20),$C$2:$G$49,3,FALSE) -> 0.0097 | Q20: =VLOOKUP(CONCATENATE(I$11,"-",M20),$C$2:$G$49,4,FALSE) -> 0.0127 | R20: =VLOOKUP(CONCATENATE(I$11,"-",M20),$C$2:$G$49,5,FALSE) -> 0.0127
A21: Construção e Manutenção de Estações e Redes de Distribuição de Energia Elétrica | B21: AC | C21: =CONCATENATE(A21,"-",B21) -> Construção e Manutenção de Estações e Redes de Distribuição de Energia Elétrica-AC | E21: 0.0529 | F21: 0.0592 | G21: 0.0793 | I21: =IF($I$11=$A$59,"","Despesas Financeiras") -> Despesas Financeiras | M21: =IF($I$11=$A$59,"","DF") -> DF | N21: 0.0111 | O21: - | P21: =VLOOKUP(CONCATENATE(I$11,"-",M21),$C$2:$G$49,3,FALSE) -> 0.0059 | Q21: =VLOOKUP(CONCATENATE(I$11,"-",M21),$C$2:$G$49,4,FALSE) -> 0.0123 | R21: =VLOOKUP(CONCATENATE(I$11,"-",M21),$C$2:$G$49,5,FALSE) -> 0.0139
A22: =A21 -> Construção e Manutenção de Estações e Redes de Distribuição de Energia Elétrica | B22: SG | C22: =CONCATENATE(A22,"-",B22) -> Construção e Manutenção de Estações e Redes de Distribuição de Energia Elétrica-SG | E22: 0.0025 | F22: 0.0051 | G22: 0.0056 | I22: =IF($I$11=$A$59,"Margem bruta da empresa de consultoria","Lucro") -> Lucro | M22: =IF($I$11=$A$59,"K3","L") -> L | N22: 0.07 | O22: - | P22: =VLOOKUP(CONCATENATE(I$11,"-",M22),$C$2:$G$49,3,FALSE) -> 0.0616 | Q22: =VLOOKUP(CONCATENATE(I$11,"-",M22),$C$2:$G$49,4,FALSE) -> 0.074 | R22: =VLOOKUP(CONCATENATE(I$11,"-",M22),$C$2:$G$49,5,FALSE) -> 0.0896
A23: =A22 -> Construção e Manutenção de Estações e Redes de Distribuição de Energia Elétrica | B23: R | C23: =CONCATENATE(A23,"-",B23) -> Construção e Manutenção de Estações e Redes de Distribuição de Energia Elétrica-R | E23: 0.01 | F23: 0.0148 | G23: 0.0197 | I23: Tributos (impostos COFINS 3%, e PIS 0,65%) | M23: CP | N23: 0.0365 | O23: - | P23: 0.0365 | Q23: 0.0365 | R23: 0.0365
A24: =A23 -> Construção e Manutenção de Estações e Redes de Distribuição de Energia Elétrica | B24: DF | C24: =CONCATENATE(A24,"-",B24) -> Construção e Manutenção de Estações e Redes de Distribuição de Energia Elétrica-DF | E24: 0.0101 | F24: 0.0107 | G24: 0.0111 | I24: Tributos (ISS, variável de acordo com o município) | M24: ISS | N24: =IF($I$11<>$A$58,Q14*Q13,0) -> 0.02 | O24: - | P24: 0 | Q24: 0.025 | R24: 0.05
A25: =A24 -> Construção e Manutenção de Estações e Redes de Distribuição de Energia Elétrica | B25: L | C25: =CONCATENATE(A25,"-",B25) -> Construção e Manutenção de Estações e Redes de Distribuição de Energia Elétrica-L | E25: 0.08 | F25: 0.0831 | G25: 0.0951 | I25: Tributos (Contribuição Previdenciária sobre a Receita Bruta - 0% ou 4,5% - Desoneração) | M25: CPRB | N25: =IF(AND($I$11<>$A$58,Q11="Sim"),4.5%,0%) -> 0 | O25: =IF(AND(N25>=P25, N25<=R25), "OK", "Não OK") -> OK | P25: 0 | Q25: 0.045 | R25: 0.045
A26: =A25 -> Construção e Manutenção de Estações e Redes de Distribuição de Energia Elétrica | B26: BDI PAD | C26: =CONCATENATE(A26,"-",B26) -> Construção e Manutenção de Estações e Redes de Distribuição de Energia Elétrica-BDI PAD | E26: 0.24 | F26: 0.2584 | G26: 0.2786 | I26: BDI SEM desoneração (Fórmula Acórdão TCU) | M26: BDI PAD | N26: =IF($I$11=$A$58,0,ROUND((((1+N18+N19+N20)*(1+N21)*(1+N22)/(1-(N23+N24)))-1),4)) -> 0.2109 | O26: =IF(OR($I$11=$A$59,$I$11=$A$58,AND(N26>=P26, N26<=R26)), "OK", "FORA DO INTERVALO") -> OK | P26: =IF($I$11=$A$58,0,VLOOKUP(CONCATENATE($I$11,"-",$M26),$C$2:$G$49,3,FALSE)) -> 0.2034 | Q26: =IF($I$11=$A$58,0,VLOOKUP(CONCATENATE($I$11,"-",$M26),$C$2:$G$49,4,FALSE)) -> 0.2212 | R26: =IF($I$11=$A$58,0,VLOOKUP(CONCATENATE($I$11,"-",$M26),$C$2:$G$49,5,FALSE)) -> 0.25
A27: Obras Portuárias, Marítimas e Fluviais | B27: AC | C27: =CONCATENATE(A27,"-",B27) -> Obras Portuárias, Marítimas e Fluviais-AC | E27: 0.04 | F27: 0.0552 | G27: 0.0785 | I27: BDI COM desoneração | M27: BDI DES | N27: =IF($I$11=$A$58,0,ROUND((((1+N18+N19+N20)*(1+N21)*(1+N22)/(1-(N23+N24+N25)))-1),4)) -> 0.2109 | O27: =IF(Q11<>"Sim","",O26) | V27: =AND(COUNTA(N18:N23)=6,O26<>"ok",NOT(V29)) -> FALSE | W27: pedir anexo
A28: =A27 -> Obras Portuárias, Marítimas e Fluviais | B28: SG | C28: =CONCATENATE(A28,"-",B28) -> Obras Portuárias, Marítimas e Fluviais-SG | E28: 0.0081 | F28: 0.0122 | G28: 0.0199
A29: =A28 -> Obras Portuárias, Marítimas e Fluviais | B29: R | C29: =CONCATENATE(A29,"-",B29) -> Obras Portuárias, Marítimas e Fluviais-R | E29: 0.0146 | F29: 0.0232 | G29: 0.0316 | I29: =IF(V29,"X","") | J29: Anexo: Relatório Técnico Circunstanciado justificando a adoção do percentual de cada parcela do BDI. | V29: FALSE | W29: anexo apresentado
I31: Os valores de BDI foram calculados com o emprego da fórmula:
A32: =A29 -> Obras Portuárias, Marítimas e Fluviais | B32: DF | C32: =CONCATENATE(A32,"-",B32) -> Obras Portuárias, Marítimas e Fluviais-DF | E32: 0.0094 | F32: 0.0102 | G32: 0.0133 | L32: =IF(Q11="Sim","BDI.DES =","BDI.PAD =") -> BDI.PAD = | M32: =IF($I$11=$A$59,"(1+K1+K2)*(1+K3)","(1+AC + S + R + G)*(1 + DF)*(1+L)") -> (1+AC + S + R + G)*(1 + DF)*(1+L) | P32: - 1
A33: =A32 -> Obras Portuárias, Marítimas e Fluviais | B33: L | C33: =CONCATENATE(A33,"-",B33) -> Obras Portuárias, Marítimas e Fluviais-L | E33: 0.0714 | F33: 0.084 | G33: 0.1043 | M33: =IF(Q11="Sim","(1-CP-ISS-CRPB)","(1-CP-ISS)") -> (1-CP-ISS)
A34: =A33 -> Obras Portuárias, Marítimas e Fluviais | B34: BDI PAD | C34: =CONCATENATE(A34,"-",B34) -> Obras Portuárias, Marítimas e Fluviais-BDI PAD | E34: 0.228 | F34: 0.2748 | G34: 0.3095
I35: =CONCATENATE("Declaro para os devidos fins que, conforme legislação tributária municipal, a base de cálculo para ",I11,", é de ",Q13*100,"%, com a respectiva alíquota de ",Q14*100,"%.") -> Declaro para os devidos fins que, conforme legislação tributária municipal, a base de cálculo para Construção e Reforma de Edifícios, é de 100%, com a respectiva alíquota de 2%.
I37: =CONCATENATE("Declaro para os devidos fins que o regime de Contribuição Previdenciária sobre a Receita Bruta adotado para elaboração do orçamento foi ",IF(Q11="Sim","COM","SEM")," Desoneração, e que esta é a alternativa mais adequada para a Administração Pública.") -> Declaro para os devidos fins que o regime de Contribuição Previdenciária sobre a Receita Bruta adotado para elaboração do orçamento foi SEM Desoneração, e que esta é a alternativa mais adequada para a Administração Pública.
A38: Fornecimento de Materiais e Equipamentos (aquisição indireta - em conjunto com licitação de obras) | B38: AC | C38: =CONCATENATE(A38,"-",B38) -> Fornecimento de Materiais e Equipamentos (aquisição indireta - em conjunto com licitação de obras)-AC | E38: 0.015 | F38: 0.0345 | G38: 0.0449
A39: =A38 -> Fornecimento de Materiais e Equipamentos (aquisição indireta - em conjunto com licitação de obras) | B39: SG | C39: =CONCATENATE(A39,"-",B39) -> Fornecimento de Materiais e Equipamentos (aquisição indireta - em conjunto com licitação de obras)-SG | E39: 0.003 | F39: 0.0048 | G39: 0.0082 | I39: Observações:
A40: =A39 -> Fornecimento de Materiais e Equipamentos (aquisição indireta - em conjunto com licitação de obras) | B40: R | C40: =CONCATENATE(A40,"-",B40) -> Fornecimento de Materiais e Equipamentos (aquisição indireta - em conjunto com licitação de obras)-R | E40: 0.0056 | F40: 0.0085 | G40: 0.0089
A41: =A40 -> Fornecimento de Materiais e Equipamentos (aquisição indireta - em conjunto com licitação de obras) | B41: DF | C41: =CONCATENATE(A41,"-",B41) -> Fornecimento de Materiais e Equipamentos (aquisição indireta - em conjunto com licitação de obras)-DF | E41: 0.0085 | F41: 0.0085 | G41: 0.0111
A42: =A41 -> Fornecimento de Materiais e Equipamentos (aquisição indireta - em conjunto com licitação de obras) | B42: L | C42: =CONCATENATE(A42,"-",B42) -> Fornecimento de Materiais e Equipamentos (aquisição indireta - em conjunto com licitação de obras)-L | E42: 0.035 | F42: 0.0511 | G42: 0.0622 | I42: =PO!K107 -> TUCUNDUVA RS | O42: =PO!K110 -> 46149
A43: =A42 -> Fornecimento de Materiais e Equipamentos (aquisição indireta - em conjunto com licitação de obras) | B43: BDI PAD | C43: =CONCATENATE(A43,"-",B43) -> Fornecimento de Materiais e Equipamentos (aquisição indireta - em conjunto com licitação de obras)-BDI PAD | E43: 0.111 | F43: 0.1402 | G43: 0.168 | I43: Local | O43: Data
A44: Estudos e Projetos, Planos e Gerenciamento e outros correlatos | B44: K1 | C44: =CONCATENATE(A44,"-",B44) -> Estudos e Projetos, Planos e Gerenciamento e outros correlatos-K1 | E44: - | F44: - | G44: -
A45: =A44 -> Estudos e Projetos, Planos e Gerenciamento e outros correlatos | B45: K2 | C45: =CONCATENATE(A45,"-",B45) -> Estudos e Projetos, Planos e Gerenciamento e outros correlatos-K2 | E45: - | F45: 0.2 | G45: -
A46: =A45 -> Estudos e Projetos, Planos e Gerenciamento e outros correlatos | C46: =CONCATENATE(A46,"-",B46) -> Estudos e Projetos, Planos e Gerenciamento e outros correlatos- | E46: - | F46: - | G46: - | I46: Responsável Técnico | O46: Responsável Tomador
A47: =A46 -> Estudos e Projetos, Planos e Gerenciamento e outros correlatos | C47: =CONCATENATE(A47,"-",B47) -> Estudos e Projetos, Planos e Gerenciamento e outros correlatos- | E47: - | F47: - | G47: - | I47: Nome: | J47: =DADOS!B54 -> CRISTIAN SCHENDEL | O47: Nome: | P47: JONAS FEERNANDO HAULSCHILD
A48: =A47 -> Estudos e Projetos, Planos e Gerenciamento e outros correlatos | B48: K3 | C48: =CONCATENATE(A48,"-",B48) -> Estudos e Projetos, Planos e Gerenciamento e outros correlatos-K3 | E48: - | F48: 0.12 | G48: - | I48: Título: | J48: =DADOS!B55 -> ENG CIVIL | O48: Cargo: | P48: PREFEITO MUNICIPAL
A49: =A48 -> Estudos e Projetos, Planos e Gerenciamento e outros correlatos | B49: BDI PAD | C49: =CONCATENATE(A49,"-",B49) -> Estudos e Projetos, Planos e Gerenciamento e outros correlatos-BDI PAD | E49: - | F49: - | G49: - | I49: =DADOS!A56 -> CREA/CAU: | J49: =DADOS!B56 -> 195387RS
I50: =DADOS!A57 -> ART/RRT: | J50: =DADOS!B57 -> 0
A52: Construção e Reforma de Edifícios
A53: Construção de Praças Urbanas, Rodovias, Ferrovias e recapeamento e pavimentação de vias urbanas
A54: Construção de Redes de Abastecimento de Água, Coleta de Esgoto
A55: Construção e Manutenção de Estações e Redes de Distribuição de Energia Elétrica
A56: Obras Portuárias, Marítimas e Fluviais
A57: Fornecimento de Materiais e Equipamentos (aquisição indireta - em conjunto com licitação de obras)
A58: Fornecimento de Materiais e Equipamentos (aquisição direta)
A59: Estudos e Projetos, Planos e Gerenciamento e outros correlatos

Sheet PO
N1: PO - PLANILHA ORÇAMENTÁRIA | T1: Grau de Sigilo
B2: LOTE | C2: Meta | D2: Nível 2 | E2: Nível 3 | F2: Nível 4 | G2: Serviço | N2: =CHOOSE(1+LOG(1+2*(TipoOrçamento="BASE")+4*(TipoOrçamento="LICITADO")+8*(TipoOrçamento="REPROGRAMADOAC")+16*(TipoOrçamento="REPROGRAMADONPL"),2),"nada","Orçamento Base para Licitação","Orçamento Licitado","Orçamento Licitado Reprogramado","Orçamento Base para Licitação - Reprogramado") -> Orçamento Base para Licitação | T2: #PUBLICO | W2: Arredondamento
W3: Quantidade | X3: TRUE
A4: Nmax | U4: ERRO GERAL | W4: Custo Unitáro | X4: TRUE
A5: =MAX($A$12:$A$96) -> 2 | U5: =IF(COUNTIF($U$12:OFFSET($U$96,-1,0),"DESCRIÇÃO")+COUNTIF($U$12:OFFSET($U$96,-1,0),"UNIDADE")+COUNTIF($U$12:OFFSET($U$96,-1,0),"SEM VALOR")>0,"NÃO OK","OK") -> OK | W5: BDI | X5: TRUE
W6: Preço Unitário | X6: TRUE
W7: Preço Total | X7: TRUE
P9: =OFFSET(PLQ!$E$12,ROW($P9)-ROW(P$12),0) -> -
A10: Nível | B10: Altura | C10: n1 | D10: n2 | E10: n3 | F10: n4 | G10: n5 | H10: Czero | I10: Cnível | J10: Nível | K10: Item | L10: Fonte | M10: Código | N10: Descrição | O10: Unidade | P10: Quantidade | Q10: =IF(OR(TipoOrçamento="LICITADO",TipoOrçamento="REPROGRAMADOAC"),"Preço Unitário (R$)","Custo Unitário (R$)") -> Custo Unitário (R$) | R10: BDI (%) | S10: Preço Unitário (R$) | T10: Preço Total (R$) | U10: Erro de Dados | V10: Lista Crono | W10: Concatenação Fonte-Código | X10: BancoRef | Y10: =IF(TipoOrçamento="LICITADO","Preço Unitário Edital (R$)","Custo Unitário Referência (R$)") -> Custo Unitário Referência (R$) | Z10: =IF(TipoOrçamento="LICITADO","Valor BDI Edital","Valor BDI") -> Valor BDI
A11: =CHOOSE(1+LOG(1+2*(J11="Meta")+4*(J11="Nível 2")+8*(J11="Nível 3")+16*(J11="Nível 4")+32*(J11="Serviço"),2),0,1,2,3,4,"S") -> S | B11: =IF(OR(A11="S",A11=0),0,IF(ISERROR(I11),H11,SMALL(H11:I11,1))) -> 0 | C11: =IF($A11=1,OFFSET(C11,-1,0)+1,OFFSET(C11,-1,0)) -> n1 | D11: =IF($A11=1,0,IF($A11=2,OFFSET(D11,-1,0)+1,OFFSET(D11,-1,0))) -> n2 | E11: =IF(AND($A11<=2,$A11<>0),0,IF($A11=3,OFFSET(E11,-1,0)+1,OFFSET(E11,-1,0))) -> n3 | F11: =IF(AND($A11<=3,$A11<>0),0,IF($A11=4,OFFSET(F11,-1,0)+1,OFFSET(F11,-1,0))) -> n4 | G11: =IF(AND($A11<=4,$A11<>0),0,IF($A11="S",OFFSET(G11,-1,0)+1,OFFSET(G11,-1,0))) -> #VALUE! | H11: =IF(OR($A11="S",$A11=0),0,MATCH(0,OFFSET($B11,1,$A11,ROW($A$96)-ROW($A11)),0)) -> 0 | I11: =IF(OR($A11="S",$A11=0),0,MATCH(OFFSET($B11,0,$A11)+1,OFFSET($B11,1,$A11,ROW($A$96)-ROW($A11)),0)) -> 0 | J11: Serviço | K11: =IF($A11=0,"-",CONCATENATE(C11&".",IF(AND($A$5>=2,$A11>=2),D11&".",""),IF(AND($A$5>=3,$A11>=3),E11&".",""),IF(AND($A$5>=4,$A11>=4),F11&".",""),IF($A11="S",G11&".",""))) -> #VALUE! | N11: =IF($A11="S",Referencia.Descricao,"(digite a descrição aqui)") | O11: =Referencia.Unidade | P11: =OFFSET(PLQ!$E$12,ROW($P11)-ROW(P$12),0) -> 0 | R11: BDI 1 | S11: =IF($A11="S",IF($Q$10="Preço Unitário (R$)",PO.CustoUnitario,ROUND(PO.CustoUnitario*(1+$Z11),15-13*$X$6)),0) -> 0 | T11: =IF($A11="S",VTOTAL1,IF($A11=0,0,ROUND(SomaAgrup,15-13*$X$7))) -> 0 | U11: =IF($J11="","",IF($N11="","DESCRIÇÃO",IF(AND($J11="Serviço",$O11=""),"UNIDADE",IF($T11<=0,"SEM VALOR",IF(AND($Y11<>"",$Q11>$Y11),"ACIMA REF.",""))))) -> DESCRIÇÃO | V11: =IF(OR($A11=0,$A11="S",$A11>CFF!$A$9),"",MAX(V$12:OFFSET(V11,-1,0))+1) | W11: =IF(AND($J11="Serviço",$M11<>""),IF($L11="",$M11,CONCATENATE($L11,"-",$M11))) -> FALSE | X11: =IF(AND(Fonte<>"",Código<>""),MATCH(Fonte&" "&IF(Fonte="sinapi",SUBSTITUTE(SUBSTITUTE(Código,"/00","/"),"/0","/"),Código),INDIRECT("'[Referência "&_xlnm.Database&".xls]Banco'!$a:$a"),0),"X") -> X | Y11: =IF(Import.Desoneracao="sim",Referencia.Desonerado,Referencia.NaoDesonerado) -> 0 | Z11: =ROUND(IF(ISNUMBER(R11),R11,IF(LEFT(R11,3)="BDI",HLOOKUP(R11,DADOS!$T$37:$X$38,2,FALSE),0)),15-11*$X$5) -> 0.2109
A12: 0 | B12: =COUNTA(OFFSET(B12,1,0):B$96) -> 83 | J12: =IF(OR(TipoOrçamento="LICITADO",TipoOrçamento="REPROGRAMADOAC"),"CTEF","LOTE") -> LOTE | K12: 0 | N12: =IF(TipoOrçamento="LICITADO",DADOS!O43,DADOS!G38) -> REFORMA DO CENTRO DE ASSISTÊNCIA A SAÚDE (CAS) | T12: =SUMIF(OFFSET($J12,1,0,ROW(T96)-ROW(T12)-1),"Serviço",OFFSET(T12,1,0,ROW(T96)-ROW(T12)-1)) -> 347736.77 | U12: =IF($N12=0,"DESCRIÇÃO","") | V12: 0
A13: =CHOOSE(1+LOG(1+2*(J13="Meta")+4*(J13="Nível 2")+8*(J13="Nível 3")+16*(J13="Nível 4")+32*(J13="Serviço"),2),0,1,2,3,4,"S") -> 1 | B13: =IF(OR(A13="S",A13=0),0,IF(ISERROR(I13),H13,SMALL(H13:I13,1))) -> 62 | C13: =IF($A13=1,OFFSET(C13,-1,0)+1,OFFSET(C13,-1,0)) -> 1 | D13: =IF($A13=1,0,IF($A13=2,OFFSET(D13,-1,0)+1,OFFSET(D13,-1,0))) -> 0 | E13: =IF(AND($A13<=2,$A13<>0),0,IF($A13=3,OFFSET(E13,-1,0)+1,OFFSET(E13,-1,0))) -> 0 | F13: =IF(AND($A13<=3,$A13<>0),0,IF($A13=4,OFFSET(F13,-1,0)+1,OFFSET(F13,-1,0))) -> 0 | G13: =IF(AND($A13<=4,$A13<>0),0,IF($A13="S",OFFSET(G13,-1,0)+1,OFFSET(G13,-1,0))) -> 0 | H13: =IF(OR($A13="S",$A13=0),0,MATCH(0,OFFSET($B13,1,$A13,ROW($A$96)-ROW($A13)),0)) -> 83 | I13: =IF(OR($A13="S",$A13=0),0,MATCH(OFFSET($B13,0,$A13)+1,OFFSET($B13,1,$A13,ROW($A$96)-ROW($A13)),0)) -> 62 | J13: Meta | K13: =IF($A13=0,"-",CONCATENATE(C13&".",IF(AND($A$5>=2,$A13>=2),D13&".",""),IF(AND($A$5>=3,$A13>=3),E13&".",""),IF(AND($A$5>=4,$A13>=4),F13&".",""),IF($A13="S",G13&".",""))) -> 1. | N13: REFORMA CAS | P13: =OFFSET(PLQ!$E$12,ROW($P13)-ROW(P$12),0) -> 0 | R13: BDI 1 | S13: =IF($A13="S",IF($Q$10="Preço Unitário (R$)",PO.CustoUnitario,ROUND(PO.CustoUnitario*(1+$Z13),15-13*$X$6)),0) -> 0 | T13: =IF($A13="S",VTOTAL1,IF($A13=0,0,ROUND(SomaAgrup,15-13*$X$7))) -> 234136.46 | U13: =IF($J13="","",IF($N13="","DESCRIÇÃO",IF(AND($J13="Serviço",$O13=""),"UNIDADE",IF($T13<=0,"SEM VALOR",IF(AND($Y13<>"",$Q13>$Y13),"ACIMA REF.",""))))) | V13: =IF(OR($A13=0,$A13="S",$A13>CFF!$A$9),"",MAX(V$12:OFFSET(V13,-1,0))+1) -> 1 | W13: =IF(AND($J13="Serviço",$M13<>""),IF($L13="",$M13,CONCATENATE($L13,"-",$M13))) -> FALSE | X13: =IF(AND(Fonte<>"",Código<>""),MATCH(Fonte&" "&IF(Fonte="sinapi",SUBSTITUTE(SUBSTITUTE(Código,"/00","/"),"/0","/"),Código),INDIRECT("'[Referência "&_xlnm.Database&".xls]Banco'!$a:$a"),0),"X") -> X | Y13: =IF(Import.Desoneracao="sim",Referencia.Desonerado,Referencia.NaoDesonerado) -> 0 | Z13: =ROUND(IF(ISNUMBER(R13),R13,IF(LEFT(R13,3)="BDI",HLOOKUP(R13,DADOS!$T$37:$X$38,2,FALSE),0)),15-11*$X$5) -> 0.2109
A14: =CHOOSE(1+LOG(1+2*(J14="Meta")+4*(J14="Nível 2")+8*(J14="Nível 3")+16*(J14="Nível 4")+32*(J14="Serviço"),2),0,1,2,3,4,"S") -> 2 | B14: =IF(OR(A14="S",A14=0),0,IF(ISERROR(I14),H14,SMALL(H14:I14,1))) -> 3 | C14: =IF($A14=1,OFFSET(C14,-1,0)+1,OFFSET(C14,-1,0)) -> 1 | D14: =IF($A14=1,0,IF($A14=2,OFFSET(D14,-1,0)+1,OFFSET(D14,-1,0))) -> 1 | E14: =IF(AND($A14<=2,$A14<>0),0,IF($A14=3,OFFSET(E14,-1,0)+1,OFFSET(E14,-1,0))) -> 0 | F14: =IF(AND($A14<=3,$A14<>0),0,IF($A14=4,OFFSET(F14,-1,0)+1,OFFSET(F14,-1,0))) -> 0 | G14: =IF(AND($A14<=4,$A14<>0),0,IF($A14="S",OFFSET(G14,-1,0)+1,OFFSET(G14,-1,0))) -> 0 | H14: =IF(OR($A14="S",$A14=0),0,MATCH(0,OFFSET($B14,1,$A14,ROW($A$96)-ROW($A14)),0)) -> 61 | I14: =IF(OR($A14="S",$A14=0),0,MATCH(OFFSET($B14,0,$A14)+1,OFFSET($B14,1,$A14,ROW($A$96)-ROW($A14)),0)) -> 3 | J14: Nível 2 | K14: =IF($A14=0,"-",CONCATENATE(C14&".",IF(AND($A$5>=2,$A14>=2),D14&".",""),IF(AND($A$5>=3,$A14>=3),E14&".",""),IF(AND($A$5>=4,$A14>=4),F14&".",""),IF($A14="S",G14&".",""))) -> 1.1. | N14: SERVIÇOS INICIAIS | O14: =Referencia.Unidade | P14: =OFFSET(PLQ!$E$12,ROW($P14)-ROW(P$12),0) -> 0 | R14: BDI 1 | S14: =IF($A14="S",IF($Q$10="Preço Unitário (R$)",PO.CustoUnitario,ROUND(PO.CustoUnitario*(1+$Z14),15-13*$X$6)),0) -> 0 | T14: =IF($A14="S",VTOTAL1,IF($A14=0,0,ROUND(SomaAgrup,15-13*$X$7))) -> 3309.26 | U14: =IF($J14="","",IF($N14="","DESCRIÇÃO",IF(AND($J14="Serviço",$O14=""),"UNIDADE",IF($T14<=0,"SEM VALOR",IF(AND($Y14<>"",$Q14>$Y14),"ACIMA REF.",""))))) | V14: =IF(OR($A14=0,$A14="S",$A14>CFF!$A$9),"",MAX(V$12:OFFSET(V14,-1,0))+1) -> 2 | W14: =IF(AND($J14="Serviço",$M14<>""),IF($L14="",$M14,CONCATENATE($L14,"-",$M14))) -> FALSE | X14: =IF(AND(Fonte<>"",Código<>""),MATCH(Fonte&" "&IF(Fonte="sinapi",SUBSTITUTE(SUBSTITUTE(Código,"/00","/"),"/0","/"),Código),INDIRECT("'[Referência "&_xlnm.Database&".xls]Banco'!$a:$a"),0),"X") -> X | Y14: =IF(Import.Desoneracao="sim",Referencia.Desonerado,Referencia.NaoDesonerado) -> 0 | Z14: =ROUND(IF(ISNUMBER(R14),R14,IF(LEFT(R14,3)="BDI",HLOOKUP(R14,DADOS!$T$37:$X$38,2,FALSE),0)),15-11*$X$5) -> 0.2109
A15: =CHOOSE(1+LOG(1+2*(J15="Meta")+4*(J15="Nível 2")+8*(J15="Nível 3")+16*(J15="Nível 4")+32*(J15="Serviço"),2),0,1,2,3,4,"S") -> S | B15: =IF(OR(A15="S",A15=0),0,IF(ISERROR(I15),H15,SMALL(H15:I15,1))) -> 0 | C15: =IF($A15=1,OFFSET(C15,-1,0)+1,OFFSET(C15,-1,0)) -> 1 | D15: =IF($A15=1,0,IF($A15=2,OFFSET(D15,-1,0)+1,OFFSET(D15,-1,0))) -> 1 | E15: =IF(AND($A15<=2,$A15<>0),0,IF($A15=3,OFFSET(E15,-1,0)+1,OFFSET(E15,-1,0))) -> 0 | F15: =IF(AND($A15<=3,$A15<>0),0,IF($A15=4,OFFSET(F15,-1,0)+1,OFFSET(F15,-1,0))) -> 0 | G15: =IF(AND($A15<=4,$A15<>0),0,IF($A15="S",OFFSET(G15,-1,0)+1,OFFSET(G15,-1,0))) -> 1 | H15: =IF(OR($A15="S",$A15=0),0,MATCH(0,OFFSET($B15,1,$A15,ROW($A$96)-ROW($A15)),0)) -> 0 | I15: =IF(OR($A15="S",$A15=0),0,MATCH(OFFSET($B15,0,$A15)+1,OFFSET($B15,1,$A15,ROW($A$96)-ROW($A15)),0)) -> 0 | J15: Serviço | K15: =IF($A15=0,"-",CONCATENATE(C15&".",IF(AND($A$5>=2,$A15>=2),D15&".",""),IF(AND($A$5>=3,$A15>=3),E15&".",""),IF(AND($A$5>=4,$A15>=4),F15&".",""),IF($A15="S",G15&".",""))) -> 1.1.1. | L15: SINAPI | M15: 99814 | N15: =IF($A15="S",Referencia.Descricao,"(digite a descrição aqui)") -> LIMPEZA DE SUPERFÍCIE COM JATO DE ALTA PRESSÃO. AF_04/2019 | O15: =Referencia.Unidade -> M2 | P15: =OFFSET(PLQ!$E$12,ROW($P15)-ROW(P$12),0) -> 628.51 | Q15: =Y15 -> 2.23 | R15: BDI 1 | S15: =IF($A15="S",IF($Q$10="Preço Unitário (R$)",PO.CustoUnitario,ROUND(PO.CustoUnitario*(1+$Z15),15-13*$X$6)),0) -> 2.7 | T15: =IF($A15="S",VTOTAL1,IF($A15=0,0,ROUND(SomaAgrup,15-13*$X$7))) -> 1696.98 | U15: =IF($J15="","",IF($N15="","DESCRIÇÃO",IF(AND($J15="Serviço",$O15=""),"UNIDADE",IF($T15<=0,"SEM VALOR",IF(AND($Y15<>"",$Q15>$Y15),"ACIMA REF.",""))))) | V15: =IF(OR($A15=0,$A15="S",$A15>CFF!$A$9),"",MAX(V$12:OFFSET(V15,-1,0))+1) | W15: =IF(AND($J15="Serviço",$M15<>""),IF($L15="",$M15,CONCATENATE($L15,"-",$M15))) -> SINAPI-99814 | X15: =IF(AND(Fonte<>"",Código<>""),MATCH(Fonte&" "&IF(Fonte="sinapi",SUBSTITUTE(SUBSTITUTE(Código,"/00","/"),"/0","/"),Código),INDIRECT("'[Referência "&_xlnm.Database&".xls]Banco'!$a:$a"),0),"X") -> 12802 | Y15: =IF(Import.Desoneracao="sim",Referencia.Desonerado,Referencia.NaoDesonerado) -> 2.23 | Z15: =ROUND(IF(ISNUMBER(R15),R15,IF(LEFT(R15,3)="BDI",HLOOKUP(R15,DADOS!$T$37:$X$38,2,FALSE),0)),15-11*$X$5) -> 0.2109
A16: =CHOOSE(1+LOG(1+2*(J16="Meta")+4*(J16="Nível 2")+8*(J16="Nível 3")+16*(J16="Nível 4")+32*(J16="Serviço"),2),0,1,2,3,4,"S") -> S | B16: =IF(OR(A16="S",A16=0),0,IF(ISERROR(I16),H16,SMALL(H16:I16,1))) -> 0 | C16: =IF($A16=1,OFFSET(C16,-1,0)+1,OFFSET(C16,-1,0)) -> 1 | D16: =IF($A16=1,0,IF($A16=2,OFFSET(D16,-1,0)+1,OFFSET(D16,-1,0))) -> 1 | E16: =IF(AND($A16<=2,$A16<>0),0,IF($A16=3,OFFSET(E16,-1,0)+1,OFFSET(E16,-1,0))) -> 0 | F16: =IF(AND($A16<=3,$A16<>0),0,IF($A16=4,OFFSET(F16,-1,0)+1,OFFSET(F16,-1,0))) -> 0 | G16: =IF(AND($A16<=4,$A16<>0),0,IF($A16="S",OFFSET(G16,-1,0)+1,OFFSET(G16,-1,0))) -> 2 | H16: =IF(OR($A16="S",$A16=0),0,MATCH(0,OFFSET($B16,1,$A16,ROW($A$96)-ROW($A16)),0)) -> 0 | I16: =IF(OR($A16="S",$A16=0),0,MATCH(OFFSET($B16,0,$A16)+1,OFFSET($B16,1,$A16,ROW($A$96)-ROW($A16)),0)) -> 0 | J16: Serviço | K16: =IF($A16=0,"-",CONCATENATE(C16&".",IF(AND($A$5>=2,$A16>=2),D16&".",""),IF(AND($A$5>=3,$A16>=3),E16&".",""),IF(AND($A$5>=4,$A16>=4),F16&".",""),IF($A16="S",G16&".",""))) -> 1.1.2. | L16: SINAPI | M16: 103689 | N16: =IF($A16="S",Referencia.Descricao,"(digite a descrição aqui)") -> FORNECIMENTO E INSTALAÇÃO DE PLACA DE OBRA COM CHAPA GALVANIZADA E ESTRUTURA DE MADEIRA. AF_03/2022_PS | O16: =Referencia.Unidade -> M2 | P16: =OFFSET(PLQ!$E$12,ROW($P16)-ROW(P$12),0) -> 2.88 | Q16: =Y16 -> 462.32 | R16: BDI 1 | S16: =IF($A16="S",IF($Q$10="Preço Unitário (R$)",PO.CustoUnitario,ROUND(PO.CustoUnitario*(1+$Z16),15-13*$X$6)),0) -> 559.82 | T16: =IF($A16="S",VTOTAL1,IF($A16=0,0,ROUND(SomaAgrup,15-13*$X$7))) -> 1612.28 | U16: =IF($J16="","",IF($N16="","DESCRIÇÃO",IF(AND($J16="Serviço",$O16=""),"UNIDADE",IF($T16<=0,"SEM VALOR",IF(AND($Y16<>"",$Q16>$Y16),"ACIMA REF.",""))))) | V16: =IF(OR($A16=0,$A16="S",$A16>CFF!$A$9),"",MAX(V$12:OFFSET(V16,-1,0))+1) | W16: =IF(AND($J16="Serviço",$M16<>""),IF($L16="",$M16,CONCATENATE($L16,"-",$M16))) -> SINAPI-103689 | X16: =IF(AND(Fonte<>"",Código<>""),MATCH(Fonte&" "&IF(Fonte="sinapi",SUBSTITUTE(SUBSTITUTE(Código,"/00","/"),"/0","/"),Código),INDIRECT("'[Referência "&_xlnm.Database&".xls]Banco'!$a:$a"),0),"X") -> 14888 | Y16: =IF(Import.Desoneracao="sim",Referencia.Desonerado,Referencia.NaoDesonerado) -> 462.32 | Z16: =ROUND(IF(ISNUMBER(R16),R16,IF(LEFT(R16,3)="BDI",HLOOKUP(R16,DADOS!$T$37:$X$38,2,FALSE),0)),15-11*$X$5) -> 0.2109
A17: =CHOOSE(1+LOG(1+2*(J17="Meta")+4*(J17="Nível 2")+8*(J17="Nível 3")+16*(J17="Nível 4")+32*(J17="Serviço"),2),0,1,2,3,4,"S") -> 2 | B17: =IF(OR(A17="S",A17=0),0,IF(ISERROR(I17),H17,SMALL(H17:I17,1))) -> 5 | C17: =IF($A17=1,OFFSET(C17,-1,0)+1,OFFSET(C17,-1,0)) -> 1 | D17: =IF($A17=1,0,IF($A17=2,OFFSET(D17,-1,0)+1,OFFSET(D17,-1,0))) -> 2 | E17: =IF(AND($A17<=2,$A17<>0),0,IF($A17=3,OFFSET(E17,-1,0)+1,OFFSET(E17,-1,0))) -> 0 | F17: =IF(AND($A17<=3,$A17<>0),0,IF($A17=4,OFFSET(F17,-1,0)+1,OFFSET(F17,-1,0))) -> 0 | G17: =IF(AND($A17<=4,$A17<>0),0,IF($A17="S",OFFSET(G17,-1,0)+1,OFFSET(G17,-1,0))) -> 0 | H17: =IF(OR($A17="S",$A17=0),0,MATCH(0,OFFSET($B17,1,$A17,ROW($A$96)-ROW($A17)),0)) -> 58 | I17: =IF(OR($A17="S",$A17=0),0,MATCH(OFFSET($B17,0,$A17)+1,OFFSET($B17,1,$A17,ROW($A$96)-ROW($A17)),0)) -> 5 | J17: Nível 2 | K17: =IF($A17=0,"-",CONCATENATE(C17&".",IF(AND($A$5>=2,$A17>=2),D17&".",""),IF(AND($A$5>=3,$A17>=3),E17&".",""),IF(AND($A$5>=4,$A17>=4),F17&".",""),IF($A17="S",G17&".",""))) -> 1.2. | N17: =IF($A17="S",Referencia.Descricao,"REFORMA FACHADAS") -> REFORMA FACHADAS | O17: =Referencia.Unidade | P17: =OFFSET(PLQ!$E$12,ROW($P17)-ROW(P$12),0) -> 0 | Q17: =Y17 -> 0 | R17: BDI 1 | S17: =IF($A17="S",IF($Q$10="Preço Unitário (R$)",PO.CustoUnitario,ROUND(PO.CustoUnitario*(1+$Z17),15-13*$X$6)),0) -> 0 | T17: =IF($A17="S",VTOTAL1,IF($A17=0,0,ROUND(SomaAgrup,15-13*$X$7))) -> 29052.44 | U17: =IF($J17="","",IF($N17="","DESCRIÇÃO",IF(AND($J17="Serviço",$O17=""),"UNIDADE",IF($T17<=0,"SEM VALOR",IF(AND($Y17<>"",$Q17>$Y17),"ACIMA REF.",""))))) | V17: =IF(OR($A17=0,$A17="S",$A17>CFF!$A$9),"",MAX(V$12:OFFSET(V17,-1,0))+1) -> 3 | W17: =IF(AND($J17="Serviço",$M17<>""),IF($L17="",$M17,CONCATENATE($L17,"-",$M17))) -> FALSE | X17: =IF(AND(Fonte<>"",Código<>""),MATCH(Fonte&" "&IF(Fonte="sinapi",SUBSTITUTE(SUBSTITUTE(Código,"/00","/"),"/0","/"),Código),INDIRECT("'[Referência "&_xlnm.Database&".xls]Banco'!$a:$a"),0),"X") -> X | Y17: =IF(Import.Desoneracao="sim",Referencia.Desonerado,Referencia.NaoDesonerado) -> 0 | Z17: =ROUND(IF(ISNUMBER(R17),R17,IF(LEFT(R17,3)="BDI",HLOOKUP(R17,DADOS!$T$37:$X$38,2,FALSE),0)),15-11*$X$5) -> 0.2109
A18: =CHOOSE(1+LOG(1+2*(J18="Meta")+4*(J18="Nível 2")+8*(J18="Nível 3")+16*(J18="Nível 4")+32*(J18="Serviço"),2),0,1,2,3,4,"S") -> S | B18: =IF(OR(A18="S",A18=0),0,IF(ISERROR(I18),H18,SMALL(H18:I18,1))) -> 0 | C18: =IF($A18=1,OFFSET(C18,-1,0)+1,OFFSET(C18,-1,0)) -> 1 | D18: =IF($A18=1,0,IF($A18=2,OFFSET(D18,-1,0)+1,OFFSET(D18,-1,0))) -> 2 | E18: =IF(AND($A18<=2,$A18<>0),0,IF($A18=3,OFFSET(E18,-1,0)+1,OFFSET(E18,-1,0))) -> 0 | F18: =IF(AND($A18<=3,$A18<>0),0,IF($A18=4,OFFSET(F18,-1,0)+1,OFFSET(F18,-1,0))) -> 0 | G18: =IF(AND($A18<=4,$A18<>0),0,IF($A18="S",OFFSET(G18,-1,0)+1,OFFSET(G18,-1,0))) -> 1 | H18: =IF(OR($A18="S",$A18=0),0,MATCH(0,OFFSET($B18,1,$A18,ROW($A$96)-ROW($A18)),0)) -> 0 | I18: =IF(OR($A18="S",$A18=0),0,MATCH(OFFSET($B18,0,$A18)+1,OFFSET($B18,1,$A18,ROW($A$96)-ROW($A18)),0)) -> 0 | J18: Serviço | K18: =IF($A18=0,"-",CONCATENATE(C18&".",IF(AND($A$5>=2,$A18>=2),D18&".",""),IF(AND($A$5>=3,$A18>=3),E18&".",""),IF(AND($A$5>=4,$A18>=4),F18&".",""),IF($A18="S",G18&".",""))) -> 1.2.1. | L18: SINAPI | M18: 87905 | N18: =IF($A18="S",Referencia.Descricao,"PINTURA DA QUADRA ESPORTIVA") -> CHAPISCO APLICADO EM ALVENARIA (COM PRESENÇA DE VÃOS) E ESTRUTURAS DE CONCRETO DE FACHADA, COM COLHER DE PEDREIRO. ARGAMASSA TRAÇO 1:3 COM PREPARO EM BETONEIRA 400L. AF_10/2022 | O18: =Referencia.Unidade -> M2 | P18: =OFFSET(PLQ!$E$12,ROW($P18)-ROW(P$12),0) -> 260.21 | Q18: =Y18 -> 8.86 | R18: BDI 1 | S18: =IF($A18="S",IF($Q$10="Preço Unitário (R$)",PO.CustoUnitario,ROUND(PO.CustoUnitario*(1+$Z18),15-13*$X$6)),0) -> 10.73 | T18: =IF($A18="S",VTOTAL1,IF($A18=0,0,ROUND(SomaAgrup,15-13*$X$7))) -> 2792.05 | U18: =IF($J18="","",IF($N18="","DESCRIÇÃO",IF(AND($J18="Serviço",$O18=""),"UNIDADE",IF($T18<=0,"SEM VALOR",IF(AND($Y18<>"",$Q18>$Y18),"ACIMA REF.",""))))) | V18: =IF(OR($A18=0,$A18="S",$A18>CFF!$A$9),"",MAX(V$12:OFFSET(V18,-1,0))+1) | W18: =IF(AND($J18="Serviço",$M18<>""),IF($L18="",$M18,CONCATENATE($L18,"-",$M18))) -> SINAPI-87905 | X18: =IF(AND(Fonte<>"",Código<>""),MATCH(Fonte&" "&IF(Fonte="sinapi",SUBSTITUTE(SUBSTITUTE(Código,"/00","/"),"/0","/"),Código),INDIRECT("'[Referência "&_xlnm.Database&".xls]Banco'!$a:$a"),0),"X") -> 7282 | Y18: =IF(Import.Desoneracao="sim",Referencia.Desonerado,Referencia.NaoDesonerado) -> 8.86 | Z18: =ROUND(IF(ISNUMBER(R18),R18,IF(LEFT(R18,3)="BDI",HLOOKUP(R18,DADOS!$T$37:$X$38,2,FALSE),0)),15-11*$X$5) -> 0.2109
A19: =CHOOSE(1+LOG(1+2*(J19="Meta")+4*(J19="Nível 2")+8*(J19="Nível 3")+16*(J19="Nível 4")+32*(J19="Serviço"),2),0,1,2,3,4,"S") -> S | B19: =IF(OR(A19="S",A19=0),0,IF(ISERROR(I19),H19,SMALL(H19:I19,1))) -> 0 | C19: =IF($A19=1,OFFSET(C19,-1,0)+1,OFFSET(C19,-1,0)) -> 1 | D19: =IF($A19=1,0,IF($A19=2,OFFSET(D19,-1,0)+1,OFFSET(D19,-1,0))) -> 2 | E19: =IF(AND($A19<=2,$A19<>0),0,IF($A19=3,OFFSET(E19,-1,0)+1,OFFSET(E19,-1,0))) -> 0 | F19: =IF(AND($A19<=3,$A19<>0),0,IF($A19=4,OFFSET(F19,-1,0)+1,OFFSET(F19,-1,0))) -> 0 | G19: =IF(AND($A19<=4,$A19<>0),0,IF($A19="S",OFFSET(G19,-1,0)+1,OFFSET(G19,-1,0))) -> 2 | H19: =IF(OR($A19="S",$A19=0),0,MATCH(0,OFFSET($B19,1,$A19,ROW($A$96)-ROW($A19)),0)) -> 0 | I19: =IF(OR($A19="S",$A19=0),0,MATCH(OFFSET($B19,0,$A19)+1,OFFSET($B19,1,$A19,ROW($A$96)-ROW($A19)),0)) -> 0 | J19: Serviço | K19: =IF($A19=0,"-",CONCATENATE(C19&".",IF(AND($A$5>=2,$A19>=2),D19&".",""),IF(AND($A$5>=3,$A19>=3),E19&".",""),IF(AND($A$5>=4,$A19>=4),F19&".",""),IF($A19="S",G19&".",""))) -> 1.2.2. | L19: SINAPI | M19: 87777 | N19: =IF($A19="S",Referencia.Descricao,"(digite a descrição aqui)") -> EMBOÇO OU MASSA ÚNICA EM ARGAMASSA TRAÇO 1:2:8, PREPARO MANUAL, APLICADA MANUALMENTE EM PANOS DE FACHADA COM PRESENÇA DE VÃOS, ESPESSURA DE 25 MM. AF_08/2022 | O19: =Referencia.Unidade -> M2 | P19: =OFFSET(PLQ!$E$12,ROW($P19)-ROW(P$12),0) -> 260.21 | Q19: =Y19 -> 62.1 | R19: BDI 1 | S19: =IF($A19="S",IF($Q$10="Preço Unitário (R$)",PO.CustoUnitario,ROUND(PO.CustoUnitario*(1+$Z19),15-13*$X$6)),0) -> 75.2 | T19: =IF($A19="S",VTOTAL1,IF($A19=0,0,ROUND(SomaAgrup,15-13*$X$7))) -> 19567.79 | U19: =IF($J19="","",IF($N19="","DESCRIÇÃO",IF(AND($J19="Serviço",$O19=""),"UNIDADE",IF($T19<=0,"SEM VALOR",IF(AND($Y19<>"",$Q19>$Y19),"ACIMA REF.",""))))) | V19: =IF(OR($A19=0,$A19="S",$A19>CFF!$A$9),"",MAX(V$12:OFFSET(V19,-1,0))+1) | W19: =IF(AND($J19="Serviço",$M19<>""),IF($L19="",$M19,CONCATENATE($L19,"-",$M19))) -> SINAPI-87777 | X19: =IF(AND(Fonte<>"",Código<>""),MATCH(Fonte&" "&IF(Fonte="sinapi",SUBSTITUTE(SUBSTITUTE(Código,"/00","/"),"/0","/"),Código),INDIRECT("'[Referência "&_xlnm.Database&".xls]Banco'!$a:$a"),0),"X") -> 13354 | Y19: =IF(Import.Desoneracao="sim",Referencia.Desonerado,Referencia.NaoDesonerado) -> 62.1 | Z19: =ROUND(IF(ISNUMBER(R19),R19,IF(LEFT(R19,3)="BDI",HLOOKUP(R19,DADOS!$T$37:$X$38,2,FALSE),0)),15-11*$X$5) -> 0.2109
A20: =CHOOSE(1+LOG(1+2*(J20="Meta")+4*(J20="Nível 2")+8*(J20="Nível 3")+16*(J20="Nível 4")+32*(J20="Serviço"),2),0,1,2,3,4,"S") -> S | B20: =IF(OR(A20="S",A20=0),0,IF(ISERROR(I20),H20,SMALL(H20:I20,1))) -> 0 | C20: =IF($A20=1,OFFSET(C20,-1,0)+1,OFFSET(C20,-1,0)) -> 1 | D20: =IF($A20=1,0,IF($A20=2,OFFSET(D20,-1,0)+1,OFFSET(D20,-1,0))) -> 2 | E20: =IF(AND($A20<=2,$A20<>0),0,IF($A20=3,OFFSET(E20,-1,0)+1,OFFSET(E20,-1,0))) -> 0 | F20: =IF(AND($A20<=3,$A20<>0),0,IF($A20=4,OFFSET(F20,-1,0)+1,OFFSET(F20,-1,0))) -> 0 | G20: =IF(AND($A20<=4,$A20<>0),0,IF($A20="S",OFFSET(G20,-1,0)+1,OFFSET(G20,-1,0))) -> 3 | H20: =IF(OR($A20="S",$A20=0),0,MATCH(0,OFFSET($B20,1,$A20,ROW($A$96)-ROW($A20)),0)) -> 0 | I20: =IF(OR($A20="S",$A20=0),0,MATCH(OFFSET($B20,0,$A20)+1,OFFSET($B20,1,$A20,ROW($A$96)-ROW($A20)),0)) -> 0 | J20: Serviço | K20: =IF($A20=0,"-",CONCATENATE(C20&".",IF(AND($A$5>=2,$A20>=2),D20&".",""),IF(AND($A$5>=3,$A20>=3),E20&".",""),IF(AND($A$5>=4,$A20>=4),F20&".",""),IF($A20="S",G20&".",""))) -> 1.2.3. | L20: SINAPI | M20: 88415 | N20: =IF($A20="S",Referencia.Descricao,"(digite a descrição aqui)") -> APLICAÇÃO MANUAL DE FUNDO SELADOR ACRÍLICO EM PAREDES EXTERNAS DE CASAS. AF_03/2024 | O20: =Referencia.Unidade -> M2 | P20: =OFFSET(PLQ!$E$12,ROW($P20)-ROW(P$12),0) -> 260.21 | Q20: =Y20 -> 4.3 | R20: BDI 1 | S20: =IF($A20="S",IF($Q$10="Preço Unitário (R$)",PO.CustoUnitario,ROUND(PO.CustoUnitario*(1+$Z20),15-13*$X$6)),0) -> 5.21 | T20: =IF($A20="S",VTOTAL1,IF($A20=0,0,ROUND(SomaAgrup,15-13*$X$7))) -> 1355.69 | U20: =IF($J20="","",IF($N20="","DESCRIÇÃO",IF(AND($J20="Serviço",$O20=""),"UNIDADE",IF($T20<=0,"SEM VALOR",IF(AND($Y20<>"",$Q20>$Y20),"ACIMA REF.",""))))) | V20: =IF(OR($A20=0,$A20="S",$A20>CFF!$A$9),"",MAX(V$12:OFFSET(V20,-1,0))+1) | W20: =IF(AND($J20="Serviço",$M20<>""),IF($L20="",$M20,CONCATENATE($L20,"-",$M20))) -> SINAPI-88415 | X20: =IF(AND(Fonte<>"",Código<>""),MATCH(Fonte&" "&IF(Fonte="sinapi",SUBSTITUTE(SUBSTITUTE(Código,"/00","/"),"/0","/"),Código),INDIRECT("'[Referência "&_xlnm.Database&".xls]Banco'!$a:$a"),0),"X") -> 13853 | Y20: =IF(Import.Desoneracao="sim",Referencia.Desonerado,Referencia.NaoDesonerado) -> 4.3 | Z20: =ROUND(IF(ISNUMBER(R20),R20,IF(LEFT(R20,3)="BDI",HLOOKUP(R20,DADOS!$T$37:$X$38,2,FALSE),0)),15-11*$X$5) -> 0.2109
A21: =CHOOSE(1+LOG(1+2*(J21="Meta")+4*(J21="Nível 2")+8*(J21="Nível 3")+16*(J21="Nível 4")+32*(J21="Serviço"),2),0,1,2,3,4,"S") -> S | B21: =IF(OR(A21="S",A21=0),0,IF(ISERROR(I21),H21,SMALL(H21:I21,1))) -> 0 | C21: =IF($A21=1,OFFSET(C21,-1,0)+1,OFFSET(C21,-1,0)) -> 1 | D21: =IF($A21=1,0,IF($A21=2,OFFSET(D21,-1,0)+1,OFFSET(D21,-1,0))) -> 2 | E21: =IF(AND($A21<=2,$A21<>0),0,IF($A21=3,OFFSET(E21,-1,0)+1,OFFSET(E21,-1,0))) -> 0 | F21: =IF(AND($A21<=3,$A21<>0),0,IF($A21=4,OFFSET(F21,-1,0)+1,OFFSET(F21,-1,0))) -> 0 | G21: =IF(AND($A21<=4,$A21<>0),0,IF($A21="S",OFFSET(G21,-1,0)+1,OFFSET(G21,-1,0))) -> 4 | H21: =IF(OR($A21="S",$A21=0),0,MATCH(0,OFFSET($B21,1,$A21,ROW($A$96)-ROW($A21)),0)) -> 0 | I21: =IF(OR($A21="S",$A21=0),0,MATCH(OFFSET($B21,0,$A21)+1,OFFSET($B21,1,$A21,ROW($A$96)-ROW($A21)),0)) -> 0 | J21: Serviço | K21: =IF($A21=0,"-",CONCATENATE(C21&".",IF(AND($A$5>=2,$A21>=2),D21&".",""),IF(AND($A$5>=3,$A21>=3),E21&".",""),IF(AND($A$5>=4,$A21>=4),F21&".",""),IF($A21="S",G21&".",""))) -> 1.2.4. | L21: SINAPI | M21: 95626 | N21: =IF($A21="S",Referencia.Descricao,"(digite a descrição aqui)") -> APLICAÇÃO MANUAL DE TINTA LÁTEX ACRÍLICA EM PAREDE EXTERNAS DE CASAS, DUAS DEMÃOS. AF_03/2024 | O21: =Referencia.Unidade -> M2 | P21: =OFFSET(PLQ!$E$12,ROW($P21)-ROW(P$12),0) -> 260.21 | Q21: =Y21 -> 16.94 | R21: BDI 1 | S21: =IF($A21="S",IF($Q$10="Preço Unitário (R$)",PO.CustoUnitario,ROUND(PO.CustoUnitario*(1+$Z21),15-13*$X$6)),0) -> 20.51 | T21: =IF($A21="S",VTOTAL1,IF($A21=0,0,ROUND(SomaAgrup,15-13*$X$7))) -> 5336.91 | U21: =IF($J21="","",IF($N21="","DESCRIÇÃO",IF(AND($J21="Serviço",$O21=""),"UNIDADE",IF($T21<=0,"SEM VALOR",IF(AND($Y21<>"",$Q21>$Y21),"ACIMA REF.",""))))) | V21: =IF(OR($A21=0,$A21="S",$A21>CFF!$A$9),"",MAX(V$12:OFFSET(V21,-1,0))+1) | W21: =IF(AND($J21="Serviço",$M21<>""),IF($L21="",$M21,CONCATENATE($L21,"-",$M21))) -> SINAPI-95626 | X21: =IF(AND(Fonte<>"",Código<>""),MATCH(Fonte&" "&IF(Fonte="sinapi",SUBSTITUTE(SUBSTITUTE(Código,"/00","/"),"/0","/"),Código),INDIRECT("'[Referência "&_xlnm.Database&".xls]Banco'!$a:$a"),0),"X") -> 13879 | Y21: =IF(Import.Desoneracao="sim",Referencia.Desonerado,Referencia.NaoDesonerado) -> 16.94 | Z21: =ROUND(IF(ISNUMBER(R21),R21,IF(LEFT(R21,3)="BDI",HLOOKUP(R21,DADOS!$T$37:$X$38,2,FALSE),0)),15-11*$X$5) -> 0.2109
A22: =CHOOSE(1+LOG(1+2*(J22="Meta")+4*(J22="Nível 2")+8*(J22="Nível 3")+16*(J22="Nível 4")+32*(J22="Serviço"),2),0,1,2,3,4,"S") -> 2 | B22: =IF(OR(A22="S",A22=0),0,IF(ISERROR(I22),H22,SMALL(H22:I22,1))) -> 11 | C22: =IF($A22=1,OFFSET(C22,-1,0)+1,OFFSET(C22,-1,0)) -> 1 | D22: =IF($A22=1,0,IF($A22=2,OFFSET(D22,-1,0)+1,OFFSET(D22,-1,0))) -> 3 | E22: =IF(AND($A22<=2,$A22<>0),0,IF($A22=3,OFFSET(E22,-1,0)+1,OFFSET(E22,-1,0))) -> 0 | F22: =IF(AND($A22<=3,$A22<>0),0,IF($A22=4,OFFSET(F22,-1,0)+1,OFFSET(F22,-1,0))) -> 0 | G22: =IF(AND($A22<=4,$A22<>0),0,IF($A22="S",OFFSET(G22,-1,0)+1,OFFSET(G22,-1,0))) -> 0 | H22: =IF(OR($A22="S",$A22=0),0,MATCH(0,OFFSET($B22,1,$A22,ROW($A$96)-ROW($A22)),0)) -> 53 | I22: =IF(OR($A22="S",$A22=0),0,MATCH(OFFSET($B22,0,$A22)+1,OFFSET($B22,1,$A22,ROW($A$96)-ROW($A22)),0)) -> 11 | J22: Nível 2 | K22: =IF($A22=0,"-",CONCATENATE(C22&".",IF(AND($A$5>=2,$A22>=2),D22&".",""),IF(AND($A$5>=3,$A22>=3),E22&".",""),IF(AND($A$5>=4,$A22>=4),F22&".",""),IF($A22="S",G22&".",""))) -> 1.3. | L22: SINAPI | N22: TELHADO, FORROS E BEIRAIS | O22: =Referencia.Unidade | P22: =OFFSET(PLQ!$E$12,ROW($P22)-ROW(P$12),0) -> 0 | R22: BDI 1 | S22: =IF($A22="S",IF($Q$10="Preço Unitário (R$)",PO.CustoUnitario,ROUND(PO.CustoUnitario*(1+$Z22),15-13*$X$6)),0) -> 0 | T22: =IF($A22="S",VTOTAL1,IF($A22=0,0,ROUND(SomaAgrup,15-13*$X$7))) -> 64480.38 | U22: =IF($J22="","",IF($N22="","DESCRIÇÃO",IF(AND($J22="Serviço",$O22=""),"UNIDADE",IF($T22<=0,"SEM VALOR",IF(AND($Y22<>"",$Q22>$Y22),"ACIMA REF.",""))))) | V22: =IF(OR($A22=0,$A22="S",$A22>CFF!$A$9),"",MAX(V$12:OFFSET(V22,-1,0))+1) -> 4 | W22: =IF(AND($J22="Serviço",$M22<>""),IF($L22="",$M22,CONCATENATE($L22,"-",$M22))) -> FALSE | X22: =IF(AND(Fonte<>"",Código<>""),MATCH(Fonte&" "&IF(Fonte="sinapi",SUBSTITUTE(SUBSTITUTE(Código,"/00","/"),"/0","/"),Código),INDIRECT("'[Referência "&_xlnm.Database&".xls]Banco'!$a:$a"),0),"X") -> X | Y22: =IF(Import.Desoneracao="sim",Referencia.Desonerado,Referencia.NaoDesonerado) -> 0 | Z22: =ROUND(IF(ISNUMBER(R22),R22,IF(LEFT(R22,3)="BDI",HLOOKUP(R22,DADOS!$T$37:$X$38,2,FALSE),0)),15-11*$X$5) -> 0.2109
A23: =CHOOSE(1+LOG(1+2*(J23="Meta")+4*(J23="Nível 2")+8*(J23="Nível 3")+16*(J23="Nível 4")+32*(J23="Serviço"),2),0,1,2,3,4,"S") -> S | B23: =IF(OR(A23="S",A23=0),0,IF(ISERROR(I23),H23,SMALL(H23:I23,1))) -> 0 | C23: =IF($A23=1,OFFSET(C23,-1,0)+1,OFFSET(C23,-1,0)) -> 1 | D23: =IF($A23=1,0,IF($A23=2,OFFSET(D23,-1,0)+1,OFFSET(D23,-1,0))) -> 3 | E23: =IF(AND($A23<=2,$A23<>0),0,IF($A23=3,OFFSET(E23,-1,0)+1,OFFSET(E23,-1,0))) -> 0 | F23: =IF(AND($A23<=3,$A23<>0),0,IF($A23=4,OFFSET(F23,-1,0)+1,OFFSET(F23,-1,0))) -> 0 | G23: =IF(AND($A23<=4,$A23<>0),0,IF($A23="S",OFFSET(G23,-1,0)+1,OFFSET(G23,-1,0))) -> 1 | H23: =IF(OR($A23="S",$A23=0),0,MATCH(0,OFFSET($B23,1,$A23,ROW($A$96)-ROW($A23)),0)) -> 0 | I23: =IF(OR($A23="S",$A23=0),0,MATCH(OFFSET($B23,0,$A23)+1,OFFSET($B23,1,$A23,ROW($A$96)-ROW($A23)),0)) -> 0 | J23: Serviço | K23: =IF($A23=0,"-",CONCATENATE(C23&".",IF(AND($A$5>=2,$A23>=2),D23&".",""),IF(AND($A$5>=3,$A23>=3),E23&".",""),IF(AND($A$5>=4,$A23>=4),F23&".",""),IF($A23="S",G23&".",""))) -> 1.3.1. | L23: COMPOSIÇÃO | M23: 01 | N23: =IF($A23="S",Referencia.Descricao,"(digite a descrição aqui)") -> COLOCAÇÃO DE FORRO DE PVC EM PLACAS 618 X 1243 X 10mm, PARA AMBIENTES COMERCIAIS, COR BRANCA, INCLUSIVE ESTRUTURA BIDERECIONAL DE FIXAÇÃO (SEM FORNECIMENTO DO FORRO) REF. (SINAPI 96486) | O23: =Referencia.Unidade -> M2 | P23: =OFFSET(PLQ!$E$12,ROW($P23)-ROW(P$12),0) -> 76.79 | Q23: =Y23 -> 44.9 | R23: BDI 1 | S23: =IF($A23="S",IF($Q$10="Preço Unitário (R$)",PO.CustoUnitario,ROUND(PO.CustoUnitario*(1+$Z23),15-13*$X$6)),0) -> 54.37 | T23: =IF($A23="S",VTOTAL1,IF($A23=0,0,ROUND(SomaAgrup,15-13*$X$7))) -> 4175.07 | U23: =IF($J23="","",IF($N23="","DESCRIÇÃO",IF(AND($J23="Serviço",$O23=""),"UNIDADE",IF($T23<=0,"SEM VALOR",IF(AND($Y23<>"",$Q23>$Y23),"ACIMA REF.",""))))) | V23: =IF(OR($A23=0,$A23="S",$A23>CFF!$A$9),"",MAX(V$12:OFFSET(V23,-1,0))+1) | W23: =IF(AND($J23="Serviço",$M23<>""),IF($L23="",$M23,CONCATENATE($L23,"-",$M23))) -> COMPOSIÇÃO-01 | X23: =IF(AND(Fonte<>"",Código<>""),MATCH(Fonte&" "&IF(Fonte="sinapi",SUBSTITUTE(SUBSTITUTE(Código,"/00","/"),"/0","/"),Código),INDIRECT("'[Referência "&_xlnm.Database&".xls]Banco'!$a:$a"),0),"X") -> 7 | Y23: =IF(Import.Desoneracao="sim",Referencia.Desonerado,Referencia.NaoDesonerado) -> 44.9 | Z23: =ROUND(IF(ISNUMBER(R23),R23,IF(LEFT(R23,3)="BDI",HLOOKUP(R23,DADOS!$T$37:$X$38,2,FALSE),0)),15-11*$X$5) -> 0.2109
A24: =CHOOSE(1+LOG(1+2*(J24="Meta")+4*(J24="Nível 2")+8*(J24="Nível 3")+16*(J24="Nível 4")+32*(J24="Serviço"),2),0,1,2,3,4,"S") -> S | B24: =IF(OR(A24="S",A24=0),0,IF(ISERROR(I24),H24,SMALL(H24:I24,1))) -> 0 | C24: =IF($A24=1,OFFSET(C24,-1,0)+1,OFFSET(C24,-1,0)) -> 1 | D24: =IF($A24=1,0,IF($A24=2,OFFSET(D24,-1,0)+1,OFFSET(D24,-1,0))) -> 3 | E24: =IF(AND($A24<=2,$A24<>0),0,IF($A24=3,OFFSET(E24,-1,0)+1,OFFSET(E24,-1,0))) -> 0 | F24: =IF(AND($A24<=3,$A24<>0),0,IF($A24=4,OFFSET(F24,-1,0)+1,OFFSET(F24,-1,0))) -> 0 | G24: =IF(AND($A24<=4,$A24<>0),0,IF($A24="S",OFFSET(G24,-1,0)+1,OFFSET(G24,-1,0))) -> 2 | H24: =IF(OR($A24="S",$A24=0),0,MATCH(0,OFFSET($B24,1,$A24,ROW($A$96)-ROW($A24)),0)) -> 0 | I24: =IF(OR($A24="S",$A24=0),0,MATCH(OFFSET($B24,0,$A24)+1,OFFSET($B24,1,$A24,ROW($A$96)-ROW($A24)),0)) -> 0 | J24: Serviço | K24: =IF($A24=0,"-",CONCATENATE(C24&".",IF(AND($A$5>=2,$A24>=2),D24&".",""),IF(AND($A$5>=3,$A24>=3),E24&".",""),IF(AND($A$5>=4,$A24>=4),F24&".",""),IF($A24="S",G24&".",""))) -> 1.3.2. | L24: SINAPI | M24: 96486 | N24: =IF($A24="S",Referencia.Descricao,"(digite a descrição aqui)") -> FORRO EM RÉGUAS DE PVC, LISO, PARA AMBIENTES COMERCIAIS, INCLUSIVE ESTRUTURA BIDIRECIONAL DE FIXAÇÃO. AF_08/2023_PS | O24: =Referencia.Unidade -> M2 | P24: =OFFSET(PLQ!$E$12,ROW($P24)-ROW(P$12),0) -> 274.14 | Q24: =Y24 -> 95.01 | R24: BDI 1 | S24: =IF($A24="S",IF($Q$10="Preço Unitário (R$)",PO.CustoUnitario,ROUND(PO.CustoUnitario*(1+$Z24),15-13*$X$6)),0) -> 115.05 | T24: =IF($A24="S",VTOTAL1,IF($A24=0,0,ROUND(SomaAgrup,15-13*$X$7))) -> 31539.81 | U24: =IF($J24="","",IF($N24="","DESCRIÇÃO",IF(AND($J24="Serviço",$O24=""),"UNIDADE",IF($T24<=0,"SEM VALOR",IF(AND($Y24<>"",$Q24>$Y24),"ACIMA REF.",""))))) | V24: =IF(OR($A24=0,$A24="S",$A24>CFF!$A$9),"",MAX(V$12:OFFSET(V24,-1,0))+1) | W24: =IF(AND($J24="Serviço",$M24<>""),IF($L24="",$M24,CONCATENATE($L24,"-",$M24))) -> SINAPI-96486 | X24: =IF(AND(Fonte<>"",Código<>""),MATCH(Fonte&" "&IF(Fonte="sinapi",SUBSTITUTE(SUBSTITUTE(Código,"/00","/"),"/0","/"),Código),INDIRECT("'[Referência "&_xlnm.Database&".xls]Banco'!$a:$a"),0),"X") -> 9938 | Y24: =IF(Import.Desoneracao="sim",Referencia.Desonerado,Referencia.NaoDesonerado) -> 95.01 | Z24: =ROUND(IF(ISNUMBER(R24),R24,IF(LEFT(R24,3)="BDI",HLOOKUP(R24,DADOS!$T$37:$X$38,2,FALSE),0)),15-11*$X$5) -> 0.2109
A25: =CHOOSE(1+LOG(1+2*(J25="Meta")+4*(J25="Nível 2")+8*(J25="Nível 3")+16*(J25="Nível 4")+32*(J25="Serviço"),2),0,1,2,3,4,"S") -> S | B25: =IF(OR(A25="S",A25=0),0,IF(ISERROR(I25),H25,SMALL(H25:I25,1))) -> 0 | C25: =IF($A25=1,OFFSET(C25,-1,0)+1,OFFSET(C25,-1,0)) -> 1 | D25: =IF($A25=1,0,IF($A25=2,OFFSET(D25,-1,0)+1,OFFSET(D25,-1,0))) -> 3 | E25: =IF(AND($A25<=2,$A25<>0),0,IF($A25=3,OFFSET(E25,-1,0)+1,OFFSET(E25,-1,0))) -> 0 | F25: =IF(AND($A25<=3,$A25<>0),0,IF($A25=4,OFFSET(F25,-1,0)+1,OFFSET(F25,-1,0))) -> 0 | G25: =IF(AND($A25<=4,$A25<>0),0,IF($A25="S",OFFSET(G25,-1,0)+1,OFFSET(G25,-1,0))) -> 3 | H25: =IF(OR($A25="S",$A25=0),0,MATCH(0,OFFSET($B25,1,$A25,ROW($A$96)-ROW($A25)),0)) -> 0 | I25: =IF(OR($A25="S",$A25=0),0,MATCH(OFFSET($B25,0,$A25)+1,OFFSET($B25,1,$A25,ROW($A$96)-ROW($A25)),0)) -> 0 | J25: Serviço | K25: =IF($A25=0,"-",CONCATENATE(C25&".",IF(AND($A$5>=2,$A25>=2),D25&".",""),IF(AND($A$5>=3,$A25>=3),E25&".",""),IF(AND($A$5>=4,$A25>=4),F25&".",""),IF($A25="S",G25&".",""))) -> 1.3.3. | L25: SINAPI | M25: 96116 | N25: =IF($A25="S",Referencia.Descricao,"(digite a descrição aqui)") -> FORRO EM RÉGUAS DE PVC, FRISADO, PARA AMBIENTES COMERCIAIS, INCLUSIVE ESTRUTURA BIDIRECIONAL DE FIXAÇÃO. AF_08/2023_PS | O25: =Referencia.Unidade -> M2 | P25: =OFFSET(PLQ!$E$12,ROW($P25)-ROW(P$12),0) -> 34 | Q25: =Y25 -> 80.93 | R25: BDI 1 | S25: =IF($A25="S",IF($Q$10="Preço Unitário (R$)",PO.CustoUnitario,ROUND(PO.CustoUnitario*(1+$Z25),15-13*$X$6)),0) -> 98 | T25: =IF($A25="S",VTOTAL1,IF($A25=0,0,ROUND(SomaAgrup,15-13*$X$7))) -> 3332 | U25: =IF($J25="","",IF($N25="","DESCRIÇÃO",IF(AND($J25="Serviço",$O25=""),"UNIDADE",IF($T25<=0,"SEM VALOR",IF(AND($Y25<>"",$Q25>$Y25),"ACIMA REF.",""))))) | V25: =IF(OR($A25=0,$A25="S",$A25>CFF!$A$9),"",MAX(V$12:OFFSET(V25,-1,0))+1) | W25: =IF(AND($J25="Serviço",$M25<>""),IF($L25="",$M25,CONCATENATE($L25,"-",$M25))) -> SINAPI-96116 | X25: =IF(AND(Fonte<>"",Código<>""),MATCH(Fonte&" "&IF(Fonte="sinapi",SUBSTITUTE(SUBSTITUTE(Código,"/00","/"),"/0","/"),Código),INDIRECT("'[Referência "&_xlnm.Database&".xls]Banco'!$a:$a"),0),"X") -> 9936 | Y25: =IF(Import.Desoneracao="sim",Referencia.Desonerado,Referencia.NaoDesonerado) -> 80.93 | Z25: =ROUND(IF(ISNUMBER(R25),R25,IF(LEFT(R25,3)="BDI",HLOOKUP(R25,DADOS!$T$37:$X$38,2,FALSE),0)),15-11*$X$5) -> 0.2109
A26: =CHOOSE(1+LOG(1+2*(J26="Meta")+4*(J26="Nível 2")+8*(J26="Nível 3")+16*(J26="Nível 4")+32*(J26="Serviço"),2),0,1,2,3,4,"S") -> S | B26: =IF(OR(A26="S",A26=0),0,IF(ISERROR(I26),H26,SMALL(H26:I26,1))) -> 0 | C26: =IF($A26=1,OFFSET(C26,-1,0)+1,OFFSET(C26,-1,0)) -> 1 | D26: =IF($A26=1,0,IF($A26=2,OFFSET(D26,-1,0)+1,OFFSET(D26,-1,0))) -> 3 | E26: =IF(AND($A26<=2,$A26<>0),0,IF($A26=3,OFFSET(E26,-1,0)+1,OFFSET(E26,-1,0))) -> 0 | F26: =IF(AND($A26<=3,$A26<>0),0,IF($A26=4,OFFSET(F26,-1,0)+1,OFFSET(F26,-1,0))) -> 0 | G26: =IF(AND($A26<=4,$A26<>0),0,IF($A26="S",OFFSET(G26,-1,0)+1,OFFSET(G26,-1,0))) -> 4 | H26: =IF(OR($A26="S",$A26=0),0,MATCH(0,OFFSET($B26,1,$A26,ROW($A$96)-ROW($A26)),0)) -> 0 | I26: =IF(OR($A26="S",$A26=0),0,MATCH(OFFSET($B26,0,$A26)+1,OFFSET($B26,1,$A26,ROW($A$96)-ROW($A26)),0)) -> 0 | J26: Serviço | K26: =IF($A26=0,"-",CONCATENATE(C26&".",IF(AND($A$5>=2,$A26>=2),D26&".",""),IF(AND($A$5>=3,$A26>=3),E26&".",""),IF(AND($A$5>=4,$A26>=4),F26&".",""),IF($A26="S",G26&".",""))) -> 1.3.4. | L26: COMPOSIÇÃO | M26: 16 | N26: =IF($A26="S",Referencia.Descricao,"(digite a descrição aqui)") -> INSTALAÇÃO DE TESOURA (INTEIRA OU MEIA), BIAPOIADA, PARA VÃOS MAIORES OU IGUAIS A 6,0 M E MENORES QUE 8,0 M, INCLUSO IÇAMENTO. AF_07/2019 (SEM FORNECIMENTO DA TESOURA) | O26: =Referencia.Unidade -> UNIDADE | P26: =OFFSET(PLQ!$E$12,ROW($P26)-ROW(P$12),0) -> 10 | Q26: =Y26 -> 297.75 | R26: BDI 1 | S26: =IF($A26="S",IF($Q$10="Preço Unitário (R$)",PO.CustoUnitario,ROUND(PO.CustoUnitario*(1+$Z26),15-13*$X$6)),0) -> 360.55 | T26: =IF($A26="S",VTOTAL1,IF($A26=0,0,ROUND(SomaAgrup,15-13*$X$7))) -> 3605.5 | U26: =IF($J26="","",IF($N26="","DESCRIÇÃO",IF(AND($J26="Serviço",$O26=""),"UNIDADE",IF($T26<=0,"SEM VALOR",IF(AND($Y26<>"",$Q26>$Y26),"ACIMA REF.",""))))) | V26: =IF(OR($A26=0,$A26="S",$A26>CFF!$A$9),"",MAX(V$12:OFFSET(V26,-1,0))+1) | W26: =IF(AND($J26="Serviço",$M26<>""),IF($L26="",$M26,CONCATENATE($L26,"-",$M26))) -> COMPOSIÇÃO-16 | X26: =IF(AND(Fonte<>"",Código<>""),MATCH(Fonte&" "&IF(Fonte="sinapi",SUBSTITUTE(SUBSTITUTE(Código,"/00","/"),"/0","/"),Código),INDIRECT("'[Referência "&_xlnm.Database&".xls]Banco'!$a:$a"),0),"X") -> 21 | Y26: =IF(Import.Desoneracao="sim",Referencia.Desonerado,Referencia.NaoDesonerado) -> 297.75 | Z26: =ROUND(IF(ISNUMBER(R26),R26,IF(LEFT(R26,3)="BDI",HLOOKUP(R26,DADOS!$T$37:$X$38,2,FALSE),0)),15-11*$X$5) -> 0.2109
A27: =CHOOSE(1+LOG(1+2*(J27="Meta")+4*(J27="Nível 2")+8*(J27="Nível 3")+16*(J27="Nível 4")+32*(J27="Serviço"),2),0,1,2,3,4,"S") -> S | B27: =IF(OR(A27="S",A27=0),0,IF(ISERROR(I27),H27,SMALL(H27:I27,1))) -> 0 | C27: =IF($A27=1,OFFSET(C27,-1,0)+1,OFFSET(C27,-1,0)) -> 1 | D27: =IF($A27=1,0,IF($A27=2,OFFSET(D27,-1,0)+1,OFFSET(D27,-1,0))) -> 3 | E27: =IF(AND($A27<=2,$A27<>0),0,IF($A27=3,OFFSET(E27,-1,0)+1,OFFSET(E27,-1,0))) -> 0 | F27: =IF(AND($A27<=3,$A27<>0),0,IF($A27=4,OFFSET(F27,-1,0)+1,OFFSET(F27,-1,0))) -> 0 | G27: =IF(AND($A27<=4,$A27<>0),0,IF($A27="S",OFFSET(G27,-1,0)+1,OFFSET(G27,-1,0))) -> 5 | H27: =IF(OR($A27="S",$A27=0),0,MATCH(0,OFFSET($B27,1,$A27,ROW($A$96)-ROW($A27)),0)) -> 0 | I27: =IF(OR($A27="S",$A27=0),0,MATCH(OFFSET($B27,0,$A27)+1,OFFSET($B27,1,$A27,ROW($A$96)-ROW($A27)),0)) -> 0 | J27: Serviço | K27: =IF($A27=0,"-",CONCATENATE(C27&".",IF(AND($A$5>=2,$A27>=2),D27&".",""),IF(AND($A$5>=3,$A27>=3),E27&".",""),IF(AND($A$5>=4,$A27>=4),F27&".",""),IF($A27="S",G27&".",""))) -> 1.3.5. | L27: SINAPI | M27: 92543 | N27: =IF($A27="S",Referencia.Descricao,"(digite a descrição aqui)") -> TRAMA DE MADEIRA COMPOSTA POR TERÇAS PARA TELHADOS DE ATÉ 2 ÁGUAS PARA TELHA ONDULADA DE FIBROCIMENTO, METÁLICA, PLÁSTICA OU TERMOACÚSTICA, INCLUSO TRANSPORTE VERTICAL. AF_07/2019 | O27: =Referencia.Unidade -> M2 | P27: =OFFSET(PLQ!$E$12,ROW($P27)-ROW(P$12),0) -> 111.27 | Q27: =Y27 -> 22.68 | R27: BDI 1 | S27: =IF($A27="S",IF($Q$10="Preço Unitário (R$)",PO.CustoUnitario,ROUND(PO.CustoUnitario*(1+$Z27),15-13*$X$6)),0) -> 27.46 | T27: =IF($A27="S",VTOTAL1,IF($A27=0,0,ROUND(SomaAgrup,15-13*$X$7))) -> 3055.47 | U27: =IF($J27="","",IF($N27="","DESCRIÇÃO",IF(AND($J27="Serviço",$O27=""),"UNIDADE",IF($T27<=0,"SEM VALOR",IF(AND($Y27<>"",$Q27>$Y27),"ACIMA REF.",""))))) | V27: =IF(OR($A27=0,$A27="S",$A27>CFF!$A$9),"",MAX(V$12:OFFSET(V27,-1,0))+1) | W27: =IF(AND($J27="Serviço",$M27<>""),IF($L27="",$M27,CONCATENATE($L27,"-",$M27))) -> SINAPI-92543 | X27: =IF(AND(Fonte<>"",Código<>""),MATCH(Fonte&" "&IF(Fonte="sinapi",SUBSTITUTE(SUBSTITUTE(Código,"/00","/"),"/0","/"),Código),INDIRECT("'[Referência "&_xlnm.Database&".xls]Banco'!$a:$a"),0),"X") -> 9746 | Y27: =IF(Import.Desoneracao="sim",Referencia.Desonerado,Referencia.NaoDesonerado) -> 22.68 | Z27: =ROUND(IF(ISNUMBER(R27),R27,IF(LEFT(R27,3)="BDI",HLOOKUP(R27,DADOS!$T$37:$X$38,2,FALSE),0)),15-11*$X$5) -> 0.2109
A28: =CHOOSE(1+LOG(1+2*(J28="Meta")+4*(J28="Nível 2")+8*(J28="Nível 3")+16*(J28="Nível 4")+32*(J28="Serviço"),2),0,1,2,3,4,"S") -> S | B28: =IF(OR(A28="S",A28=0),0,IF(ISERROR(I28),H28,SMALL(H28:I28,1))) -> 0 | C28: =IF($A28=1,OFFSET(C28,-1,0)+1,OFFSET(C28,-1,0)) -> 1 | D28: =IF($A28=1,0,IF($A28=2,OFFSET(D28,-1,0)+1,OFFSET(D28,-1,0))) -> 3 | E28: =IF(AND($A28<=2,$A28<>0),0,IF($A28=3,OFFSET(E28,-1,0)+1,OFFSET(E28,-1,0))) -> 0 | F28: =IF(AND($A28<=3,$A28<>0),0,IF($A28=4,OFFSET(F28,-1,0)+1,OFFSET(F28,-1,0))) -> 0 | G28: =IF(AND($A28<=4,$A28<>0),0,IF($A28="S",OFFSET(G28,-1,0)+1,OFFSET(G28,-1,0))) -> 6 | H28: =IF(OR($A28="S",$A28=0),0,MATCH(0,OFFSET($B28,1,$A28,ROW($A$96)-ROW($A28)),0)) -> 0 | I28: =IF(OR($A28="S",$A28=0),0,MATCH(OFFSET($B28,0,$A28)+1,OFFSET($B28,1,$A28,ROW($A$96)-ROW($A28)),0)) -> 0 | J28: Serviço | K28: =IF($A28=0,"-",CONCATENATE(C28&".",IF(AND($A$5>=2,$A28>=2),D28&".",""),IF(AND($A$5>=3,$A28>=3),E28&".",""),IF(AND($A$5>=4,$A28>=4),F28&".",""),IF($A28="S",G28&".",""))) -> 1.3.6. | L28: SINAPI | M28: 94213 | N28: =IF($A28="S",Referencia.Descricao,"(digite a descrição aqui)") -> TELHAMENTO COM TELHA DE AÇO/ALUMÍNIO E = 0,5 MM, COM ATÉ 2 ÁGUAS, INCLUSO IÇAMENTO. AF_07/2019 | O28: =Referencia.Unidade -> M2 | P28: =OFFSET(PLQ!$E$12,ROW($P28)-ROW(P$12),0) -> 111.27 | Q28: =Y28 -> 61.07 | R28: BDI 1 | S28: =IF($A28="S",IF($Q$10="Preço Unitário (R$)",PO.CustoUnitario,ROUND(PO.CustoUnitario*(1+$Z28),15-13*$X$6)),0) -> 73.95 | T28: =IF($A28="S",VTOTAL1,IF($A28=0,0,ROUND(SomaAgrup,15-13*$X$7))) -> 8228.42 | U28: =IF($J28="","",IF($N28="","DESCRIÇÃO",IF(AND($J28="Serviço",$O28=""),"UNIDADE",IF($T28<=0,"SEM VALOR",IF(AND($Y28<>"",$Q28>$Y28),"ACIMA REF.",""))))) | V28: =IF(OR($A28=0,$A28="S",$A28>CFF!$A$9),"",MAX(V$12:OFFSET(V28,-1,0))+1) | W28: =IF(AND($J28="Serviço",$M28<>""),IF($L28="",$M28,CONCATENATE($L28,"-",$M28))) -> SINAPI-94213 | X28: =IF(AND(Fonte<>"",Código<>""),MATCH(Fonte&" "&IF(Fonte="sinapi",SUBSTITUTE(SUBSTITUTE(Código,"/00","/"),"/0","/"),Código),INDIRECT("'[Referência "&_xlnm.Database&".xls]Banco'!$a:$a"),0),"X") -> 15077 | Y28: =IF(Import.Desoneracao="sim",Referencia.Desonerado,Referencia.NaoDesonerado) -> 61.07 | Z28: =ROUND(IF(ISNUMBER(R28),R28,IF(LEFT(R28,3)="BDI",HLOOKUP(R28,DADOS!$T$37:$X$38,2,FALSE),0)),15-11*$X$5) -> 0.2109
A29: =CHOOSE(1+LOG(1+2*(J29="Meta")+4*(J29="Nível 2")+8*(J29="Nível 3")+16*(J29="Nível 4")+32*(J29="Serviço"),2),0,1,2,3,4,"S") -> S | B29: =IF(OR(A29="S",A29=0),0,IF(ISERROR(I29),H29,SMALL(H29:I29,1))) -> 0 | C29: =IF($A29=1,OFFSET(C29,-1,0)+1,OFFSET(C29,-1,0)) -> 1 | D29: =IF($A29=1,0,IF($A29=2,OFFSET(D29,-1,0)+1,OFFSET(D29,-1,0))) -> 3 | E29: =IF(AND($A29<=2,$A29<>0),0,IF($A29=3,OFFSET(E29,-1,0)+1,OFFSET(E29,-1,0))) -> 0 | F29: =IF(AND($A29<=3,$A29<>0),0,IF($A29=4,OFFSET(F29,-1,0)+1,OFFSET(F29,-1,0))) -> 0 | G29: =IF(AND($A29<=4,$A29<>0),0,IF($A29="S",OFFSET(G29,-1,0)+1,OFFSET(G29,-1,0))) -> 7 | H29: =IF(OR($A29="S",$A29=0),0,MATCH(0,OFFSET($B29,1,$A29,ROW($A$96)-ROW($A29)),0)) -> 0 | I29: =IF(OR($A29="S",$A29=0),0,MATCH(OFFSET($B29,0,$A29)+1,OFFSET($B29,1,$A29,ROW($A$96)-ROW($A29)),0)) -> 0 | J29: Serviço | K29: =IF($A29=0,"-",CONCATENATE(C29&".",IF(AND($A$5>=2,$A29>=2),D29&".",""),IF(AND($A$5>=3,$A29>=3),E29&".",""),IF(AND($A$5>=4,$A29>=4),F29&".",""),IF($A29="S",G29&".",""))) -> 1.3.7. | L29: SINAPI | M29: 100327 | N29: =IF($A29="S",Referencia.Descricao,"(digite a descrição aqui)") -> RUFO EXTERNO/INTERNO EM CHAPA DE AÇO GALVANIZADO NÚMERO 26, CORTE DE 33 CM, INCLUSO IÇAMENTO. AF_07/2019 | O29: =Referencia.Unidade -> M | P29: =OFFSET(PLQ!$E$12,ROW($P29)-ROW(P$12),0) -> 13.17 | Q29: =Y29 -> 67.62 | R29: BDI 1 | S29: =IF($A29="S",IF($Q$10="Preço Unitário (R$)",PO.CustoUnitario,ROUND(PO.CustoUnitario*(1+$Z29),15-13*$X$6)),0) -> 81.88 | T29: =IF($A29="S",VTOTAL1,IF($A29=0,0,ROUND(SomaAgrup,15-13*$X$7))) -> 1078.36 | U29: =IF($J29="","",IF($N29="","DESCRIÇÃO",IF(AND($J29="Serviço",$O29=""),"UNIDADE",IF($T29<=0,"SEM VALOR",IF(AND($Y29<>"",$Q29>$Y29),"ACIMA REF.",""))))) | V29: =IF(OR($A29=0,$A29="S",$A29>CFF!$A$9),"",MAX(V$12:OFFSET(V29,-1,0))+1) | W29: =IF(AND($J29="Serviço",$M29<>""),IF($L29="",$M29,CONCATENATE($L29,"-",$M29))) -> SINAPI-100327 | X29: =IF(AND(Fonte<>"",Código<>""),MATCH(Fonte&" "&IF(Fonte="sinapi",SUBSTITUTE(SUBSTITUTE(Código,"/00","/"),"/0","/"),Código),INDIRECT("'[Referência "&_xlnm.Database&".xls]Banco'!$a:$a"),0),"X") -> 15063 | Y29: =IF(Import.Desoneracao="sim",Referencia.Desonerado,Referencia.NaoDesonerado) -> 67.62 | Z29: =ROUND(IF(ISNUMBER(R29),R29,IF(LEFT(R29,3)="BDI",HLOOKUP(R29,DADOS!$T$37:$X$38,2,FALSE),0)),15-11*$X$5) -> 0.2109
A30: =CHOOSE(1+LOG(1+2*(J30="Meta")+4*(J30="Nível 2")+8*(J30="Nível 3")+16*(J30="Nível 4")+32*(J30="Serviço"),2),0,1,2,3,4,"S") -> S | B30: =IF(OR(A30="S",A30=0),0,IF(ISERROR(I30),H30,SMALL(H30:I30,1))) -> 0 | C30: =IF($A30=1,OFFSET(C30,-1,0)+1,OFFSET(C30,-1,0)) -> 1 | D30: =IF($A30=1,0,IF($A30=2,OFFSET(D30,-1,0)+1,OFFSET(D30,-1,0))) -> 3 | E30: =IF(AND($A30<=2,$A30<>0),0,IF($A30=3,OFFSET(E30,-1,0)+1,OFFSET(E30,-1,0))) -> 0 | F30: =IF(AND($A30<=3,$A30<>0),0,IF($A30=4,OFFSET(F30,-1,0)+1,OFFSET(F30,-1,0))) -> 0 | G30: =IF(AND($A30<=4,$A30<>0),0,IF($A30="S",OFFSET(G30,-1,0)+1,OFFSET(G30,-1,0))) -> 8 | H30: =IF(OR($A30="S",$A30=0),0,MATCH(0,OFFSET($B30,1,$A30,ROW($A$96)-ROW($A30)),0)) -> 0 | I30: =IF(OR($A30="S",$A30=0),0,MATCH(OFFSET($B30,0,$A30)+1,OFFSET($B30,1,$A30,ROW($A$96)-ROW($A30)),0)) -> 0 | J30: Serviço | K30: =IF($A30=0,"-",CONCATENATE(C30&".",IF(AND($A$5>=2,$A30>=2),D30&".",""),IF(AND($A$5>=3,$A30>=3),E30&".",""),IF(AND($A$5>=4,$A30>=4),F30&".",""),IF($A30="S",G30&".",""))) -> 1.3.8. | L30: SINAPI | M30: 100327 | N30: =IF($A30="S",Referencia.Descricao,"(digite a descrição aqui)") -> RUFO EXTERNO/INTERNO EM CHAPA DE AÇO GALVANIZADO NÚMERO 26, CORTE DE 33 CM, INCLUSO IÇAMENTO. AF_07/2019 | O30: =Referencia.Unidade -> M | P30: =OFFSET(PLQ!$E$12,ROW($P30)-ROW(P$12),0) -> 28.68 | Q30: =Y30 -> 67.62 | R30: BDI 1 | S30: =IF($A30="S",IF($Q$10="Preço Unitário (R$)",PO.CustoUnitario,ROUND(PO.CustoUnitario*(1+$Z30),15-13*$X$6)),0) -> 81.88 | T30: =IF($A30="S",VTOTAL1,IF($A30=0,0,ROUND(SomaAgrup,15-13*$X$7))) -> 2348.32 | U30: =IF($J30="","",IF($N30="","DESCRIÇÃO",IF(AND($J30="Serviço",$O30=""),"UNIDADE",IF($T30<=0,"SEM VALOR",IF(AND($Y30<>"",$Q30>$Y30),"ACIMA REF.",""))))) | V30: =IF(OR($A30=0,$A30="S",$A30>CFF!$A$9),"",MAX(V$12:OFFSET(V30,-1,0))+1) | W30: =IF(AND($J30="Serviço",$M30<>""),IF($L30="",$M30,CONCATENATE($L30,"-",$M30))) -> SINAPI-100327 | X30: =IF(AND(Fonte<>"",Código<>""),MATCH(Fonte&" "&IF(Fonte="sinapi",SUBSTITUTE(SUBSTITUTE(Código,"/00","/"),"/0","/"),Código),INDIRECT("'[Referência "&_xlnm.Database&".xls]Banco'!$a:$a"),0),"X") -> 15063 | Y30: =IF(Import.Desoneracao="sim",Referencia.Desonerado,Referencia.NaoDesonerado) -> 67.62 | Z30: =ROUND(IF(ISNUMBER(R30),R30,IF(LEFT(R30,3)="BDI",HLOOKUP(R30,DADOS!$T$37:$X$38,2,FALSE),0)),15-11*$X$5) -> 0.2109
A31: =CHOOSE(1+LOG(1+2*(J31="Meta")+4*(J31="Nível 2")+8*(J31="Nível 3")+16*(J31="Nível 4")+32*(J31="Serviço"),2),0,1,2,3,4,"S") -> S | B31: =IF(OR(A31="S",A31=0),0,IF(ISERROR(I31),H31,SMALL(H31:I31,1))) -> 0 | C31: =IF($A31=1,OFFSET(C31,-1,0)+1,OFFSET(C31,-1,0)) -> 1 | D31: =IF($A31=1,0,IF($A31=2,OFFSET(D31,-1,0)+1,OFFSET(D31,-1,0))) -> 3 | E31: =IF(AND($A31<=2,$A31<>0),0,IF($A31=3,OFFSET(E31,-1,0)+1,OFFSET(E31,-1,0))) -> 0 | F31: =IF(AND($A31<=3,$A31<>0),0,IF($A31=4,OFFSET(F31,-1,0)+1,OFFSET(F31,-1,0))) -> 0 | G31: =IF(AND($A31<=4,$A31<>0),0,IF($A31="S",OFFSET(G31,-1,0)+1,OFFSET(G31,-1,0))) -> 9 | H31: =IF(OR($A31="S",$A31=0),0,MATCH(0,OFFSET($B31,1,$A31,ROW($A$96)-ROW($A31)),0)) -> 0 | I31: =IF(OR($A31="S",$A31=0),0,MATCH(OFFSET($B31,0,$A31)+1,OFFSET($B31,1,$A31,ROW($A$96)-ROW($A31)),0)) -> 0 | J31: Serviço | K31: =IF($A31=0,"-",CONCATENATE(C31&".",IF(AND($A$5>=2,$A31>=2),D31&".",""),IF(AND($A$5>=3,$A31>=3),E31&".",""),IF(AND($A$5>=4,$A31>=4),F31&".",""),IF($A31="S",G31&".",""))) -> 1.3.9. | L31: SINAPI | M31: 94228 | N31: =IF($A31="S",Referencia.Descricao,"(digite a descrição aqui)") -> CALHA EM CHAPA DE AÇO GALVANIZADO NÚMERO 24, DESENVOLVIMENTO DE 50 CM, INCLUSO TRANSPORTE VERTICAL. AF_07/2019 | O31: =Referencia.Unidade -> M | P31: =OFFSET(PLQ!$E$12,ROW($P31)-ROW(P$12),0) -> 55.42 | Q31: =Y31 -> 100.71 | R31: BDI 1 | S31: =IF($A31="S",IF($Q$10="Preço Unitário (R$)",PO.CustoUnitario,ROUND(PO.CustoUnitario*(1+$Z31),15-13*$X$6)),0) -> 121.95 | T31: =IF($A31="S",VTOTAL1,IF($A31=0,0,ROUND(SomaAgrup,15-13*$X$7))) -> 6758.47 | U31: =IF($J31="","",IF($N31="","DESCRIÇÃO",IF(AND($J31="Serviço",$O31=""),"UNIDADE",IF($T31<=0,"SEM VALOR",IF(AND($Y31<>"",$Q31>$Y31),"ACIMA REF.",""))))) | V31: =IF(OR($A31=0,$A31="S",$A31>CFF!$A$9),"",MAX(V$12:OFFSET(V31,-1,0))+1) | W31: =IF(AND($J31="Serviço",$M31<>""),IF($L31="",$M31,CONCATENATE($L31,"-",$M31))) -> SINAPI-94228 | X31: =IF(AND(Fonte<>"",Código<>""),MATCH(Fonte&" "&IF(Fonte="sinapi",SUBSTITUTE(SUBSTITUTE(Código,"/00","/"),"/0","/"),Código),INDIRECT("'[Referência "&_xlnm.Database&".xls]Banco'!$a:$a"),0),"X") -> 15046 | Y31: =IF(Import.Desoneracao="sim",Referencia.Desonerado,Referencia.NaoDesonerado) -> 100.71 | Z31: =ROUND(IF(ISNUMBER(R31),R31,IF(LEFT(R31,3)="BDI",HLOOKUP(R31,DADOS!$T$37:$X$38,2,FALSE),0)),15-11*$X$5) -> 0.2109
A32: =CHOOSE(1+LOG(1+2*(J32="Meta")+4*(J32="Nível 2")+8*(J32="Nível 3")+16*(J32="Nível 4")+32*(J32="Serviço"),2),0,1,2,3,4,"S") -> S | B32: =IF(OR(A32="S",A32=0),0,IF(ISERROR(I32),H32,SMALL(H32:I32,1))) -> 0 | C32: =IF($A32=1,OFFSET(C32,-1,0)+1,OFFSET(C32,-1,0)) -> 1 | D32: =IF($A32=1,0,IF($A32=2,OFFSET(D32,-1,0)+1,OFFSET(D32,-1,0))) -> 3 | E32: =IF(AND($A32<=2,$A32<>0),0,IF($A32=3,OFFSET(E32,-1,0)+1,OFFSET(E32,-1,0))) -> 0 | F32: =IF(AND($A32<=3,$A32<>0),0,IF($A32=4,OFFSET(F32,-1,0)+1,OFFSET(F32,-1,0))) -> 0 | G32: =IF(AND($A32<=4,$A32<>0),0,IF($A32="S",OFFSET(G32,-1,0)+1,OFFSET(G32,-1,0))) -> 10 | H32: =IF(OR($A32="S",$A32=0),0,MATCH(0,OFFSET($B32,1,$A32,ROW($A$96)-ROW($A32)),0)) -> 0 | I32: =IF(OR($A32="S",$A32=0),0,MATCH(OFFSET($B32,0,$A32)+1,OFFSET($B32,1,$A32,ROW($A$96)-ROW($A32)),0)) -> 0 | J32: Serviço | K32: =IF($A32=0,"-",CONCATENATE(C32&".",IF(AND($A$5>=2,$A32>=2),D32&".",""),IF(AND($A$5>=3,$A32>=3),E32&".",""),IF(AND($A$5>=4,$A32>=4),F32&".",""),IF($A32="S",G32&".",""))) -> 1.3.10. | L32: SINAPI | M32: 89578 | N32: =IF($A32="S",Referencia.Descricao,"(digite a descrição aqui)") -> TUBO PVC, SÉRIE R, ÁGUA PLUVIAL, DN 100 MM, FORNECIDO E INSTALADO EM CONDUTORES VERTICAIS DE ÁGUAS PLUVIAIS. AF_06/2022 | O32: =Referencia.Unidade -> M | P32: =OFFSET(PLQ!$E$12,ROW($P32)-ROW(P$12),0) -> 8.16 | Q32: =Y32 -> 36.33 | R32: BDI 1 | S32: =IF($A32="S",IF($Q$10="Preço Unitário (R$)",PO.CustoUnitario,ROUND(PO.CustoUnitario*(1+$Z32),15-13*$X$6)),0) -> 43.99 | T32: =IF($A32="S",VTOTAL1,IF($A32=0,0,ROUND(SomaAgrup,15-13*$X$7))) -> 358.96 | U32: =IF($J32="","",IF($N32="","DESCRIÇÃO",IF(AND($J32="Serviço",$O32=""),"UNIDADE",IF($T32<=0,"SEM VALOR",IF(AND($Y32<>"",$Q32>$Y32),"ACIMA REF.",""))))) | V32: =IF(OR($A32=0,$A32="S",$A32>CFF!$A$9),"",MAX(V$12:OFFSET(V32,-1,0))+1) | W32: =IF(AND($J32="Serviço",$M32<>""),IF($L32="",$M32,CONCATENATE($L32,"-",$M32))) -> SINAPI-89578 | X32: =IF(AND(Fonte<>"",Código<>""),MATCH(Fonte&" "&IF(Fonte="sinapi",SUBSTITUTE(SUBSTITUTE(Código,"/00","/"),"/0","/"),Código),INDIRECT("'[Referência "&_xlnm.Database&".xls]Banco'!$a:$a"),0),"X") -> 11899 | Y32: =IF(Import.Desoneracao="sim",Referencia.Desonerado,Referencia.NaoDesonerado) -> 36.33 | Z32: =ROUND(IF(ISNUMBER(R32),R32,IF(LEFT(R32,3)="BDI",HLOOKUP(R32,DADOS!$T$37:$X$38,2,FALSE),0)),15-11*$X$5) -> 0.2109
A33: =CHOOSE(1+LOG(1+2*(J33="Meta")+4*(J33="Nível 2")+8*(J33="Nível 3")+16*(J33="Nível 4")+32*(J33="Serviço"),2),0,1,2,3,4,"S") -> 2 | B33: =IF(OR(A33="S",A33=0),0,IF(ISERROR(I33),H33,SMALL(H33:I33,1))) -> 7 | C33: =IF($A33=1,OFFSET(C33,-1,0)+1,OFFSET(C33,-1,0)) -> 1 | D33: =IF($A33=1,0,IF($A33=2,OFFSET(D33,-1,0)+1,OFFSET(D33,-1,0))) -> 4 | E33: =IF(AND($A33<=2,$A33<>0),0,IF($A33=3,OFFSET(E33,-1,0)+1,OFFSET(E33,-1,0))) -> 0 | F33: =IF(AND($A33<=3,$A33<>0),0,IF($A33=4,OFFSET(F33,-1,0)+1,OFFSET(F33,-1,0))) -> 0 | G33: =IF(AND($A33<=4,$A33<>0),0,IF($A33="S",OFFSET(G33,-1,0)+1,OFFSET(G33,-1,0))) -> 0 | H33: =IF(OR($A33="S",$A33=0),0,MATCH(0,OFFSET($B33,1,$A33,ROW($A$96)-ROW($A33)),0)) -> 42 | I33: =IF(OR($A33="S",$A33=0),0,MATCH(OFFSET($B33,0,$A33)+1,OFFSET($B33,1,$A33,ROW($A$96)-ROW($A33)),0)) -> 7 | J33: Nível 2 | K33: =IF($A33=0,"-",CONCATENATE(C33&".",IF(AND($A$5>=2,$A33>=2),D33&".",""),IF(AND($A$5>=3,$A33>=3),E33&".",""),IF(AND($A$5>=4,$A33>=4),F33&".",""),IF($A33="S",G33&".",""))) -> 1.4. | N33: REVESTIMENTO INTERNO | O33: =Referencia.Unidade | P33: =OFFSET(PLQ!$E$12,ROW($P33)-ROW(P$12),0) -> 0 | Q33: =Y33 -> 0 | R33: BDI 1 | S33: =IF($A33="S",IF($Q$10="Preço Unitário (R$)",PO.CustoUnitario,ROUND(PO.CustoUnitario*(1+$Z33),15-13*$X$6)),0) -> 0 | T33: =IF($A33="S",VTOTAL1,IF($A33=0,0,ROUND(SomaAgrup,15-13*$X$7))) -> 51783.04 | U33: =IF($J33="","",IF($N33="","DESCRIÇÃO",IF(AND($J33="Serviço",$O33=""),"UNIDADE",IF($T33<=0,"SEM VALOR",IF(AND($Y33<>"",$Q33>$Y33),"ACIMA REF.",""))))) | V33: =IF(OR($A33=0,$A33="S",$A33>CFF!$A$9),"",MAX(V$12:OFFSET(V33,-1,0))+1) -> 5 | W33: =IF(AND($J33="Serviço",$M33<>""),IF($L33="",$M33,CONCATENATE($L33,"-",$M33))) -> FALSE | X33: =IF(AND(Fonte<>"",Código<>""),MATCH(Fonte&" "&IF(Fonte="sinapi",SUBSTITUTE(SUBSTITUTE(Código,"/00","/"),"/0","/"),Código),INDIRECT("'[Referência "&_xlnm.Database&".xls]Banco'!$a:$a"),0),"X") -> X | Y33: =IF(Import.Desoneracao="sim",Referencia.Desonerado,Referencia.NaoDesonerado) -> 0 | Z33: =ROUND(IF(ISNUMBER(R33),R33,IF(LEFT(R33,3)="BDI",HLOOKUP(R33,DADOS!$T$37:$X$38,2,FALSE),0)),15-11*$X$5) -> 0.2109
A34: =CHOOSE(1+LOG(1+2*(J34="Meta")+4*(J34="Nível 2")+8*(J34="Nível 3")+16*(J34="Nível 4")+32*(J34="Serviço"),2),0,1,2,3,4,"S") -> S | B34: =IF(OR(A34="S",A34=0),0,IF(ISERROR(I34),H34,SMALL(H34:I34,1))) -> 0 | C34: =IF($A34=1,OFFSET(C34,-1,0)+1,OFFSET(C34,-1,0)) -> 1 | D34: =IF($A34=1,0,IF($A34=2,OFFSET(D34,-1,0)+1,OFFSET(D34,-1,0))) -> 4 | E34: =IF(AND($A34<=2,$A34<>0),0,IF($A34=3,OFFSET(E34,-1,0)+1,OFFSET(E34,-1,0))) -> 0 | F34: =IF(AND($A34<=3,$A34<>0),0,IF($A34=4,OFFSET(F34,-1,0)+1,OFFSET(F34,-1,0))) -> 0 | G34: =IF(AND($A34<=4,$A34<>0),0,IF($A34="S",OFFSET(G34,-1,0)+1,OFFSET(G34,-1,0))) -> 1 | H34: =IF(OR($A34="S",$A34=0),0,MATCH(0,OFFSET($B34,1,$A34,ROW($A$96)-ROW($A34)),0)) -> 0 | I34: =IF(OR($A34="S",$A34=0),0,MATCH(OFFSET($B34,0,$A34)+1,OFFSET($B34,1,$A34,ROW($A$96)-ROW($A34)),0)) -> 0 | J34: Serviço | K34: =IF($A34=0,"-",CONCATENATE(C34&".",IF(AND($A$5>=2,$A34>=2),D34&".",""),IF(AND($A$5>=3,$A34>=3),E34&".",""),IF(AND($A$5>=4,$A34>=4),F34&".",""),IF($A34="S",G34&".",""))) -> 1.4.1. | L34: SINAPI | M34: 87905 | N34: =IF($A34="S",Referencia.Descricao,"(digite a descrição aqui)") -> CHAPISCO APLICADO EM ALVENARIA (COM PRESENÇA DE VÃOS) E ESTRUTURAS DE CONCRETO DE FACHADA, COM COLHER DE PEDREIRO. ARGAMASSA TRAÇO 1:3 COM PREPARO EM BETONEIRA 400L. AF_10/2022 | O34: =Referencia.Unidade -> M2 | P34: =OFFSET(PLQ!$E$12,ROW($P34)-ROW(P$12),0) -> 285.88 | Q34: =Y34 -> 8.86 | R34: BDI 1 | S34: =IF($A34="S",IF($Q$10="Preço Unitário (R$)",PO.CustoUnitario,ROUND(PO.CustoUnitario*(1+$Z34),15-13*$X$6)),0) -> 10.73 | T34: =IF($A34="S",VTOTAL1,IF($A34=0,0,ROUND(SomaAgrup,15-13*$X$7))) -> 3067.49 | U34: =IF($J34="","",IF($N34="","DESCRIÇÃO",IF(AND($J34="Serviço",$O34=""),"UNIDADE",IF($T34<=0,"SEM VALOR",IF(AND($Y34<>"",$Q34>$Y34),"ACIMA REF.",""))))) | V34: =IF(OR($A34=0,$A34="S",$A34>CFF!$A$9),"",MAX(V$12:OFFSET(V34,-1,0))+1) | W34: =IF(AND($J34="Serviço",$M34<>""),IF($L34="",$M34,CONCATENATE($L34,"-",$M34))) -> SINAPI-87905 | X34: =IF(AND(Fonte<>"",Código<>""),MATCH(Fonte&" "&IF(Fonte="sinapi",SUBSTITUTE(SUBSTITUTE(Código,"/00","/"),"/0","/"),Código),INDIRECT("'[Referência "&_xlnm.Database&".xls]Banco'!$a:$a"),0),"X") -> 7282 | Y34: =IF(Import.Desoneracao="sim",Referencia.Desonerado,Referencia.NaoDesonerado) -> 8.86 | Z34: =ROUND(IF(ISNUMBER(R34),R34,IF(LEFT(R34,3)="BDI",HLOOKUP(R34,DADOS!$T$37:$X$38,2,FALSE),0)),15-11*$X$5) -> 0.2109
A35: =CHOOSE(1+LOG(1+2*(J35="Meta")+4*(J35="Nível 2")+8*(J35="Nível 3")+16*(J35="Nível 4")+32*(J35="Serviço"),2),0,1,2,3,4,"S") -> S | B35: =IF(OR(A35="S",A35=0),0,IF(ISERROR(I35),H35,SMALL(H35:I35,1))) -> 0 | C35: =IF($A35=1,OFFSET(C35,-1,0)+1,OFFSET(C35,-1,0)) -> 1 | D35: =IF($A35=1,0,IF($A35=2,OFFSET(D35,-1,0)+1,OFFSET(D35,-1,0))) -> 4 | E35: =IF(AND($A35<=2,$A35<>0),0,IF($A35=3,OFFSET(E35,-1,0)+1,OFFSET(E35,-1,0))) -> 0 | F35: =IF(AND($A35<=3,$A35<>0),0,IF($A35=4,OFFSET(F35,-1,0)+1,OFFSET(F35,-1,0))) -> 0 | G35: =IF(AND($A35<=4,$A35<>0),0,IF($A35="S",OFFSET(G35,-1,0)+1,OFFSET(G35,-1,0))) -> 2 | H35: =IF(OR($A35="S",$A35=0),0,MATCH(0,OFFSET($B35,1,$A35,ROW($A$96)-ROW($A35)),0)) -> 0 | I35: =IF(OR($A35="S",$A35=0),0,MATCH(OFFSET($B35,0,$A35)+1,OFFSET($B35,1,$A35,ROW($A$96)-ROW($A35)),0)) -> 0 | J35: Serviço | K35: =IF($A35=0,"-",CONCATENATE(C35&".",IF(AND($A$5>=2,$A35>=2),D35&".",""),IF(AND($A$5>=3,$A35>=3),E35&".",""),IF(AND($A$5>=4,$A35>=4),F35&".",""),IF($A35="S",G35&".",""))) -> 1.4.2. | L35: SINAPI | M35: 87529 | N35: =IF($A35="S",Referencia.Descricao,"(digite a descrição aqui)") -> MASSA ÚNICA, EM ARGAMASSA TRAÇO 1:2:8, PREPARO MECÂNICO, APLICADA MANUALMENTE EM PAREDES INTERNAS DE AMBIENTES COM ÁREA ENTRE 5M² E 10M², E = 17,5MM, COM TALISCAS. AF_03/2024 | O35: =Referencia.Unidade -> M2 | P35: =OFFSET(PLQ!$E$12,ROW($P35)-ROW(P$12),0) -> 285.88 | Q35: =Y35 -> 39.3 | R35: BDI 1 | S35: =IF($A35="S",IF($Q$10="Preço Unitário (R$)",PO.CustoUnitario,ROUND(PO.CustoUnitario*(1+$Z35),15-13*$X$6)),0) -> 47.59 | T35: =IF($A35="S",VTOTAL1,IF($A35=0,0,ROUND(SomaAgrup,15-13*$X$7))) -> 13605.03 | U35: =IF($J35="","",IF($N35="","DESCRIÇÃO",IF(AND($J35="Serviço",$O35=""),"UNIDADE",IF($T35<=0,"SEM VALOR",IF(AND($Y35<>"",$Q35>$Y35),"ACIMA REF.",""))))) | V35: =IF(OR($A35=0,$A35="S",$A35>CFF!$A$9),"",MAX(V$12:OFFSET(V35,-1,0))+1) | W35: =IF(AND($J35="Serviço",$M35<>""),IF($L35="",$M35,CONCATENATE($L35,"-",$M35))) -> SINAPI-87529 | X35: =IF(AND(Fonte<>"",Código<>""),MATCH(Fonte&" "&IF(Fonte="sinapi",SUBSTITUTE(SUBSTITUTE(Código,"/00","/"),"/0","/"),Código),INDIRECT("'[Referência "&_xlnm.Database&".xls]Banco'!$a:$a"),0),"X") -> 13470 | Y35: =IF(Import.Desoneracao="sim",Referencia.Desonerado,Referencia.NaoDesonerado) -> 39.3 | Z35: =ROUND(IF(ISNUMBER(R35),R35,IF(LEFT(R35,3)="BDI",HLOOKUP(R35,DADOS!$T$37:$X$38,2,FALSE),0)),15-11*$X$5) -> 0.2109
A36: =CHOOSE(1+LOG(1+2*(J36="Meta")+4*(J36="Nível 2")+8*(J36="Nível 3")+16*(J36="Nível 4")+32*(J36="Serviço"),2),0,1,2,3,4,"S") -> S | B36: =IF(OR(A36="S",A36=0),0,IF(ISERROR(I36),H36,SMALL(H36:I36,1))) -> 0 | C36: =IF($A36=1,OFFSET(C36,-1,0)+1,OFFSET(C36,-1,0)) -> 1 | D36: =IF($A36=1,0,IF($A36=2,OFFSET(D36,-1,0)+1,OFFSET(D36,-1,0))) -> 4 | E36: =IF(AND($A36<=2,$A36<>0),0,IF($A36=3,OFFSET(E36,-1,0)+1,OFFSET(E36,-1,0))) -> 0 | F36: =IF(AND($A36<=3,$A36<>0),0,IF($A36=4,OFFSET(F36,-1,0)+1,OFFSET(F36,-1,0))) -> 0 | G36: =IF(AND($A36<=4,$A36<>0),0,IF($A36="S",OFFSET(G36,-1,0)+1,OFFSET(G36,-1,0))) -> 3 | H36: =IF(OR($A36="S",$A36=0),0,MATCH(0,OFFSET($B36,1,$A36,ROW($A$96)-ROW($A36)),0)) -> 0 | I36: =IF(OR($A36="S",$A36=0),0,MATCH(OFFSET($B36,0,$A36)+1,OFFSET($B36,1,$A36,ROW($A$96)-ROW($A36)),0)) -> 0 | J36: Serviço | K36: =IF($A36=0,"-",CONCATENATE(C36&".",IF(AND($A$5>=2,$A36>=2),D36&".",""),IF(AND($A$5>=3,$A36>=3),E36&".",""),IF(AND($A$5>=4,$A36>=4),F36&".",""),IF($A36="S",G36&".",""))) -> 1.4.3. | L36: SINAPI | M36: 88485 | N36: =IF($A36="S",Referencia.Descricao,"(digite a descrição aqui)") -> FUNDO SELADOR ACRÍLICO, APLICAÇÃO MANUAL EM PAREDE, UMA DEMÃO. AF_04/2023 | O36: =Referencia.Unidade -> M2 | P36: =OFFSET(PLQ!$E$12,ROW($P36)-ROW(P$12),0) -> 457.78 | Q36: =Y36 -> 3.9 | R36: BDI 1 | S36: =IF($A36="S",IF($Q$10="Preço Unitário (R$)",PO.CustoUnitario,ROUND(PO.CustoUnitario*(1+$Z36),15-13*$X$6)),0) -> 4.72 | T36: =IF($A36="S",VTOTAL1,IF($A36=0,0,ROUND(SomaAgrup,15-13*$X$7))) -> 2160.72 | U36: =IF($J36="","",IF($N36="","DESCRIÇÃO",IF(AND($J36="Serviço",$O36=""),"UNIDADE",IF($T36<=0,"SEM VALOR",IF(AND($Y36<>"",$Q36>$Y36),"ACIMA REF.",""))))) | V36: =IF(OR($A36=0,$A36="S",$A36>CFF!$A$9),"",MAX(V$12:OFFSET(V36,-1,0))+1) | W36: =IF(AND($J36="Serviço",$M36<>""),IF($L36="",$M36,CONCATENATE($L36,"-",$M36))) -> SINAPI-88485 | X36: =IF(AND(Fonte<>"",Código<>""),MATCH(Fonte&" "&IF(Fonte="sinapi",SUBSTITUTE(SUBSTITUTE(Código,"/00","/"),"/0","/"),Código),INDIRECT("'[Referência "&_xlnm.Database&".xls]Banco'!$a:$a"),0),"X") -> 13890 | Y36: =IF(Import.Desoneracao="sim",Referencia.Desonerado,Referencia.NaoDesonerado) -> 3.9 | Z36: =ROUND(IF(ISNUMBER(R36),R36,IF(LEFT(R36,3)="BDI",HLOOKUP(R36,DADOS!$T$37:$X$38,2,FALSE),0)),15-11*$X$5) -> 0.2109
A37: =CHOOSE(1+LOG(1+2*(J37="Meta")+4*(J37="Nível 2")+8*(J37="Nível 3")+16*(J37="Nível 4")+32*(J37="Serviço"),2),0,1,2,3,4,"S") -> S | B37: =IF(OR(A37="S",A37=0),0,IF(ISERROR(I37),H37,SMALL(H37:I37,1))) -> 0 | C37: =IF($A37=1,OFFSET(C37,-1,0)+1,OFFSET(C37,-1,0)) -> 1 | D37: =IF($A37=1,0,IF($A37=2,OFFSET(D37,-1,0)+1,OFFSET(D37,-1,0))) -> 4 | E37: =IF(AND($A37<=2,$A37<>0),0,IF($A37=3,OFFSET(E37,-1,0)+1,OFFSET(E37,-1,0))) -> 0 | F37: =IF(AND($A37<=3,$A37<>0),0,IF($A37=4,OFFSET(F37,-1,0)+1,OFFSET(F37,-1,0))) -> 0 | G37: =IF(AND($A37<=4,$A37<>0),0,IF($A37="S",OFFSET(G37,-1,0)+1,OFFSET(G37,-1,0))) -> 4 | H37: =IF(OR($A37="S",$A37=0),0,MATCH(0,OFFSET($B37,1,$A37,ROW($A$96)-ROW($A37)),0)) -> 0 | I37: =IF(OR($A37="S",$A37=0),0,MATCH(OFFSET($B37,0,$A37)+1,OFFSET($B37,1,$A37,ROW($A$96)-ROW($A37)),0)) -> 0 | J37: Serviço | K37: =IF($A37=0,"-",CONCATENATE(C37&".",IF(AND($A$5>=2,$A37>=2),D37&".",""),IF(AND($A$5>=3,$A37>=3),E37&".",""),IF(AND($A$5>=4,$A37>=4),F37&".",""),IF($A37="S",G37&".",""))) -> 1.4.4. | L37: SINAPI | M37: 88489 | N37: =IF($A37="S",Referencia.Descricao,"(digite a descrição aqui)") -> PINTURA LÁTEX ACRÍLICA PREMIUM, APLICAÇÃO MANUAL EM PAREDES, DUAS DEMÃOS. AF_04/2023 | O37: =Referencia.Unidade -> M2 | P37: =OFFSET(PLQ!$E$12,ROW($P37)-ROW(P$12),0) -> 457.78 | Q37: =Y37 -> 14.05 | R37: BDI 1 | S37: =IF($A37="S",IF($Q$10="Preço Unitário (R$)",PO.CustoUnitario,ROUND(PO.CustoUnitario*(1+$Z37),15-13*$X$6)),0) -> 17.01 | T37: =IF($A37="S",VTOTAL1,IF($A37=0,0,ROUND(SomaAgrup,15-13*$X$7))) -> 7786.84 | U37: =IF($J37="","",IF($N37="","DESCRIÇÃO",IF(AND($J37="Serviço",$O37=""),"UNIDADE",IF($T37<=0,"SEM VALOR",IF(AND($Y37<>"",$Q37>$Y37),"ACIMA REF.",""))))) | V37: =IF(OR($A37=0,$A37="S",$A37>CFF!$A$9),"",MAX(V$12:OFFSET(V37,-1,0))+1) | W37: =IF(AND($J37="Serviço",$M37<>""),IF($L37="",$M37,CONCATENATE($L37,"-",$M37))) -> SINAPI-88489 | X37: =IF(AND(Fonte<>"",Código<>""),MATCH(Fonte&" "&IF(Fonte="sinapi",SUBSTITUTE(SUBSTITUTE(Código,"/00","/"),"/0","/"),Código),INDIRECT("'[Referência "&_xlnm.Database&".xls]Banco'!$a:$a"),0),"X") -> 13898 | Y37: =IF(Import.Desoneracao="sim",Referencia.Desonerado,Referencia.NaoDesonerado) -> 14.05 | Z37: =ROUND(IF(ISNUMBER(R37),R37,IF(LEFT(R37,3)="BDI",HLOOKUP(R37,DADOS!$T$37:$X$38,2,FALSE),0)),15-11*$X$5) -> 0.2109
A38: =CHOOSE(1+LOG(1+2*(J38="Meta")+4*(J38="Nível 2")+8*(J38="Nível 3")+16*(J38="Nível 4")+32*(J38="Serviço"),2),0,1,2,3,4,"S") -> S | B38: =IF(OR(A38="S",A38=0),0,IF(ISERROR(I38),H38,SMALL(H38:I38,1))) -> 0 | C38: =IF($A38=1,OFFSET(C38,-1,0)+1,OFFSET(C38,-1,0)) -> 1 | D38: =IF($A38=1,0,IF($A38=2,OFFSET(D38,-1,0)+1,OFFSET(D38,-1,0))) -> 4 | E38: =IF(AND($A38<=2,$A38<>0),0,IF($A38=3,OFFSET(E38,-1,0)+1,OFFSET(E38,-1,0))) -> 0 | F38: =IF(AND($A38<=3,$A38<>0),0,IF($A38=4,OFFSET(F38,-1,0)+1,OFFSET(F38,-1,0))) -> 0 | G38: =IF(AND($A38<=4,$A38<>0),0,IF($A38="S",OFFSET(G38,-1,0)+1,OFFSET(G38,-1,0))) -> 5 | H38: =IF(OR($A38="S",$A38=0),0,MATCH(0,OFFSET($B38,1,$A38,ROW($A$96)-ROW($A38)),0)) -> 0 | I38: =IF(OR($A38="S",$A38=0),0,MATCH(OFFSET($B38,0,$A38)+1,OFFSET($B38,1,$A38,ROW($A$96)-ROW($A38)),0)) -> 0 | J38: Serviço | K38: =IF($A38=0,"-",CONCATENATE(C38&".",IF(AND($A$5>=2,$A38>=2),D38&".",""),IF(AND($A$5>=3,$A38>=3),E38&".",""),IF(AND($A$5>=4,$A38>=4),F38&".",""),IF($A38="S",G38&".",""))) -> 1.4.5. | L38: COMPOSIÇÃO | M38: 02 | N38: =IF($A38="S",Referencia.Descricao,"(digite a descrição aqui)") -> PINTURA COM TINTA EPÓXI PARA PAREDE, COR BRANCA, DUAS DEMÃOS, INCLUSO FUNDO PREPARADOR | O38: =Referencia.Unidade -> M2 | P38: =OFFSET(PLQ!$E$12,ROW($P38)-ROW(P$12),0) -> 189.56 | Q38: =Y38 -> 109.53 | R38: BDI 1 | S38: =IF($A38="S",IF($Q$10="Preço Unitário (R$)",PO.CustoUnitario,ROUND(PO.CustoUnitario*(1+$Z38),15-13*$X$6)),0) -> 132.63 | T38: =IF($A38="S",VTOTAL1,IF($A38=0,0,ROUND(SomaAgrup,15-13*$X$7))) -> 25141.34 | U38: =IF($J38="","",IF($N38="","DESCRIÇÃO",IF(AND($J38="Serviço",$O38=""),"UNIDADE",IF($T38<=0,"SEM VALOR",IF(AND($Y38<>"",$Q38>$Y38),"ACIMA REF.",""))))) | V38: =IF(OR($A38=0,$A38="S",$A38>CFF!$A$9),"",MAX(V$12:OFFSET(V38,-1,0))+1) | W38: =IF(AND($J38="Serviço",$M38<>""),IF($L38="",$M38,CONCATENATE($L38,"-",$M38))) -> COMPOSIÇÃO-02 | X38: =IF(AND(Fonte<>"",Código<>""),MATCH(Fonte&" "&IF(Fonte="sinapi",SUBSTITUTE(SUBSTITUTE(Código,"/00","/"),"/0","/"),Código),INDIRECT("'[Referência "&_xlnm.Database&".xls]Banco'!$a:$a"),0),"X") -> 8 | Y38: =IF(Import.Desoneracao="sim",Referencia.Desonerado,Referencia.NaoDesonerado) -> 109.53 | Z38: =ROUND(IF(ISNUMBER(R38),R38,IF(LEFT(R38,3)="BDI",HLOOKUP(R38,DADOS!$T$37:$X$38,2,FALSE),0)),15-11*$X$5) -> 0.2109
A39: =CHOOSE(1+LOG(1+2*(J39="Meta")+4*(J39="Nível 2")+8*(J39="Nível 3")+16*(J39="Nível 4")+32*(J39="Serviço"),2),0,1,2,3,4,"S") -> S | B39: =IF(OR(A39="S",A39=0),0,IF(ISERROR(I39),H39,SMALL(H39:I39,1))) -> 0 | C39: =IF($A39=1,OFFSET(C39,-1,0)+1,OFFSET(C39,-1,0)) -> 1 | D39: =IF($A39=1,0,IF($A39=2,OFFSET(D39,-1,0)+1,OFFSET(D39,-1,0))) -> 4 | E39: =IF(AND($A39<=2,$A39<>0),0,IF($A39=3,OFFSET(E39,-1,0)+1,OFFSET(E39,-1,0))) -> 0 | F39: =IF(AND($A39<=3,$A39<>0),0,IF($A39=4,OFFSET(F39,-1,0)+1,OFFSET(F39,-1,0))) -> 0 | G39: =IF(AND($A39<=4,$A39<>0),0,IF($A39="S",OFFSET(G39,-1,0)+1,OFFSET(G39,-1,0))) -> 6 | H39: =IF(OR($A39="S",$A39=0),0,MATCH(0,OFFSET($B39,1,$A39,ROW($A$96)-ROW($A39)),0)) -> 0 | I39: =IF(OR($A39="S",$A39=0),0,MATCH(OFFSET($B39,0,$A39)+1,OFFSET($B39,1,$A39,ROW($A$96)-ROW($A39)),0)) -> 0 | J39: Serviço | K39: =IF($A39=0,"-",CONCATENATE(C39&".",IF(AND($A$5>=2,$A39>=2),D39&".",""),IF(AND($A$5>=3,$A39>=3),E39&".",""),IF(AND($A$5>=4,$A39>=4),F39&".",""),IF($A39="S",G39&".",""))) -> 1.4.6. | L39: SINAPI | M39: 97622 | N39: =IF($A39="S",Referencia.Descricao,"(digite a descrição aqui)") -> DEMOLIÇÃO DE ALVENARIA DE BLOCO FURADO, DE FORMA MANUAL, SEM REAPROVEITAMENTO. AF_09/2023 | O39: =Referencia.Unidade -> M3 | P39: =OFFSET(PLQ!$E$12,ROW($P39)-ROW(P$12),0) -> 0.28 | Q39: =Y39 -> 63.77 | R39: BDI 1 | S39: =IF($A39="S",IF($Q$10="Preço Unitário (R$)",PO.CustoUnitario,ROUND(PO.CustoUnitario*(1+$Z39),15-13*$X$6)),0) -> 77.22 | T39: =IF($A39="S",VTOTAL1,IF($A39=0,0,ROUND(SomaAgrup,15-13*$X$7))) -> 21.62 | U39: =IF($J39="","",IF($N39="","DESCRIÇÃO",IF(AND($J39="Serviço",$O39=""),"UNIDADE",IF($T39<=0,"SEM VALOR",IF(AND($Y39<>"",$Q39>$Y39),"ACIMA REF.",""))))) | V39: =IF(OR($A39=0,$A39="S",$A39>CFF!$A$9),"",MAX(V$12:OFFSET(V39,-1,0))+1) | W39: =IF(AND($J39="Serviço",$M39<>""),IF($L39="",$M39,CONCATENATE($L39,"-",$M39))) -> SINAPI-97622 | X39: =IF(AND(Fonte<>"",Código<>""),MATCH(Fonte&" "&IF(Fonte="sinapi",SUBSTITUTE(SUBSTITUTE(Código,"/00","/"),"/0","/"),Código),INDIRECT("'[Referência "&_xlnm.Database&".xls]Banco'!$a:$a"),0),"X") -> 7866 | Y39: =IF(Import.Desoneracao="sim",Referencia.Desonerado,Referencia.NaoDesonerado) -> 63.77 | Z39: =ROUND(IF(ISNUMBER(R39),R39,IF(LEFT(R39,3)="BDI",HLOOKUP(R39,DADOS!$T$37:$X$38,2,FALSE),0)),15-11*$X$5) -> 0.2109
A40: =CHOOSE(1+LOG(1+2*(J40="Meta")+4*(J40="Nível 2")+8*(J40="Nível 3")+16*(J40="Nível 4")+32*(J40="Serviço"),2),0,1,2,3,4,"S") -> 2 | B40: =IF(OR(A40="S",A40=0),0,IF(ISERROR(I40),H40,SMALL(H40:I40,1))) -> 2 | C40: =IF($A40=1,OFFSET(C40,-1,0)+1,OFFSET(C40,-1,0)) -> 1 | D40: =IF($A40=1,0,IF($A40=2,OFFSET(D40,-1,0)+1,OFFSET(D40,-1,0))) -> 5 | E40: =IF(AND($A40<=2,$A40<>0),0,IF($A40=3,OFFSET(E40,-1,0)+1,OFFSET(E40,-1,0))) -> 0 | F40: =IF(AND($A40<=3,$A40<>0),0,IF($A40=4,OFFSET(F40,-1,0)+1,OFFSET(F40,-1,0))) -> 0 | G40: =IF(AND($A40<=4,$A40<>0),0,IF($A40="S",OFFSET(G40,-1,0)+1,OFFSET(G40,-1,0))) -> 0 | H40: =IF(OR($A40="S",$A40=0),0,MATCH(0,OFFSET($B40,1,$A40,ROW($A$96)-ROW($A40)),0)) -> 35 | I40: =IF(OR($A40="S",$A40=0),0,MATCH(OFFSET($B40,0,$A40)+1,OFFSET($B40,1,$A40,ROW($A$96)-ROW($A40)),0)) -> 2 | J40: Nível 2 | K40: =IF($A40=0,"-",CONCATENATE(C40&".",IF(AND($A$5>=2,$A40>=2),D40&".",""),IF(AND($A$5>=3,$A40>=3),E40&".",""),IF(AND($A$5>=4,$A40>=4),F40&".",""),IF($A40="S",G40&".",""))) -> 1.5. | N40: PISOS | O40: =Referencia.Unidade | P40: =OFFSET(PLQ!$E$12,ROW($P40)-ROW(P$12),0) -> 0 | R40: BDI 1 | S40: =IF($A40="S",IF($Q$10="Preço Unitário (R$)",PO.CustoUnitario,ROUND(PO.CustoUnitario*(1+$Z40),15-13*$X$6)),0) -> 0 | T40: =IF($A40="S",VTOTAL1,IF($A40=0,0,ROUND(SomaAgrup,15-13*$X$7))) -> 28276.44 | U40: =IF($J40="","",IF($N40="","DESCRIÇÃO",IF(AND($J40="Serviço",$O40=""),"UNIDADE",IF($T40<=0,"SEM VALOR",IF(AND($Y40<>"",$Q40>$Y40),"ACIMA REF.",""))))) | V40: =IF(OR($A40=0,$A40="S",$A40>CFF!$A$9),"",MAX(V$12:OFFSET(V40,-1,0))+1) -> 6 | W40: =IF(AND($J40="Serviço",$M40<>""),IF($L40="",$M40,CONCATENATE($L40,"-",$M40))) -> FALSE | X40: =IF(AND(Fonte<>"",Código<>""),MATCH(Fonte&" "&IF(Fonte="sinapi",SUBSTITUTE(SUBSTITUTE(Código,"/00","/"),"/0","/"),Código),INDIRECT("'[Referência "&_xlnm.Database&".xls]Banco'!$a:$a"),0),"X") -> X | Y40: =IF(Import.Desoneracao="sim",Referencia.Desonerado,Referencia.NaoDesonerado) -> 0 | Z40: =ROUND(IF(ISNUMBER(R40),R40,IF(LEFT(R40,3)="BDI",HLOOKUP(R40,DADOS!$T$37:$X$38,2,FALSE),0)),15-11*$X$5) -> 0.2109
A41: =CHOOSE(1+LOG(1+2*(J41="Meta")+4*(J41="Nível 2")+8*(J41="Nível 3")+16*(J41="Nível 4")+32*(J41="Serviço"),2),0,1,2,3,4,"S") -> S | B41: =IF(OR(A41="S",A41=0),0,IF(ISERROR(I41),H41,SMALL(H41:I41,1))) -> 0 | C41: =IF($A41=1,OFFSET(C41,-1,0)+1,OFFSET(C41,-1,0)) -> 1 | D41: =IF($A41=1,0,IF($A41=2,OFFSET(D41,-1,0)+1,OFFSET(D41,-1,0))) -> 5 | E41: =IF(AND($A41<=2,$A41<>0),0,IF($A41=3,OFFSET(E41,-1,0)+1,OFFSET(E41,-1,0))) -> 0 | F41: =IF(AND($A41<=3,$A41<>0),0,IF($A41=4,OFFSET(F41,-1,0)+1,OFFSET(F41,-1,0))) -> 0 | G41: =IF(AND($A41<=4,$A41<>0),0,IF($A41="S",OFFSET(G41,-1,0)+1,OFFSET(G41,-1,0))) -> 1 | H41: =IF(OR($A41="S",$A41=0),0,MATCH(0,OFFSET($B41,1,$A41,ROW($A$96)-ROW($A41)),0)) -> 0 | I41: =IF(OR($A41="S",$A41=0),0,MATCH(OFFSET($B41,0,$A41)+1,OFFSET($B41,1,$A41,ROW($A$96)-ROW($A41)),0)) -> 0 | J41: Serviço | K41: =IF($A41=0,"-",CONCATENATE(C41&".",IF(AND($A$5>=2,$A41>=2),D41&".",""),IF(AND($A$5>=3,$A41>=3),E41&".",""),IF(AND($A$5>=4,$A41>=4),F41&".",""),IF($A41="S",G41&".",""))) -> 1.5.1. | L41: SINAPI | M41: 87257 | N41: =IF($A41="S",Referencia.Descricao,"(digite a descrição aqui)") -> REVESTIMENTO CERÂMICO PARA PISO COM PLACAS TIPO ESMALTADA DE DIMENSÕES 60X60 CM APLICADA EM AMBIENTES DE ÁREA MAIOR QUE 10 M2. AF_02/2023_PE | O41: =Referencia.Unidade -> M2 | P41: =OFFSET(PLQ!$E$12,ROW($P41)-ROW(P$12),0) -> 346.78 | Q41: =Y41 -> 67.34 | R41: BDI 1 | S41: =IF($A41="S",IF($Q$10="Preço Unitário (R$)",PO.CustoUnitario,ROUND(PO.CustoUnitario*(1+$Z41),15-13*$X$6)),0) -> 81.54 | T41: =IF($A41="S",VTOTAL1,IF($A41=0,0,ROUND(SomaAgrup,15-13*$X$7))) -> 28276.44 | U41: =IF($J41="","",IF($N41="","DESCRIÇÃO",IF(AND($J41="Serviço",$O41=""),"UNIDADE",IF($T41<=0,"SEM VALOR",IF(AND($Y41<>"",$Q41>$Y41),"ACIMA REF.",""))))) | V41: =IF(OR($A41=0,$A41="S",$A41>CFF!$A$9),"",MAX(V$12:OFFSET(V41,-1,0))+1) | W41: =IF(AND($J41="Serviço",$M41<>""),IF($L41="",$M41,CONCATENATE($L41,"-",$M41))) -> SINAPI-87257 | X41: =IF(AND(Fonte<>"",Código<>""),MATCH(Fonte&" "&IF(Fonte="sinapi",SUBSTITUTE(SUBSTITUTE(Código,"/00","/"),"/0","/"),Código),INDIRECT("'[Referência "&_xlnm.Database&".xls]Banco'!$a:$a"),0),"X") -> 14848 | Y41: =IF(Import.Desoneracao="sim",Referencia.Desonerado,Referencia.NaoDesonerado) -> 67.34 | Z41: =ROUND(IF(ISNUMBER(R41),R41,IF(LEFT(R41,3)="BDI",HLOOKUP(R41,DADOS!$T$37:$X$38,2,FALSE),0)),15-11*$X$5) -> 0.2109
A42: =CHOOSE(1+LOG(1+2*(J42="Meta")+4*(J42="Nível 2")+8*(J42="Nível 3")+16*(J42="Nível 4")+32*(J42="Serviço"),2),0,1,2,3,4,"S") -> 2 | B42: =IF(OR(A42="S",A42=0),0,IF(ISERROR(I42),H42,SMALL(H42:I42,1))) -> 3 | C42: =IF($A42=1,OFFSET(C42,-1,0)+1,OFFSET(C42,-1,0)) -> 1 | D42: =IF($A42=1,0,IF($A42=2,OFFSET(D42,-1,0)+1,OFFSET(D42,-1,0))) -> 6 | E42: =IF(AND($A42<=2,$A42<>0),0,IF($A42=3,OFFSET(E42,-1,0)+1,OFFSET(E42,-1,0))) -> 0 | F42: =IF(AND($A42<=3,$A42<>0),0,IF($A42=4,OFFSET(F42,-1,0)+1,OFFSET(F42,-1,0))) -> 0 | G42: =IF(AND($A42<=4,$A42<>0),0,IF($A42="S",OFFSET(G42,-1,0)+1,OFFSET(G42,-1,0))) -> 0 | H42: =IF(OR($A42="S",$A42=0),0,MATCH(0,OFFSET($B42,1,$A42,ROW($A$96)-ROW($A42)),0)) -> 33 | I42: =IF(OR($A42="S",$A42=0),0,MATCH(OFFSET($B42,0,$A42)+1,OFFSET($B42,1,$A42,ROW($A$96)-ROW($A42)),0)) -> 3 | J42: Nível 2 | K42: =IF($A42=0,"-",CONCATENATE(C42&".",IF(AND($A$5>=2,$A42>=2),D42&".",""),IF(AND($A$5>=3,$A42>=3),E42&".",""),IF(AND($A$5>=4,$A42>=4),F42&".",""),IF($A42="S",G42&".",""))) -> 1.6. | N42: REVESTIMENTOS CERÂMICOS | O42: =Referencia.Unidade | P42: =OFFSET(PLQ!$E$12,ROW($P42)-ROW(P$12),0) -> 0 | R42: BDI 1 | S42: =IF($A42="S",IF($Q$10="Preço Unitário (R$)",PO.CustoUnitario,ROUND(PO.CustoUnitario*(1+$Z42),15-13*$X$6)),0) -> 0 | T42: =IF($A42="S",VTOTAL1,IF($A42=0,0,ROUND(SomaAgrup,15-13*$X$7))) -> 9744.39 | U42: =IF($J42="","",IF($N42="","DESCRIÇÃO",IF(AND($J42="Serviço",$O42=""),"UNIDADE",IF($T42<=0,"SEM VALOR",IF(AND($Y42<>"",$Q42>$Y42),"ACIMA REF.",""))))) | V42: =IF(OR($A42=0,$A42="S",$A42>CFF!$A$9),"",MAX(V$12:OFFSET(V42,-1,0))+1) -> 7 | W42: =IF(AND($J42="Serviço",$M42<>""),IF($L42="",$M42,CONCATENATE($L42,"-",$M42))) -> FALSE | X42: =IF(AND(Fonte<>"",Código<>""),MATCH(Fonte&" "&IF(Fonte="sinapi",SUBSTITUTE(SUBSTITUTE(Código,"/00","/"),"/0","/"),Código),INDIRECT("'[Referência "&_xlnm.Database&".xls]Banco'!$a:$a"),0),"X") -> X | Y42: =IF(Import.Desoneracao="sim",Referencia.Desonerado,Referencia.NaoDesonerado) -> 0 | Z42: =ROUND(IF(ISNUMBER(R42),R42,IF(LEFT(R42,3)="BDI",HLOOKUP(R42,DADOS!$T$37:$X$38,2,FALSE),0)),15-11*$X$5) -> 0.2109
A43: =CHOOSE(1+LOG(1+2*(J43="Meta")+4*(J43="Nível 2")+8*(J43="Nível 3")+16*(J43="Nível 4")+32*(J43="Serviço"),2),0,1,2,3,4,"S") -> S | B43: =IF(OR(A43="S",A43=0),0,IF(ISERROR(I43),H43,SMALL(H43:I43,1))) -> 0 | C43: =IF($A43=1,OFFSET(C43,-1,0)+1,OFFSET(C43,-1,0)) -> 1 | D43: =IF($A43=1,0,IF($A43=2,OFFSET(D43,-1,0)+1,OFFSET(D43,-1,0))) -> 6 | E43: =IF(AND($A43<=2,$A43<>0),0,IF($A43=3,OFFSET(E43,-1,0)+1,OFFSET(E43,-1,0))) -> 0 | F43: =IF(AND($A43<=3,$A43<>0),0,IF($A43=4,OFFSET(F43,-1,0)+1,OFFSET(F43,-1,0))) -> 0 | G43: =IF(AND($A43<=4,$A43<>0),0,IF($A43="S",OFFSET(G43,-1,0)+1,OFFSET(G43,-1,0))) -> 1 | H43: =IF(OR($A43="S",$A43=0),0,MATCH(0,OFFSET($B43,1,$A43,ROW($A$96)-ROW($A43)),0)) -> 0 | I43: =IF(OR($A43="S",$A43=0),0,MATCH(OFFSET($B43,0,$A43)+1,OFFSET($B43,1,$A43,ROW($A$96)-ROW($A43)),0)) -> 0 | J43: Serviço | K43: =IF($A43=0,"-",CONCATENATE(C43&".",IF(AND($A$5>=2,$A43>=2),D43&".",""),IF(AND($A$5>=3,$A43>=3),E43&".",""),IF(AND($A$5>=4,$A43>=4),F43&".",""),IF($A43="S",G43&".",""))) -> 1.6.1. | L43: COMPOSIÇÃO | M43: 03 | N43: =IF($A43="S",Referencia.Descricao,"(digite a descrição aqui)") -> COLOCAÇÃO DE REVESTIMENTO CERÂMICO PARA PAREDES INTERNAS, APLICADAS NA ALTURA INTEIRA DAS PAREDES. AF_02/2023_PE (SEM FORNECIMENTO DO REVESTIMENTO) REF. (SINAPI 87273) | O43: =Referencia.Unidade -> M2 | P43: =OFFSET(PLQ!$E$12,ROW($P43)-ROW(P$12),0) -> 125.88 | Q43: =Y43 -> 34.37 | R43: BDI 1 | S43: =IF($A43="S",IF($Q$10="Preço Unitário (R$)",PO.CustoUnitario,ROUND(PO.CustoUnitario*(1+$Z43),15-13*$X$6)),0) -> 41.62 | T43: =IF($A43="S",VTOTAL1,IF($A43=0,0,ROUND(SomaAgrup,15-13*$X$7))) -> 5239.13 | U43: =IF($J43="","",IF($N43="","DESCRIÇÃO",IF(AND($J43="Serviço",$O43=""),"UNIDADE",IF($T43<=0,"SEM VALOR",IF(AND($Y43<>"",$Q43>$Y43),"ACIMA REF.",""))))) | V43: =IF(OR($A43=0,$A43="S",$A43>CFF!$A$9),"",MAX(V$12:OFFSET(V43,-1,0))+1) | W43: =IF(AND($J43="Serviço",$M43<>""),IF($L43="",$M43,CONCATENATE($L43,"-",$M43))) -> COMPOSIÇÃO-03 | X43: =IF(AND(Fonte<>"",Código<>""),MATCH(Fonte&" "&IF(Fonte="sinapi",SUBSTITUTE(SUBSTITUTE(Código,"/00","/"),"/0","/"),Código),INDIRECT("'[Referência "&_xlnm.Database&".xls]Banco'!$a:$a"),0),"X") -> 9 | Y43: =IF(Import.Desoneracao="sim",Referencia.Desonerado,Referencia.NaoDesonerado) -> 34.37 | Z43: =ROUND(IF(ISNUMBER(R43),R43,IF(LEFT(R43,3)="BDI",HLOOKUP(R43,DADOS!$T$37:$X$38,2,FALSE),0)),15-11*$X$5) -> 0.2109
A44: =CHOOSE(1+LOG(1+2*(J44="Meta")+4*(J44="Nível 2")+8*(J44="Nível 3")+16*(J44="Nível 4")+32*(J44="Serviço"),2),0,1,2,3,4,"S") -> S | B44: =IF(OR(A44="S",A44=0),0,IF(ISERROR(I44),H44,SMALL(H44:I44,1))) -> 0 | C44: =IF($A44=1,OFFSET(C44,-1,0)+1,OFFSET(C44,-1,0)) -> 1 | D44: =IF($A44=1,0,IF($A44=2,OFFSET(D44,-1,0)+1,OFFSET(D44,-1,0))) -> 6 | E44: =IF(AND($A44<=2,$A44<>0),0,IF($A44=3,OFFSET(E44,-1,0)+1,OFFSET(E44,-1,0))) -> 0 | F44: =IF(AND($A44<=3,$A44<>0),0,IF($A44=4,OFFSET(F44,-1,0)+1,OFFSET(F44,-1,0))) -> 0 | G44: =IF(AND($A44<=4,$A44<>0),0,IF($A44="S",OFFSET(G44,-1,0)+1,OFFSET(G44,-1,0))) -> 2 | H44: =IF(OR($A44="S",$A44=0),0,MATCH(0,OFFSET($B44,1,$A44,ROW($A$96)-ROW($A44)),0)) -> 0 | I44: =IF(OR($A44="S",$A44=0),0,MATCH(OFFSET($B44,0,$A44)+1,OFFSET($B44,1,$A44,ROW($A$96)-ROW($A44)),0)) -> 0 | J44: Serviço | K44: =IF($A44=0,"-",CONCATENATE(C44&".",IF(AND($A$5>=2,$A44>=2),D44&".",""),IF(AND($A$5>=3,$A44>=3),E44&".",""),IF(AND($A$5>=4,$A44>=4),F44&".",""),IF($A44="S",G44&".",""))) -> 1.6.2. | L44: SINAPI | M44: 88650 | N44: =IF($A44="S",Referencia.Descricao,"(digite a descrição aqui)") -> RODAPÉ CERÂMICO DE 7CM DE ALTURA COM PLACAS TIPO ESMALTADA DE DIMENSÕES 60X60CM. AF_02/2023 | O44: =Referencia.Unidade -> M | P44: =OFFSET(PLQ!$E$12,ROW($P44)-ROW(P$12),0) -> 295.04 | Q44: =Y44 -> 12.61 | R44: BDI 1 | S44: =IF($A44="S",IF($Q$10="Preço Unitário (R$)",PO.CustoUnitario,ROUND(PO.CustoUnitario*(1+$Z44),15-13*$X$6)),0) -> 15.27 | T44: =IF($A44="S",VTOTAL1,IF($A44=0,0,ROUND(SomaAgrup,15-13*$X$7))) -> 4505.26 | U44: =IF($J44="","",IF($N44="","DESCRIÇÃO",IF(AND($J44="Serviço",$O44=""),"UNIDADE",IF($T44<=0,"SEM VALOR",IF(AND($Y44<>"",$Q44>$Y44),"ACIMA REF.",""))))) | V44: =IF(OR($A44=0,$A44="S",$A44>CFF!$A$9),"",MAX(V$12:OFFSET(V44,-1,0))+1) | W44: =IF(AND($J44="Serviço",$M44<>""),IF($L44="",$M44,CONCATENATE($L44,"-",$M44))) -> SINAPI-88650 | X44: =IF(AND(Fonte<>"",Código<>""),MATCH(Fonte&" "&IF(Fonte="sinapi",SUBSTITUTE(SUBSTITUTE(Código,"/00","/"),"/0","/"),Código),INDIRECT("'[Referência "&_xlnm.Database&".xls]Banco'!$a:$a"),0),"X") -> 14861 | Y44: =IF(Import.Desoneracao="sim",Referencia.Desonerado,Referencia.NaoDesonerado) -> 12.61 | Z44: =ROUND(IF(ISNUMBER(R44),R44,IF(LEFT(R44,3)="BDI",HLOOKUP(R44,DADOS!$T$37:$X$38,2,FALSE),0)),15-11*$X$5) -> 0.2109
A45: =CHOOSE(1+LOG(1+2*(J45="Meta")+4*(J45="Nível 2")+8*(J45="Nível 3")+16*(J45="Nível 4")+32*(J45="Serviço"),2),0,1,2,3,4,"S") -> 2 | B45: =IF(OR(A45="S",A45=0),0,IF(ISERROR(I45),H45,SMALL(H45:I45,1))) -> 7 | C45: =IF($A45=1,OFFSET(C45,-1,0)+1,OFFSET(C45,-1,0)) -> 1 | D45: =IF($A45=1,0,IF($A45=2,OFFSET(D45,-1,0)+1,OFFSET(D45,-1,0))) -> 7 | E45: =IF(AND($A45<=2,$A45<>0),0,IF($A45=3,OFFSET(E45,-1,0)+1,OFFSET(E45,-1,0))) -> 0 | F45: =IF(AND($A45<=3,$A45<>0),0,IF($A45=4,OFFSET(F45,-1,0)+1,OFFSET(F45,-1,0))) -> 0 | G45: =IF(AND($A45<=4,$A45<>0),0,IF($A45="S",OFFSET(G45,-1,0)+1,OFFSET(G45,-1,0))) -> 0 | H45: =IF(OR($A45="S",$A45=0),0,MATCH(0,OFFSET($B45,1,$A45,ROW($A$96)-ROW($A45)),0)) -> 30 | I45: =IF(OR($A45="S",$A45=0),0,MATCH(OFFSET($B45,0,$A45)+1,OFFSET($B45,1,$A45,ROW($A$96)-ROW($A45)),0)) -> 7 | J45: Nível 2 | K45: =IF($A45=0,"-",CONCATENATE(C45&".",IF(AND($A$5>=2,$A45>=2),D45&".",""),IF(AND($A$5>=3,$A45>=3),E45&".",""),IF(AND($A$5>=4,$A45>=4),F45&".",""),IF($A45="S",G45&".",""))) -> 1.7. | N45: INSTALAÇÃO SANITÁRIAS E EQUIPAMENTOS | O45: =Referencia.Unidade | P45: =OFFSET(PLQ!$E$12,ROW($P45)-ROW(P$12),0) -> 0 | R45: BDI 1 | S45: =IF($A45="S",IF($Q$10="Preço Unitário (R$)",PO.CustoUnitario,ROUND(PO.CustoUnitario*(1+$Z45),15-13*$X$6)),0) -> 0 | T45: =IF($A45="S",VTOTAL1,IF($A45=0,0,ROUND(SomaAgrup,15-13*$X$7))) -> 10587.25 | U45: =IF($J45="","",IF($N45="","DESCRIÇÃO",IF(AND($J45="Serviço",$O45=""),"UNIDADE",IF($T45<=0,"SEM VALOR",IF(AND($Y45<>"",$Q45>$Y45),"ACIMA REF.",""))))) | V45: =IF(OR($A45=0,$A45="S",$A45>CFF!$A$9),"",MAX(V$12:OFFSET(V45,-1,0))+1) -> 8 | W45: =IF(AND($J45="Serviço",$M45<>""),IF($L45="",$M45,CONCATENATE($L45,"-",$M45))) -> FALSE | X45: =IF(AND(Fonte<>"",Código<>""),MATCH(Fonte&" "&IF(Fonte="sinapi",SUBSTITUTE(SUBSTITUTE(Código,"/00","/"),"/0","/"),Código),INDIRECT("'[Referência "&_xlnm.Database&".xls]Banco'!$a:$a"),0),"X") -> X | Y45: =IF(Import.Desoneracao="sim",Referencia.Desonerado,Referencia.NaoDesonerado) -> 0 | Z45: =ROUND(IF(ISNUMBER(R45),R45,IF(LEFT(R45,3)="BDI",HLOOKUP(R45,DADOS!$T$37:$X$38,2,FALSE),0)),15-11*$X$5) -> 0.2109
A46: =CHOOSE(1+LOG(1+2*(J46="Meta")+4*(J46="Nível 2")+8*(J46="Nível 3")+16*(J46="Nível 4")+32*(J46="Serviço"),2),0,1,2,3,4,"S") -> S | B46: =IF(OR(A46="S",A46=0),0,IF(ISERROR(I46),H46,SMALL(H46:I46,1))) -> 0 | C46: =IF($A46=1,OFFSET(C46,-1,0)+1,OFFSET(C46,-1,0)) -> 1 | D46: =IF($A46=1,0,IF($A46=2,OFFSET(D46,-1,0)+1,OFFSET(D46,-1,0))) -> 7 | E46: =IF(AND($A46<=2,$A46<>0),0,IF($A46=3,OFFSET(E46,-1,0)+1,OFFSET(E46,-1,0))) -> 0 | F46: =IF(AND($A46<=3,$A46<>0),0,IF($A46=4,OFFSET(F46,-1,0)+1,OFFSET(F46,-1,0))) -> 0 | G46: =IF(AND($A46<=4,$A46<>0),0,IF($A46="S",OFFSET(G46,-1,0)+1,OFFSET(G46,-1,0))) -> 1 | H46: =IF(OR($A46="S",$A46=0),0,MATCH(0,OFFSET($B46,1,$A46,ROW($A$96)-ROW($A46)),0)) -> 0 | I46: =IF(OR($A46="S",$A46=0),0,MATCH(OFFSET($B46,0,$A46)+1,OFFSET($B46,1,$A46,ROW($A$96)-ROW($A46)),0)) -> 0 | J46: Serviço | K46: =IF($A46=0,"-",CONCATENATE(C46&".",IF(AND($A$5>=2,$A46>=2),D46&".",""),IF(AND($A$5>=3,$A46>=3),E46&".",""),IF(AND($A$5>=4,$A46>=4),F46&".",""),IF($A46="S",G46&".",""))) -> 1.7.1. | L46: COMPOSIÇÃO | M46: 04 | N46: =IF($A46="S",Referencia.Descricao,"(digite a descrição aqui)") -> CAIXA DE PASSAGEM ENTERRADA PARA ESGOTO 60X60X60 | O46: =Referencia.Unidade -> UNIDADE | P46: =OFFSET(PLQ!$E$12,ROW($P46)-ROW(P$12),0) -> 4 | Q46: =Y46 -> 532.54 | R46: BDI 1 | S46: =IF($A46="S",IF($Q$10="Preço Unitário (R$)",PO.CustoUnitario,ROUND(PO.CustoUnitario*(1+$Z46),15-13*$X$6)),0) -> 644.85 | T46: =IF($A46="S",VTOTAL1,IF($A46=0,0,ROUND(SomaAgrup,15-13*$X$7))) -> 2579.4 | U46: =IF($J46="","",IF($N46="","DESCRIÇÃO",IF(AND($J46="Serviço",$O46=""),"UNIDADE",IF($T46<=0,"SEM VALOR",IF(AND($Y46<>"",$Q46>$Y46),"ACIMA REF.",""))))) | V46: =IF(OR($A46=0,$A46="S",$A46>CFF!$A$9),"",MAX(V$12:OFFSET(V46,-1,0))+1) | W46: =IF(AND($J46="Serviço",$M46<>""),IF($L46="",$M46,CONCATENATE($L46,"-",$M46))) -> COMPOSIÇÃO-04 | X46: =IF(AND(Fonte<>"",Código<>""),MATCH(Fonte&" "&IF(Fonte="sinapi",SUBSTITUTE(SUBSTITUTE(Código,"/00","/"),"/0","/"),Código),INDIRECT("'[Referência "&_xlnm.Database&".xls]Banco'!$a:$a"),0),"X") -> 10 | Y46: =IF(Import.Desoneracao="sim",Referencia.Desonerado,Referencia.NaoDesonerado) -> 532.54 | Z46: =ROUND(IF(ISNUMBER(R46),R46,IF(LEFT(R46,3)="BDI",HLOOKUP(R46,DADOS!$T$37:$X$38,2,FALSE),0)),15-11*$X$5) -> 0.2109
A47: =CHOOSE(1+LOG(1+2*(J47="Meta")+4*(J47="Nível 2")+8*(J47="Nível 3")+16*(J47="Nível 4")+32*(J47="Serviço"),2),0,1,2,3,4,"S") -> S | B47: =IF(OR(A47="S",A47=0),0,IF(ISERROR(I47),H47,SMALL(H47:I47,1))) -> 0 | C47: =IF($A47=1,OFFSET(C47,-1,0)+1,OFFSET(C47,-1,0)) -> 1 | D47: =IF($A47=1,0,IF($A47=2,OFFSET(D47,-1,0)+1,OFFSET(D47,-1,0))) -> 7 | E47: =IF(AND($A47<=2,$A47<>0),0,IF($A47=3,OFFSET(E47,-1,0)+1,OFFSET(E47,-1,0))) -> 0 | F47: =IF(AND($A47<=3,$A47<>0),0,IF($A47=4,OFFSET(F47,-1,0)+1,OFFSET(F47,-1,0))) -> 0 | G47: =IF(AND($A47<=4,$A47<>0),0,IF($A47="S",OFFSET(G47,-1,0)+1,OFFSET(G47,-1,0))) -> 2 | H47: =IF(OR($A47="S",$A47=0),0,MATCH(0,OFFSET($B47,1,$A47,ROW($A$96)-ROW($A47)),0)) -> 0 | I47: =IF(OR($A47="S",$A47=0),0,MATCH(OFFSET($B47,0,$A47)+1,OFFSET($B47,1,$A47,ROW($A$96)-ROW($A47)),0)) -> 0 | J47: Serviço | K47: =IF($A47=0,"-",CONCATENATE(C47&".",IF(AND($A$5>=2,$A47>=2),D47&".",""),IF(AND($A$5>=3,$A47>=3),E47&".",""),IF(AND($A$5>=4,$A47>=4),F47&".",""),IF($A47="S",G47&".",""))) -> 1.7.2. | L47: SINAPI | M47: 89714 | N47: =IF($A47="S",Referencia.Descricao,"(digite a descrição aqui)") -> TUBO PVC, SERIE NORMAL, ESGOTO PREDIAL, DN 100 MM, FORNECIDO E INSTALADO EM RAMAL DE DESCARGA OU RAMAL DE ESGOTO SANITÁRIO. AF_08/2022 | O47: =Referencia.Unidade -> M | P47: =OFFSET(PLQ!$E$12,ROW($P47)-ROW(P$12),0) -> 40 | Q47: =Y47 -> 41.42 | R47: BDI 1 | S47: =IF($A47="S",IF($Q$10="Preço Unitário (R$)",PO.CustoUnitario,ROUND(PO.CustoUnitario*(1+$Z47),15-13*$X$6)),0) -> 50.16 | T47: =IF($A47="S",VTOTAL1,IF($A47=0,0,ROUND(SomaAgrup,15-13*$X$7))) -> 2006.4 | U47: =IF($J47="","",IF($N47="","DESCRIÇÃO",IF(AND($J47="Serviço",$O47=""),"UNIDADE",IF($T47<=0,"SEM VALOR",IF(AND($Y47<>"",$Q47>$Y47),"ACIMA REF.",""))))) | V47: =IF(OR($A47=0,$A47="S",$A47>CFF!$A$9),"",MAX(V$12:OFFSET(V47,-1,0))+1) | W47: =IF(AND($J47="Serviço",$M47<>""),IF($L47="",$M47,CONCATENATE($L47,"-",$M47))) -> SINAPI-89714 | X47: =IF(AND(Fonte<>"",Código<>""),MATCH(Fonte&" "&IF(Fonte="sinapi",SUBSTITUTE(SUBSTITUTE(Código,"/00","/"),"/0","/"),Código),INDIRECT("'[Referência "&_xlnm.Database&".xls]Banco'!$a:$a"),0),"X") -> 11457 | Y47: =IF(Import.Desoneracao="sim",Referencia.Desonerado,Referencia.NaoDesonerado) -> 41.42 | Z47: =ROUND(IF(ISNUMBER(R47),R47,IF(LEFT(R47,3)="BDI",HLOOKUP(R47,DADOS!$T$37:$X$38,2,FALSE),0)),15-11*$X$5) -> 0.2109
A48: =CHOOSE(1+LOG(1+2*(J48="Meta")+4*(J48="Nível 2")+8*(J48="Nível 3")+16*(J48="Nível 4")+32*(J48="Serviço"),2),0,1,2,3,4,"S") -> S | B48: =IF(OR(A48="S",A48=0),0,IF(ISERROR(I48),H48,SMALL(H48:I48,1))) -> 0 | C48: =IF($A48=1,OFFSET(C48,-1,0)+1,OFFSET(C48,-1,0)) -> 1 | D48: =IF($A48=1,0,IF($A48=2,OFFSET(D48,-1,0)+1,OFFSET(D48,-1,0))) -> 7 | E48: =IF(AND($A48<=2,$A48<>0),0,IF($A48=3,OFFSET(E48,-1,0)+1,OFFSET(E48,-1,0))) -> 0 | F48: =IF(AND($A48<=3,$A48<>0),0,IF($A48=4,OFFSET(F48,-1,0)+1,OFFSET(F48,-1,0))) -> 0 | G48: =IF(AND($A48<=4,$A48<>0),0,IF($A48="S",OFFSET(G48,-1,0)+1,OFFSET(G48,-1,0))) -> 3 | H48: =IF(OR($A48="S",$A48=0),0,MATCH(0,OFFSET($B48,1,$A48,ROW($A$96)-ROW($A48)),0)) -> 0 | I48: =IF(OR($A48="S",$A48=0),0,MATCH(OFFSET($B48,0,$A48)+1,OFFSET($B48,1,$A48,ROW($A$96)-ROW($A48)),0)) -> 0 | J48: Serviço | K48: =IF($A48=0,"-",CONCATENATE(C48&".",IF(AND($A$5>=2,$A48>=2),D48&".",""),IF(AND($A$5>=3,$A48>=3),E48&".",""),IF(AND($A$5>=4,$A48>=4),F48&".",""),IF($A48="S",G48&".",""))) -> 1.7.3. | L48: SINAPI | M48: 86932 | N48: =IF($A48="S",Referencia.Descricao,"(digite a descrição aqui)") -> VASO SANITÁRIO SIFONADO COM CAIXA ACOPLADA LOUÇA BRANCA - PADRÃO MÉDIO, INCLUSO ENGATE FLEXÍVEL EM METAL CROMADO, 1/2 X 40CM - FORNECIMENTO E INSTALAÇÃO. AF_01/2020 | O48: =Referencia.Unidade -> UN | P48: =OFFSET(PLQ!$E$12,ROW($P48)-ROW(P$12),0) -> 3 | Q48: =Y48 -> 619.14 | R48: BDI 1 | S48: =IF($A48="S",IF($Q$10="Preço Unitário (R$)",PO.CustoUnitario,ROUND(PO.CustoUnitario*(1+$Z48),15-13*$X$6)),0) -> 749.72 | T48: =IF($A48="S",VTOTAL1,IF($A48=0,0,ROUND(SomaAgrup,15-13*$X$7))) -> 2249.16 | U48: =IF($J48="","",IF($N48="","DESCRIÇÃO",IF(AND($J48="Serviço",$O48=""),"UNIDADE",IF($T48<=0,"SEM VALOR",IF(AND($Y48<>"",$Q48>$Y48),"ACIMA REF.",""))))) | V48: =IF(OR($A48=0,$A48="S",$A48>CFF!$A$9),"",MAX(V$12:OFFSET(V48,-1,0))+1) | W48: =IF(AND($J48="Serviço",$M48<>""),IF($L48="",$M48,CONCATENATE($L48,"-",$M48))) -> SINAPI-86932 | X48: =IF(AND(Fonte<>"",Código<>""),MATCH(Fonte&" "&IF(Fonte="sinapi",SUBSTITUTE(SUBSTITUTE(Código,"/00","/"),"/0","/"),Código),INDIRECT("'[Referência "&_xlnm.Database&".xls]Banco'!$a:$a"),0),"X") -> 13289 | Y48: =IF(Import.Desoneracao="sim",Referencia.Desonerado,Referencia.NaoDesonerado) -> 619.14 | Z48: =ROUND(IF(ISNUMBER(R48),R48,IF(LEFT(R48,3)="BDI",HLOOKUP(R48,DADOS!$T$37:$X$38,2,FALSE),0)),15-11*$X$5) -> 0.2109
A49: =CHOOSE(1+LOG(1+2*(J49="Meta")+4*(J49="Nível 2")+8*(J49="Nível 3")+16*(J49="Nível 4")+32*(J49="Serviço"),2),0,1,2,3,4,"S") -> S | B49: =IF(OR(A49="S",A49=0),0,IF(ISERROR(I49),H49,SMALL(H49:I49,1))) -> 0 | C49: =IF($A49=1,OFFSET(C49,-1,0)+1,OFFSET(C49,-1,0)) -> 1 | D49: =IF($A49=1,0,IF($A49=2,OFFSET(D49,-1,0)+1,OFFSET(D49,-1,0))) -> 7 | E49: =IF(AND($A49<=2,$A49<>0),0,IF($A49=3,OFFSET(E49,-1,0)+1,OFFSET(E49,-1,0))) -> 0 | F49: =IF(AND($A49<=3,$A49<>0),0,IF($A49=4,OFFSET(F49,-1,0)+1,OFFSET(F49,-1,0))) -> 0 | G49: =IF(AND($A49<=4,$A49<>0),0,IF($A49="S",OFFSET(G49,-1,0)+1,OFFSET(G49,-1,0))) -> 4 | H49: =IF(OR($A49="S",$A49=0),0,MATCH(0,OFFSET($B49,1,$A49,ROW($A$96)-ROW($A49)),0)) -> 0 | I49: =IF(OR($A49="S",$A49=0),0,MATCH(OFFSET($B49,0,$A49)+1,OFFSET($B49,1,$A49,ROW($A$96)-ROW($A49)),0)) -> 0 | J49: Serviço | K49: =IF($A49=0,"-",CONCATENATE(C49&".",IF(AND($A$5>=2,$A49>=2),D49&".",""),IF(AND($A$5>=3,$A49>=3),E49&".",""),IF(AND($A$5>=4,$A49>=4),F49&".",""),IF($A49="S",G49&".",""))) -> 1.7.4. | L49: SINAPI | M49: 95472 | N49: =IF($A49="S",Referencia.Descricao,"(digite a descrição aqui)") -> VASO SANITARIO SIFONADO CONVENCIONAL PARA PCD SEM FURO FRONTAL COM LOUÇA BRANCA SEM ASSENTO, INCLUSO CONJUNTO DE LIGAÇÃO PARA BACIA SANITÁRIA AJUSTÁVEL - FORNECIMENTO E INSTALAÇÃO. AF_01/2020 | O49: =Referencia.Unidade -> UN | P49: =OFFSET(PLQ!$E$12,ROW($P49)-ROW(P$12),0) -> 1 | Q49: =Y49 -> 866.35 | R49: BDI 1 | S49: =IF($A49="S",IF($Q$10="Preço Unitário (R$)",PO.CustoUnitario,ROUND(PO.CustoUnitario*(1+$Z49),15-13*$X$6)),0) -> 1049.06 | T49: =IF($A49="S",VTOTAL1,IF($A49=0,0,ROUND(SomaAgrup,15-13*$X$7))) -> 1049.06 | U49: =IF($J49="","",IF($N49="","DESCRIÇÃO",IF(AND($J49="Serviço",$O49=""),"UNIDADE",IF($T49<=0,"SEM VALOR",IF(AND($Y49<>"",$Q49>$Y49),"ACIMA REF.",""))))) | V49: =IF(OR($A49=0,$A49="S",$A49>CFF!$A$9),"",MAX(V$12:OFFSET(V49,-1,0))+1) | W49: =IF(AND($J49="Serviço",$M49<>""),IF($L49="",$M49,CONCATENATE($L49,"-",$M49))) -> SINAPI-95472 | X49: =IF(AND(Fonte<>"",Código<>""),MATCH(Fonte&" "&IF(Fonte="sinapi",SUBSTITUTE(SUBSTITUTE(Código,"/00","/"),"/0","/"),Código),INDIRECT("'[Referência "&_xlnm.Database&".xls]Banco'!$a:$a"),0),"X") -> 13286 | Y49: =IF(Import.Desoneracao="sim",Referencia.Desonerado,Referencia.NaoDesonerado) -> 866.35 | Z49: =ROUND(IF(ISNUMBER(R49),R49,IF(LEFT(R49,3)="BDI",HLOOKUP(R49,DADOS!$T$37:$X$38,2,FALSE),0)),15-11*$X$5) -> 0.2109
A50: =CHOOSE(1+LOG(1+2*(J50="Meta")+4*(J50="Nível 2")+8*(J50="Nível 3")+16*(J50="Nível 4")+32*(J50="Serviço"),2),0,1,2,3,4,"S") -> S | B50: =IF(OR(A50="S",A50=0),0,IF(ISERROR(I50),H50,SMALL(H50:I50,1))) -> 0 | C50: =IF($A50=1,OFFSET(C50,-1,0)+1,OFFSET(C50,-1,0)) -> 1 | D50: =IF($A50=1,0,IF($A50=2,OFFSET(D50,-1,0)+1,OFFSET(D50,-1,0))) -> 7 | E50: =IF(AND($A50<=2,$A50<>0),0,IF($A50=3,OFFSET(E50,-1,0)+1,OFFSET(E50,-1,0))) -> 0 | F50: =IF(AND($A50<=3,$A50<>0),0,IF($A50=4,OFFSET(F50,-1,0)+1,OFFSET(F50,-1,0))) -> 0 | G50: =IF(AND($A50<=4,$A50<>0),0,IF($A50="S",OFFSET(G50,-1,0)+1,OFFSET(G50,-1,0))) -> 5 | H50: =IF(OR($A50="S",$A50=0),0,MATCH(0,OFFSET($B50,1,$A50,ROW($A$96)-ROW($A50)),0)) -> 0 | I50: =IF(OR($A50="S",$A50=0),0,MATCH(OFFSET($B50,0,$A50)+1,OFFSET($B50,1,$A50,ROW($A$96)-ROW($A50)),0)) -> 0 | J50: Serviço | K50: =IF($A50=0,"-",CONCATENATE(C50&".",IF(AND($A$5>=2,$A50>=2),D50&".",""),IF(AND($A$5>=3,$A50>=3),E50&".",""),IF(AND($A$5>=4,$A50>=4),F50&".",""),IF($A50="S",G50&".",""))) -> 1.7.5. | L50: SINAPI | M50: 100869 | N50: =IF($A50="S",Referencia.Descricao,"(digite a descrição aqui)") -> BARRA DE APOIO RETA, EM ACO INOX POLIDO, COMPRIMENTO 90 CM, FIXADA NA PAREDE - FORNECIMENTO E INSTALAÇÃO. AF_01/2020 | O50: =Referencia.Unidade -> UN | P50: =OFFSET(PLQ!$E$12,ROW($P50)-ROW(P$12),0) -> 2 | Q50: =Y50 -> 470.98 | R50: BDI 1 | S50: =IF($A50="S",IF($Q$10="Preço Unitário (R$)",PO.CustoUnitario,ROUND(PO.CustoUnitario*(1+$Z50),15-13*$X$6)),0) -> 570.31 | T50: =IF($A50="S",VTOTAL1,IF($A50=0,0,ROUND(SomaAgrup,15-13*$X$7))) -> 1140.62 | U50: =IF($J50="","",IF($N50="","DESCRIÇÃO",IF(AND($J50="Serviço",$O50=""),"UNIDADE",IF($T50<=0,"SEM VALOR",IF(AND($Y50<>"",$Q50>$Y50),"ACIMA REF.",""))))) | V50: =IF(OR($A50=0,$A50="S",$A50>CFF!$A$9),"",MAX(V$12:OFFSET(V50,-1,0))+1) | W50: =IF(AND($J50="Serviço",$M50<>""),IF($L50="",$M50,CONCATENATE($L50,"-",$M50))) -> SINAPI-100869 | X50: =IF(AND(Fonte<>"",Código<>""),MATCH(Fonte&" "&IF(Fonte="sinapi",SUBSTITUTE(SUBSTITUTE(Código,"/00","/"),"/0","/"),Código),INDIRECT("'[Referência "&_xlnm.Database&".xls]Banco'!$a:$a"),0),"X") -> 13217 | Y50: =IF(Import.Desoneracao="sim",Referencia.Desonerado,Referencia.NaoDesonerado) -> 470.98 | Z50: =ROUND(IF(ISNUMBER(R50),R50,IF(LEFT(R50,3)="BDI",HLOOKUP(R50,DADOS!$T$37:$X$38,2,FALSE),0)),15-11*$X$5) -> 0.2109
A51: =CHOOSE(1+LOG(1+2*(J51="Meta")+4*(J51="Nível 2")+8*(J51="Nível 3")+16*(J51="Nível 4")+32*(J51="Serviço"),2),0,1,2,3,4,"S") -> S | B51: =IF(OR(A51="S",A51=0),0,IF(ISERROR(I51),H51,SMALL(H51:I51,1))) -> 0 | C51: =IF($A51=1,OFFSET(C51,-1,0)+1,OFFSET(C51,-1,0)) -> 1 | D51: =IF($A51=1,0,IF($A51=2,OFFSET(D51,-1,0)+1,OFFSET(D51,-1,0))) -> 7 | E51: =IF(AND($A51<=2,$A51<>0),0,IF($A51=3,OFFSET(E51,-1,0)+1,OFFSET(E51,-1,0))) -> 0 | F51: =IF(AND($A51<=3,$A51<>0),0,IF($A51=4,OFFSET(F51,-1,0)+1,OFFSET(F51,-1,0))) -> 0 | G51: =IF(AND($A51<=4,$A51<>0),0,IF($A51="S",OFFSET(G51,-1,0)+1,OFFSET(G51,-1,0))) -> 6 | H51: =IF(OR($A51="S",$A51=0),0,MATCH(0,OFFSET($B51,1,$A51,ROW($A$96)-ROW($A51)),0)) -> 0 | I51: =IF(OR($A51="S",$A51=0),0,MATCH(OFFSET($B51,0,$A51)+1,OFFSET($B51,1,$A51,ROW($A$96)-ROW($A51)),0)) -> 0 | J51: Serviço | K51: =IF($A51=0,"-",CONCATENATE(C51&".",IF(AND($A$5>=2,$A51>=2),D51&".",""),IF(AND($A$5>=3,$A51>=3),E51&".",""),IF(AND($A$5>=4,$A51>=4),F51&".",""),IF($A51="S",G51&".",""))) -> 1.7.6. | L51: COMPOSIÇÃO | M51: 05 | N51: =IF($A51="S",Referencia.Descricao,"(digite a descrição aqui)") -> INSTALAÇÃO DE LAVATÓRIO EM LOUÇA BRANCA COM COLUNA, SIFÃO, VÁLVULA, ENGATE E TORNEIRA (SEM FORNECIMENTO DOS MATERIAIS) | O51: =Referencia.Unidade -> UN | P51: =OFFSET(PLQ!$E$12,ROW($P51)-ROW(P$12),0) -> 7 | Q51: =Y51 -> 184.35 | R51: BDI 1 | S51: =IF($A51="S",IF($Q$10="Preço Unitário (R$)",PO.CustoUnitario,ROUND(PO.CustoUnitario*(1+$Z51),15-13*$X$6)),0) -> 223.23 | T51: =IF($A51="S",VTOTAL1,IF($A51=0,0,ROUND(SomaAgrup,15-13*$X$7))) -> 1562.61 | U51: =IF($J51="","",IF($N51="","DESCRIÇÃO",IF(AND($J51="Serviço",$O51=""),"UNIDADE",IF($T51<=0,"SEM VALOR",IF(AND($Y51<>"",$Q51>$Y51),"ACIMA REF.",""))))) | V51: =IF(OR($A51=0,$A51="S",$A51>CFF!$A$9),"",MAX(V$12:OFFSET(V51,-1,0))+1) | W51: =IF(AND($J51="Serviço",$M51<>""),IF($L51="",$M51,CONCATENATE($L51,"-",$M51))) -> COMPOSIÇÃO-05 | X51: =IF(AND(Fonte<>"",Código<>""),MATCH(Fonte&" "&IF(Fonte="sinapi",SUBSTITUTE(SUBSTITUTE(Código,"/00","/"),"/0","/"),Código),INDIRECT("'[Referência "&_xlnm.Database&".xls]Banco'!$a:$a"),0),"X") -> 11 | Y51: =IF(Import.Desoneracao="sim",Referencia.Desonerado,Referencia.NaoDesonerado) -> 184.35 | Z51: =ROUND(IF(ISNUMBER(R51),R51,IF(LEFT(R51,3)="BDI",HLOOKUP(R51,DADOS!$T$37:$X$38,2,FALSE),0)),15-11*$X$5) -> 0.2109
A52: =CHOOSE(1+LOG(1+2*(J52="Meta")+4*(J52="Nível 2")+8*(J52="Nível 3")+16*(J52="Nível 4")+32*(J52="Serviço"),2),0,1,2,3,4,"S") -> 2 | B52: =IF(OR(A52="S",A52=0),0,IF(ISERROR(I52),H52,SMALL(H52:I52,1))) -> 10 | C52: =IF($A52=1,OFFSET(C52,-1,0)+1,OFFSET(C52,-1,0)) -> 1 | D52: =IF($A52=1,0,IF($A52=2,OFFSET(D52,-1,0)+1,OFFSET(D52,-1,0))) -> 8 | E52: =IF(AND($A52<=2,$A52<>0),0,IF($A52=3,OFFSET(E52,-1,0)+1,OFFSET(E52,-1,0))) -> 0 | F52: =IF(AND($A52<=3,$A52<>0),0,IF($A52=4,OFFSET(F52,-1,0)+1,OFFSET(F52,-1,0))) -> 0 | G52: =IF(AND($A52<=4,$A52<>0),0,IF($A52="S",OFFSET(G52,-1,0)+1,OFFSET(G52,-1,0))) -> 0 | H52: =IF(OR($A52="S",$A52=0),0,MATCH(0,OFFSET($B52,1,$A52,ROW($A$96)-ROW($A52)),0)) -> 23 | I52: =IF(OR($A52="S",$A52=0),0,MATCH(OFFSET($B52,0,$A52)+1,OFFSET($B52,1,$A52,ROW($A$96)-ROW($A52)),0)) -> 10 | J52: Nível 2 | K52: =IF($A52=0,"-",CONCATENATE(C52&".",IF(AND($A$5>=2,$A52>=2),D52&".",""),IF(AND($A$5>=3,$A52>=3),E52&".",""),IF(AND($A$5>=4,$A52>=4),F52&".",""),IF($A52="S",G52&".",""))) -> 1.8. | N52: ESQUADRIAS | O52: =Referencia.Unidade | P52: =OFFSET(PLQ!$E$12,ROW($P52)-ROW(P$12),0) -> 0 | R52: BDI 1 | S52: =IF($A52="S",IF($Q$10="Preço Unitário (R$)",PO.CustoUnitario,ROUND(PO.CustoUnitario*(1+$Z52),15-13*$X$6)),0) -> 0 | T52: =IF($A52="S",VTOTAL1,IF($A52=0,0,ROUND(SomaAgrup,15-13*$X$7))) -> 17317.75 | U52: =IF($J52="","",IF($N52="","DESCRIÇÃO",IF(AND($J52="Serviço",$O52=""),"UNIDADE",IF($T52<=0,"SEM VALOR",IF(AND($Y52<>"",$Q52>$Y52),"ACIMA REF.",""))))) | V52: =IF(OR($A52=0,$A52="S",$A52>CFF!$A$9),"",MAX(V$12:OFFSET(V52,-1,0))+1) -> 9 | W52: =IF(AND($J52="Serviço",$M52<>""),IF($L52="",$M52,CONCATENATE($L52,"-",$M52))) -> FALSE | X52: =IF(AND(Fonte<>"",Código<>""),MATCH(Fonte&" "&IF(Fonte="sinapi",SUBSTITUTE(SUBSTITUTE(Código,"/00","/"),"/0","/"),Código),INDIRECT("'[Referência "&_xlnm.Database&".xls]Banco'!$a:$a"),0),"X") -> X | Y52: =IF(Import.Desoneracao="sim",Referencia.Desonerado,Referencia.NaoDesonerado) -> 0 | Z52: =ROUND(IF(ISNUMBER(R52),R52,IF(LEFT(R52,3)="BDI",HLOOKUP(R52,DADOS!$T$37:$X$38,2,FALSE),0)),15-11*$X$5) -> 0.2109
A53: =CHOOSE(1+LOG(1+2*(J53="Meta")+4*(J53="Nível 2")+8*(J53="Nível 3")+16*(J53="Nível 4")+32*(J53="Serviço"),2),0,1,2,3,4,"S") -> S | B53: =IF(OR(A53="S",A53=0),0,IF(ISERROR(I53),H53,SMALL(H53:I53,1))) -> 0 | C53: =IF($A53=1,OFFSET(C53,-1,0)+1,OFFSET(C53,-1,0)) -> 1 | D53: =IF($A53=1,0,IF($A53=2,OFFSET(D53,-1,0)+1,OFFSET(D53,-1,0))) -> 8 | E53: =IF(AND($A53<=2,$A53<>0),0,IF($A53=3,OFFSET(E53,-1,0)+1,OFFSET(E53,-1,0))) -> 0 | F53: =IF(AND($A53<=3,$A53<>0),0,IF($A53=4,OFFSET(F53,-1,0)+1,OFFSET(F53,-1,0))) -> 0 | G53: =IF(AND($A53<=4,$A53<>0),0,IF($A53="S",OFFSET(G53,-1,0)+1,OFFSET(G53,-1,0))) -> 1 | H53: =IF(OR($A53="S",$A53=0),0,MATCH(0,OFFSET($B53,1,$A53,ROW($A$96)-ROW($A53)),0)) -> 0 | I53: =IF(OR($A53="S",$A53=0),0,MATCH(OFFSET($B53,0,$A53)+1,OFFSET($B53,1,$A53,ROW($A$96)-ROW($A53)),0)) -> 0 | J53: Serviço | K53: =IF($A53=0,"-",CONCATENATE(C53&".",IF(AND($A$5>=2,$A53>=2),D53&".",""),IF(AND($A$5>=3,$A53>=3),E53&".",""),IF(AND($A$5>=4,$A53>=4),F53&".",""),IF($A53="S",G53&".",""))) -> 1.8.1. | L53: COMPOSIÇÃO | M53: 06 | N53: =IF($A53="S",Referencia.Descricao,"(digite a descrição aqui)") -> MONTAGEM DE PORTA DE MADEIRA 90X210, COM BATENTE, ALIZARES E FERRAGENS (SEM FORNECIMENTO DOS MATERIAIS) AF_08.2022 | O53: =Referencia.Unidade -> UN | P53: =OFFSET(PLQ!$E$12,ROW($P53)-ROW(P$12),0) -> 17 | Q53: =Y53 -> 237.35 | R53: BDI 1 | S53: =IF($A53="S",IF($Q$10="Preço Unitário (R$)",PO.CustoUnitario,ROUND(PO.CustoUnitario*(1+$Z53),15-13*$X$6)),0) -> 287.41 | T53: =IF($A53="S",VTOTAL1,IF($A53=0,0,ROUND(SomaAgrup,15-13*$X$7))) -> 4885.97 | U53: =IF($J53="","",IF($N53="","DESCRIÇÃO",IF(AND($J53="Serviço",$O53=""),"UNIDADE",IF($T53<=0,"SEM VALOR",IF(AND($Y53<>"",$Q53>$Y53),"ACIMA REF.",""))))) | V53: =IF(OR($A53=0,$A53="S",$A53>CFF!$A$9),"",MAX(V$12:OFFSET(V53,-1,0))+1) | W53: =IF(AND($J53="Serviço",$M53<>""),IF($L53="",$M53,CONCATENATE($L53,"-",$M53))) -> COMPOSIÇÃO-06 | X53: =IF(AND(Fonte<>"",Código<>""),MATCH(Fonte&" "&IF(Fonte="sinapi",SUBSTITUTE(SUBSTITUTE(Código,"/00","/"),"/0","/"),Código),INDIRECT("'[Referência "&_xlnm.Database&".xls]Banco'!$a:$a"),0),"X") -> 12 | Y53: =IF(Import.Desoneracao="sim",Referencia.Desonerado,Referencia.NaoDesonerado) -> 237.35 | Z53: =ROUND(IF(ISNUMBER(R53),R53,IF(LEFT(R53,3)="BDI",HLOOKUP(R53,DADOS!$T$37:$X$38,2,FALSE),0)),15-11*$X$5) -> 0.2109
A54: =CHOOSE(1+LOG(1+2*(J54="Meta")+4*(J54="Nível 2")+8*(J54="Nível 3")+16*(J54="Nível 4")+32*(J54="Serviço"),2),0,1,2,3,4,"S") -> S | B54: =IF(OR(A54="S",A54=0),0,IF(ISERROR(I54),H54,SMALL(H54:I54,1))) -> 0 | C54: =IF($A54=1,OFFSET(C54,-1,0)+1,OFFSET(C54,-1,0)) -> 1 | D54: =IF($A54=1,0,IF($A54=2,OFFSET(D54,-1,0)+1,OFFSET(D54,-1,0))) -> 8 | E54: =IF(AND($A54<=2,$A54<>0),0,IF($A54=3,OFFSET(E54,-1,0)+1,OFFSET(E54,-1,0))) -> 0 | F54: =IF(AND($A54<=3,$A54<>0),0,IF($A54=4,OFFSET(F54,-1,0)+1,OFFSET(F54,-1,0))) -> 0 | G54: =IF(AND($A54<=4,$A54<>0),0,IF($A54="S",OFFSET(G54,-1,0)+1,OFFSET(G54,-1,0))) -> 2 | H54: =IF(OR($A54="S",$A54=0),0,MATCH(0,OFFSET($B54,1,$A54,ROW($A$96)-ROW($A54)),0)) -> 0 | I54: =IF(OR($A54="S",$A54=0),0,MATCH(OFFSET($B54,0,$A54)+1,OFFSET($B54,1,$A54,ROW($A$96)-ROW($A54)),0)) -> 0 | J54: Serviço | K54: =IF($A54=0,"-",CONCATENATE(C54&".",IF(AND($A$5>=2,$A54>=2),D54&".",""),IF(AND($A$5>=3,$A54>=3),E54&".",""),IF(AND($A$5>=4,$A54>=4),F54&".",""),IF($A54="S",G54&".",""))) -> 1.8.2. | L54: COMPOSIÇÃO | M54: 07 | N54: =IF($A54="S",Referencia.Descricao,"(digite a descrição aqui)") -> MONTAGEM DE PORTA DE MADEIRA 70X210, COM BATENTE, ALIZARES E FERRAGENS (SEM FORNECIMENTO DOS MATERIAIS) AF_08.2022 | O54: =Referencia.Unidade -> UN | P54: =OFFSET(PLQ!$E$12,ROW($P54)-ROW(P$12),0) -> 3 | Q54: =Y54 -> 225.76 | R54: BDI 1 | S54: =IF($A54="S",IF($Q$10="Preço Unitário (R$)",PO.CustoUnitario,ROUND(PO.CustoUnitario*(1+$Z54),15-13*$X$6)),0) -> 273.37 | T54: =IF($A54="S",VTOTAL1,IF($A54=0,0,ROUND(SomaAgrup,15-13*$X$7))) -> 820.11 | U54: =IF($J54="","",IF($N54="","DESCRIÇÃO",IF(AND($J54="Serviço",$O54=""),"UNIDADE",IF($T54<=0,"SEM VALOR",IF(AND($Y54<>"",$Q54>$Y54),"ACIMA REF.",""))))) | V54: =IF(OR($A54=0,$A54="S",$A54>CFF!$A$9),"",MAX(V$12:OFFSET(V54,-1,0))+1) | W54: =IF(AND($J54="Serviço",$M54<>""),IF($L54="",$M54,CONCATENATE($L54,"-",$M54))) -> COMPOSIÇÃO-07 | X54: =IF(AND(Fonte<>"",Código<>""),MATCH(Fonte&" "&IF(Fonte="sinapi",SUBSTITUTE(SUBSTITUTE(Código,"/00","/"),"/0","/"),Código),INDIRECT("'[Referência "&_xlnm.Database&".xls]Banco'!$a:$a"),0),"X") -> 13 | Y54: =IF(Import.Desoneracao="sim",Referencia.Desonerado,Referencia.NaoDesonerado) -> 225.76 | Z54: =ROUND(IF(ISNUMBER(R54),R54,IF(LEFT(R54,3)="BDI",HLOOKUP(R54,DADOS!$T$37:$X$38,2,FALSE),0)),15-11*$X$5) -> 0.2109
A55: =CHOOSE(1+LOG(1+2*(J55="Meta")+4*(J55="Nível 2")+8*(J55="Nível 3")+16*(J55="Nível 4")+32*(J55="Serviço"),2),0,1,2,3,4,"S") -> S | B55: =IF(OR(A55="S",A55=0),0,IF(ISERROR(I55),H55,SMALL(H55:I55,1))) -> 0 | C55: =IF($A55=1,OFFSET(C55,-1,0)+1,OFFSET(C55,-1,0)) -> 1 | D55: =IF($A55=1,0,IF($A55=2,OFFSET(D55,-1,0)+1,OFFSET(D55,-1,0))) -> 8 | E55: =IF(AND($A55<=2,$A55<>0),0,IF($A55=3,OFFSET(E55,-1,0)+1,OFFSET(E55,-1,0))) -> 0 | F55: =IF(AND($A55<=3,$A55<>0),0,IF($A55=4,OFFSET(F55,-1,0)+1,OFFSET(F55,-1,0))) -> 0 | G55: =IF(AND($A55<=4,$A55<>0),0,IF($A55="S",OFFSET(G55,-1,0)+1,OFFSET(G55,-1,0))) -> 3 | H55: =IF(OR($A55="S",$A55=0),0,MATCH(0,OFFSET($B55,1,$A55,ROW($A$96)-ROW($A55)),0)) -> 0 | I55: =IF(OR($A55="S",$A55=0),0,MATCH(OFFSET($B55,0,$A55)+1,OFFSET($B55,1,$A55,ROW($A$96)-ROW($A55)),0)) -> 0 | J55: Serviço | K55: =IF($A55=0,"-",CONCATENATE(C55&".",IF(AND($A$5>=2,$A55>=2),D55&".",""),IF(AND($A$5>=3,$A55>=3),E55&".",""),IF(AND($A$5>=4,$A55>=4),F55&".",""),IF($A55="S",G55&".",""))) -> 1.8.3. | L55: SINAPI | M55: 102230 | N55: =IF($A55="S",Referencia.Descricao,"(digite a descrição aqui)") -> PINTURA TINTA DE ACABAMENTO (PIGMENTADA) ESMALTE SINTÉTICO BRILHANTE EM MADEIRA, 3 DEMÃOS. AF_01/2021 | O55: =Referencia.Unidade -> M2 | P55: =OFFSET(PLQ!$E$12,ROW($P55)-ROW(P$12),0) -> 73.08 | Q55: =Y55 -> 26.57 | R55: BDI 1 | S55: =IF($A55="S",IF($Q$10="Preço Unitário (R$)",PO.CustoUnitario,ROUND(PO.CustoUnitario*(1+$Z55),15-13*$X$6)),0) -> 32.17 | T55: =IF($A55="S",VTOTAL1,IF($A55=0,0,ROUND(SomaAgrup,15-13*$X$7))) -> 2350.98 | U55: =IF($J55="","",IF($N55="","DESCRIÇÃO",IF(AND($J55="Serviço",$O55=""),"UNIDADE",IF($T55<=0,"SEM VALOR",IF(AND($Y55<>"",$Q55>$Y55),"ACIMA REF.",""))))) | V55: =IF(OR($A55=0,$A55="S",$A55>CFF!$A$9),"",MAX(V$12:OFFSET(V55,-1,0))+1) | W55: =IF(AND($J55="Serviço",$M55<>""),IF($L55="",$M55,CONCATENATE($L55,"-",$M55))) -> SINAPI-102230 | X55: =IF(AND(Fonte<>"",Código<>""),MATCH(Fonte&" "&IF(Fonte="sinapi",SUBSTITUTE(SUBSTITUTE(Código,"/00","/"),"/0","/"),Código),INDIRECT("'[Referência "&_xlnm.Database&".xls]Banco'!$a:$a"),0),"X") -> 13927 | Y55: =IF(Import.Desoneracao="sim",Referencia.Desonerado,Referencia.NaoDesonerado) -> 26.57 | Z55: =ROUND(IF(ISNUMBER(R55),R55,IF(LEFT(R55,3)="BDI",HLOOKUP(R55,DADOS!$T$37:$X$38,2,FALSE),0)),15-11*$X$5) -> 0.2109
A56: =CHOOSE(1+LOG(1+2*(J56="Meta")+4*(J56="Nível 2")+8*(J56="Nível 3")+16*(J56="Nível 4")+32*(J56="Serviço"),2),0,1,2,3,4,"S") -> S | B56: =IF(OR(A56="S",A56=0),0,IF(ISERROR(I56),H56,SMALL(H56:I56,1))) -> 0 | C56: =IF($A56=1,OFFSET(C56,-1,0)+1,OFFSET(C56,-1,0)) -> 1 | D56: =IF($A56=1,0,IF($A56=2,OFFSET(D56,-1,0)+1,OFFSET(D56,-1,0))) -> 8 | E56: =IF(AND($A56<=2,$A56<>0),0,IF($A56=3,OFFSET(E56,-1,0)+1,OFFSET(E56,-1,0))) -> 0 | F56: =IF(AND($A56<=3,$A56<>0),0,IF($A56=4,OFFSET(F56,-1,0)+1,OFFSET(F56,-1,0))) -> 0 | G56: =IF(AND($A56<=4,$A56<>0),0,IF($A56="S",OFFSET(G56,-1,0)+1,OFFSET(G56,-1,0))) -> 4 | H56: =IF(OR($A56="S",$A56=0),0,MATCH(0,OFFSET($B56,1,$A56,ROW($A$96)-ROW($A56)),0)) -> 0 | I56: =IF(OR($A56="S",$A56=0),0,MATCH(OFFSET($B56,0,$A56)+1,OFFSET($B56,1,$A56,ROW($A$96)-ROW($A56)),0)) -> 0 | J56: Serviço | K56: =IF($A56=0,"-",CONCATENATE(C56&".",IF(AND($A$5>=2,$A56>=2),D56&".",""),IF(AND($A$5>=3,$A56>=3),E56&".",""),IF(AND($A$5>=4,$A56>=4),F56&".",""),IF($A56="S",G56&".",""))) -> 1.8.4. | L56: COMPOSIÇÃO | M56: 08 | N56: =IF($A56="S",Referencia.Descricao,"(digite a descrição aqui)") -> PORTA PIVOTANTE DE VIDRO TEMPERADO, 150X210 CM, ESPESSURA 10 MM, INCLUSIVE ACESSÓRIOS. AF_01/2021 | O56: =Referencia.Unidade -> UN | P56: =OFFSET(PLQ!$E$12,ROW($P56)-ROW(P$12),0) -> 1 | Q56: =Y56 -> 1333.34 | R56: BDI 1 | S56: =IF($A56="S",IF($Q$10="Preço Unitário (R$)",PO.CustoUnitario,ROUND(PO.CustoUnitario*(1+$Z56),15-13*$X$6)),0) -> 1614.54 | T56: =IF($A56="S",VTOTAL1,IF($A56=0,0,ROUND(SomaAgrup,15-13*$X$7))) -> 1614.54 | U56: =IF($J56="","",IF($N56="","DESCRIÇÃO",IF(AND($J56="Serviço",$O56=""),"UNIDADE",IF($T56<=0,"SEM VALOR",IF(AND($Y56<>"",$Q56>$Y56),"ACIMA REF.",""))))) | V56: =IF(OR($A56=0,$A56="S",$A56>CFF!$A$9),"",MAX(V$12:OFFSET(V56,-1,0))+1) | W56: =IF(AND($J56="Serviço",$M56<>""),IF($L56="",$M56,CONCATENATE($L56,"-",$M56))) -> COMPOSIÇÃO-08 | X56: =IF(AND(Fonte<>"",Código<>""),MATCH(Fonte&" "&IF(Fonte="sinapi",SUBSTITUTE(SUBSTITUTE(Código,"/00","/"),"/0","/"),Código),INDIRECT("'[Referência "&_xlnm.Database&".xls]Banco'!$a:$a"),0),"X") -> 14 | Y56: =IF(Import.Desoneracao="sim",Referencia.Desonerado,Referencia.NaoDesonerado) -> 1333.34 | Z56: =ROUND(IF(ISNUMBER(R56),R56,IF(LEFT(R56,3)="BDI",HLOOKUP(R56,DADOS!$T$37:$X$38,2,FALSE),0)),15-11*$X$5) -> 0.2109
A57: =CHOOSE(1+LOG(1+2*(J57="Meta")+4*(J57="Nível 2")+8*(J57="Nível 3")+16*(J57="Nível 4")+32*(J57="Serviço"),2),0,1,2,3,4,"S") -> S | B57: =IF(OR(A57="S",A57=0),0,IF(ISERROR(I57),H57,SMALL(H57:I57,1))) -> 0 | C57: =IF($A57=1,OFFSET(C57,-1,0)+1,OFFSET(C57,-1,0)) -> 1 | D57: =IF($A57=1,0,IF($A57=2,OFFSET(D57,-1,0)+1,OFFSET(D57,-1,0))) -> 8 | E57: =IF(AND($A57<=2,$A57<>0),0,IF($A57=3,OFFSET(E57,-1,0)+1,OFFSET(E57,-1,0))) -> 0 | F57: =IF(AND($A57<=3,$A57<>0),0,IF($A57=4,OFFSET(F57,-1,0)+1,OFFSET(F57,-1,0))) -> 0 | G57: =IF(AND($A57<=4,$A57<>0),0,IF($A57="S",OFFSET(G57,-1,0)+1,OFFSET(G57,-1,0))) -> 5 | H57: =IF(OR($A57="S",$A57=0),0,MATCH(0,OFFSET($B57,1,$A57,ROW($A$96)-ROW($A57)),0)) -> 0 | I57: =IF(OR($A57="S",$A57=0),0,MATCH(OFFSET($B57,0,$A57)+1,OFFSET($B57,1,$A57,ROW($A$96)-ROW($A57)),0)) -> 0 | J57: Serviço | K57: =IF($A57=0,"-",CONCATENATE(C57&".",IF(AND($A$5>=2,$A57>=2),D57&".",""),IF(AND($A$5>=3,$A57>=3),E57&".",""),IF(AND($A$5>=4,$A57>=4),F57&".",""),IF($A57="S",G57&".",""))) -> 1.8.5. | L57: COMPOSIÇÃO | M57: 17 | N57: =IF($A57="S",Referencia.Descricao,"(digite a descrição aqui)") -> PORTA PIVOTANTE DE VIDRO TEMPERADO, 100X210 CM, ESPESSURA 10 MM, INCLUSIVE ACESSÓRIOS. AF_01/2021 | O57: =Referencia.Unidade -> UN | P57: =OFFSET(PLQ!$E$12,ROW($P57)-ROW(P$12),0) -> 1 | Q57: =Y57 -> 987.89 | R57: BDI 1 | S57: =IF($A57="S",IF($Q$10="Preço Unitário (R$)",PO.CustoUnitario,ROUND(PO.CustoUnitario*(1+$Z57),15-13*$X$6)),0) -> 1196.24 | T57: =IF($A57="S",VTOTAL1,IF($A57=0,0,ROUND(SomaAgrup,15-13*$X$7))) -> 1196.24 | U57: =IF($J57="","",IF($N57="","DESCRIÇÃO",IF(AND($J57="Serviço",$O57=""),"UNIDADE",IF($T57<=0,"SEM VALOR",IF(AND($Y57<>"",$Q57>$Y57),"ACIMA REF.",""))))) | V57: =IF(OR($A57=0,$A57="S",$A57>CFF!$A$9),"",MAX(V$12:OFFSET(V57,-1,0))+1) | W57: =IF(AND($J57="Serviço",$M57<>""),IF($L57="",$M57,CONCATENATE($L57,"-",$M57))) -> COMPOSIÇÃO-17 | X57: =IF(AND(Fonte<>"",Código<>""),MATCH(Fonte&" "&IF(Fonte="sinapi",SUBSTITUTE(SUBSTITUTE(Código,"/00","/"),"/0","/"),Código),INDIRECT("'[Referência "&_xlnm.Database&".xls]Banco'!$a:$a"),0),"X") -> 22 | Y57: =IF(Import.Desoneracao="sim",Referencia.Desonerado,Referencia.NaoDesonerado) -> 987.89 | Z57: =ROUND(IF(ISNUMBER(R57),R57,IF(LEFT(R57,3)="BDI",HLOOKUP(R57,DADOS!$T$37:$X$38,2,FALSE),0)),15-11*$X$5) -> 0.2109
A58: =CHOOSE(1+LOG(1+2*(J58="Meta")+4*(J58="Nível 2")+8*(J58="Nível 3")+16*(J58="Nível 4")+32*(J58="Serviço"),2),0,1,2,3,4,"S") -> S | B58: =IF(OR(A58="S",A58=0),0,IF(ISERROR(I58),H58,SMALL(H58:I58,1))) -> 0 | C58: =IF($A58=1,OFFSET(C58,-1,0)+1,OFFSET(C58,-1,0)) -> 1 | D58: =IF($A58=1,0,IF($A58=2,OFFSET(D58,-1,0)+1,OFFSET(D58,-1,0))) -> 8 | E58: =IF(AND($A58<=2,$A58<>0),0,IF($A58=3,OFFSET(E58,-1,0)+1,OFFSET(E58,-1,0))) -> 0 | F58: =IF(AND($A58<=3,$A58<>0),0,IF($A58=4,OFFSET(F58,-1,0)+1,OFFSET(F58,-1,0))) -> 0 | G58: =IF(AND($A58<=4,$A58<>0),0,IF($A58="S",OFFSET(G58,-1,0)+1,OFFSET(G58,-1,0))) -> 6 | H58: =IF(OR($A58="S",$A58=0),0,MATCH(0,OFFSET($B58,1,$A58,ROW($A$96)-ROW($A58)),0)) -> 0 | I58: =IF(OR($A58="S",$A58=0),0,MATCH(OFFSET($B58,0,$A58)+1,OFFSET($B58,1,$A58,ROW($A$96)-ROW($A58)),0)) -> 0 | J58: Serviço | K58: =IF($A58=0,"-",CONCATENATE(C58&".",IF(AND($A$5>=2,$A58>=2),D58&".",""),IF(AND($A$5>=3,$A58>=3),E58&".",""),IF(AND($A$5>=4,$A58>=4),F58&".",""),IF($A58="S",G58&".",""))) -> 1.8.6. | L58: COMPOSIÇÃO | M58: 09 | N58: =IF($A58="S",Referencia.Descricao,"(digite a descrição aqui)") -> INSTALAÇÃO DE PUXADOR PARA PCD - FIXADO NA PORTA (SEM FORNECIMENTO DO PUXADOR) AF_08.2022 | O58: =Referencia.Unidade -> UN | P58: =OFFSET(PLQ!$E$12,ROW($P58)-ROW(P$12),0) -> 21 | Q58: =Y58 -> 34.66 | R58: BDI 1 | S58: =IF($A58="S",IF($Q$10="Preço Unitário (R$)",PO.CustoUnitario,ROUND(PO.CustoUnitario*(1+$Z58),15-13*$X$6)),0) -> 41.97 | T58: =IF($A58="S",VTOTAL1,IF($A58=0,0,ROUND(SomaAgrup,15-13*$X$7))) -> 881.37 | U58: =IF($J58="","",IF($N58="","DESCRIÇÃO",IF(AND($J58="Serviço",$O58=""),"UNIDADE",IF($T58<=0,"SEM VALOR",IF(AND($Y58<>"",$Q58>$Y58),"ACIMA REF.",""))))) | V58: =IF(OR($A58=0,$A58="S",$A58>CFF!$A$9),"",MAX(V$12:OFFSET(V58,-1,0))+1) | W58: =IF(AND($J58="Serviço",$M58<>""),IF($L58="",$M58,CONCATENATE($L58,"-",$M58))) -> COMPOSIÇÃO-09 | X58: =IF(AND(Fonte<>"",Código<>""),MATCH(Fonte&" "&IF(Fonte="sinapi",SUBSTITUTE(SUBSTITUTE(Código,"/00","/"),"/0","/"),Código),INDIRECT("'[Referência "&_xlnm.Database&".xls]Banco'!$a:$a"),0),"X") -> 15 | Y58: =IF(Import.Desoneracao="sim",Referencia.Desonerado,Referencia.NaoDesonerado) -> 34.66 | Z58: =ROUND(IF(ISNUMBER(R58),R58,IF(LEFT(R58,3)="BDI",HLOOKUP(R58,DADOS!$T$37:$X$38,2,FALSE),0)),15-11*$X$5) -> 0.2109
A59: =CHOOSE(1+LOG(1+2*(J59="Meta")+4*(J59="Nível 2")+8*(J59="Nível 3")+16*(J59="Nível 4")+32*(J59="Serviço"),2),0,1,2,3,4,"S") -> S | B59: =IF(OR(A59="S",A59=0),0,IF(ISERROR(I59),H59,SMALL(H59:I59,1))) -> 0 | C59: =IF($A59=1,OFFSET(C59,-1,0)+1,OFFSET(C59,-1,0)) -> 1 | D59: =IF($A59=1,0,IF($A59=2,OFFSET(D59,-1,0)+1,OFFSET(D59,-1,0))) -> 8 | E59: =IF(AND($A59<=2,$A59<>0),0,IF($A59=3,OFFSET(E59,-1,0)+1,OFFSET(E59,-1,0))) -> 0 | F59: =IF(AND($A59<=3,$A59<>0),0,IF($A59=4,OFFSET(F59,-1,0)+1,OFFSET(F59,-1,0))) -> 0 | G59: =IF(AND($A59<=4,$A59<>0),0,IF($A59="S",OFFSET(G59,-1,0)+1,OFFSET(G59,-1,0))) -> 7 | H59: =IF(OR($A59="S",$A59=0),0,MATCH(0,OFFSET($B59,1,$A59,ROW($A$96)-ROW($A59)),0)) -> 0 | I59: =IF(OR($A59="S",$A59=0),0,MATCH(OFFSET($B59,0,$A59)+1,OFFSET($B59,1,$A59,ROW($A$96)-ROW($A59)),0)) -> 0 | J59: Serviço | K59: =IF($A59=0,"-",CONCATENATE(C59&".",IF(AND($A$5>=2,$A59>=2),D59&".",""),IF(AND($A$5>=3,$A59>=3),E59&".",""),IF(AND($A$5>=4,$A59>=4),F59&".",""),IF($A59="S",G59&".",""))) -> 1.8.7. | L59: COMPOSIÇÃO | M59: 10 | N59: =IF($A59="S",Referencia.Descricao,"(digite a descrição aqui)") -> INSTALAÇAO DE JANELA DE ALUMÍNIO MAXIM AR 60 X 80 CM (A X L) (SEM FORNECIMENTO DA JANELA) AF_08.2022 | O59: =Referencia.Unidade -> M2 | P59: =OFFSET(PLQ!$E$12,ROW($P59)-ROW(P$12),0) -> 3.84 | Q59: =Y59 -> 104.26 | R59: BDI 1 | S59: =IF($A59="S",IF($Q$10="Preço Unitário (R$)",PO.CustoUnitario,ROUND(PO.CustoUnitario*(1+$Z59),15-13*$X$6)),0) -> 126.25 | T59: =IF($A59="S",VTOTAL1,IF($A59=0,0,ROUND(SomaAgrup,15-13*$X$7))) -> 484.8 | U59: =IF($J59="","",IF($N59="","DESCRIÇÃO",IF(AND($J59="Serviço",$O59=""),"UNIDADE",IF($T59<=0,"SEM VALOR",IF(AND($Y59<>"",$Q59>$Y59),"ACIMA REF.",""))))) | V59: =IF(OR($A59=0,$A59="S",$A59>CFF!$A$9),"",MAX(V$12:OFFSET(V59,-1,0))+1) | W59: =IF(AND($J59="Serviço",$M59<>""),IF($L59="",$M59,CONCATENATE($L59,"-",$M59))) -> COMPOSIÇÃO-10 | X59: =IF(AND(Fonte<>"",Código<>""),MATCH(Fonte&" "&IF(Fonte="sinapi",SUBSTITUTE(SUBSTITUTE(Código,"/00","/"),"/0","/"),Código),INDIRECT("'[Referência "&_xlnm.Database&".xls]Banco'!$a:$a"),0),"X") -> 16 | Y59: =IF(Import.Desoneracao="sim",Referencia.Desonerado,Referencia.NaoDesonerado) -> 104.26 | Z59: =ROUND(IF(ISNUMBER(R59),R59,IF(LEFT(R59,3)="BDI",HLOOKUP(R59,DADOS!$T$37:$X$38,2,FALSE),0)),15-11*$X$5) -> 0.2109
A60: =CHOOSE(1+LOG(1+2*(J60="Meta")+4*(J60="Nível 2")+8*(J60="Nível 3")+16*(J60="Nível 4")+32*(J60="Serviço"),2),0,1,2,3,4,"S") -> S | B60: =IF(OR(A60="S",A60=0),0,IF(ISERROR(I60),H60,SMALL(H60:I60,1))) -> 0 | C60: =IF($A60=1,OFFSET(C60,-1,0)+1,OFFSET(C60,-1,0)) -> 1 | D60: =IF($A60=1,0,IF($A60=2,OFFSET(D60,-1,0)+1,OFFSET(D60,-1,0))) -> 8 | E60: =IF(AND($A60<=2,$A60<>0),0,IF($A60=3,OFFSET(E60,-1,0)+1,OFFSET(E60,-1,0))) -> 0 | F60: =IF(AND($A60<=3,$A60<>0),0,IF($A60=4,OFFSET(F60,-1,0)+1,OFFSET(F60,-1,0))) -> 0 | G60: =IF(AND($A60<=4,$A60<>0),0,IF($A60="S",OFFSET(G60,-1,0)+1,OFFSET(G60,-1,0))) -> 8 | H60: =IF(OR($A60="S",$A60=0),0,MATCH(0,OFFSET($B60,1,$A60,ROW($A$96)-ROW($A60)),0)) -> 0 | I60: =IF(OR($A60="S",$A60=0),0,MATCH(OFFSET($B60,0,$A60)+1,OFFSET($B60,1,$A60,ROW($A$96)-ROW($A60)),0)) -> 0 | J60: Serviço | K60: =IF($A60=0,"-",CONCATENATE(C60&".",IF(AND($A$5>=2,$A60>=2),D60&".",""),IF(AND($A$5>=3,$A60>=3),E60&".",""),IF(AND($A$5>=4,$A60>=4),F60&".",""),IF($A60="S",G60&".",""))) -> 1.8.8. | L60: COMPOSIÇÃO | M60: 11 | N60: =IF($A60="S",Referencia.Descricao,"(digite a descrição aqui)") -> INTALAÇÃO DE JANELA DE ALUMÍNIO DE CORRER (SEM FORNECIMENTO DA JANELA) AF_08.2022 | O60: =Referencia.Unidade -> M2 | P60: =OFFSET(PLQ!$E$12,ROW($P60)-ROW(P$12),0) -> 14.2 | Q60: =Y60 -> 37.71 | R60: BDI 1 | S60: =IF($A60="S",IF($Q$10="Preço Unitário (R$)",PO.CustoUnitario,ROUND(PO.CustoUnitario*(1+$Z60),15-13*$X$6)),0) -> 45.66 | T60: =IF($A60="S",VTOTAL1,IF($A60=0,0,ROUND(SomaAgrup,15-13*$X$7))) -> 648.37 | U60: =IF($J60="","",IF($N60="","DESCRIÇÃO",IF(AND($J60="Serviço",$O60=""),"UNIDADE",IF($T60<=0,"SEM VALOR",IF(AND($Y60<>"",$Q60>$Y60),"ACIMA REF.",""))))) | V60: =IF(OR($A60=0,$A60="S",$A60>CFF!$A$9),"",MAX(V$12:OFFSET(V60,-1,0))+1) | W60: =IF(AND($J60="Serviço",$M60<>""),IF($L60="",$M60,CONCATENATE($L60,"-",$M60))) -> COMPOSIÇÃO-11 | X60: =IF(AND(Fonte<>"",Código<>""),MATCH(Fonte&" "&IF(Fonte="sinapi",SUBSTITUTE(SUBSTITUTE(Código,"/00","/"),"/0","/"),Código),INDIRECT("'[Referência "&_xlnm.Database&".xls]Banco'!$a:$a"),0),"X") -> 17 | Y60: =IF(Import.Desoneracao="sim",Referencia.Desonerado,Referencia.NaoDesonerado) -> 37.71 | Z60: =ROUND(IF(ISNUMBER(R60),R60,IF(LEFT(R60,3)="BDI",HLOOKUP(R60,DADOS!$T$37:$X$38,2,FALSE),0)),15-11*$X$5) -> 0.2109
A61: =CHOOSE(1+LOG(1+2*(J61="Meta")+4*(J61="Nível 2")+8*(J61="Nível 3")+16*(J61="Nível 4")+32*(J61="Serviço"),2),0,1,2,3,4,"S") -> S | B61: =IF(OR(A61="S",A61=0),0,IF(ISERROR(I61),H61,SMALL(H61:I61,1))) -> 0 | C61: =IF($A61=1,OFFSET(C61,-1,0)+1,OFFSET(C61,-1,0)) -> 1 | D61: =IF($A61=1,0,IF($A61=2,OFFSET(D61,-1,0)+1,OFFSET(D61,-1,0))) -> 8 | E61: =IF(AND($A61<=2,$A61<>0),0,IF($A61=3,OFFSET(E61,-1,0)+1,OFFSET(E61,-1,0))) -> 0 | F61: =IF(AND($A61<=3,$A61<>0),0,IF($A61=4,OFFSET(F61,-1,0)+1,OFFSET(F61,-1,0))) -> 0 | G61: =IF(AND($A61<=4,$A61<>0),0,IF($A61="S",OFFSET(G61,-1,0)+1,OFFSET(G61,-1,0))) -> 9 | H61: =IF(OR($A61="S",$A61=0),0,MATCH(0,OFFSET($B61,1,$A61,ROW($A$96)-ROW($A61)),0)) -> 0 | I61: =IF(OR($A61="S",$A61=0),0,MATCH(OFFSET($B61,0,$A61)+1,OFFSET($B61,1,$A61,ROW($A$96)-ROW($A61)),0)) -> 0 | J61: Serviço | K61: =IF($A61=0,"-",CONCATENATE(C61&".",IF(AND($A$5>=2,$A61>=2),D61&".",""),IF(AND($A$5>=3,$A61>=3),E61&".",""),IF(AND($A$5>=4,$A61>=4),F61&".",""),IF($A61="S",G61&".",""))) -> 1.8.9. | L61: COTAÇÃO | M61: 06 | N61: =IF($A61="S",Referencia.Descricao,"(digite a descrição aqui)") -> TELA DE NYLON TIPO MOSQUITEIRO COM MOLDURA EM ALUMÍNIO ANODIZADO NATURAL. REF. ORSE (8970) | O61: M2 | P61: =OFFSET(PLQ!$E$12,ROW($P61)-ROW(P$12),0) -> 37.88 | Q61: =Y61 -> 96.7 | R61: BDI 1 | S61: =IF($A61="S",IF($Q$10="Preço Unitário (R$)",PO.CustoUnitario,ROUND(PO.CustoUnitario*(1+$Z61),15-13*$X$6)),0) -> 117.09 | T61: =IF($A61="S",VTOTAL1,IF($A61=0,0,ROUND(SomaAgrup,15-13*$X$7))) -> 4435.37 | U61: =IF($J61="","",IF($N61="","DESCRIÇÃO",IF(AND($J61="Serviço",$O61=""),"UNIDADE",IF($T61<=0,"SEM VALOR",IF(AND($Y61<>"",$Q61>$Y61),"ACIMA REF.",""))))) | V61: =IF(OR($A61=0,$A61="S",$A61>CFF!$A$9),"",MAX(V$12:OFFSET(V61,-1,0))+1) | W61: =IF(AND($J61="Serviço",$M61<>""),IF($L61="",$M61,CONCATENATE($L61,"-",$M61))) -> COTAÇÃO-06 | X61: =IF(AND(Fonte<>"",Código<>""),MATCH(Fonte&" "&IF(Fonte="sinapi",SUBSTITUTE(SUBSTITUTE(Código,"/00","/"),"/0","/"),Código),INDIRECT("'[Referência "&_xlnm.Database&".xls]Banco'!$a:$a"),0),"X") -> 29 | Y61: =IF(Import.Desoneracao="sim",Referencia.Desonerado,Referencia.NaoDesonerado) -> 96.7 | Z61: =ROUND(IF(ISNUMBER(R61),R61,IF(LEFT(R61,3)="BDI",HLOOKUP(R61,DADOS!$T$37:$X$38,2,FALSE),0)),15-11*$X$5) -> 0.2109
A62: =CHOOSE(1+LOG(1+2*(J62="Meta")+4*(J62="Nível 2")+8*(J62="Nível 3")+16*(J62="Nível 4")+32*(J62="Serviço"),2),0,1,2,3,4,"S") -> 2 | B62: =IF(OR(A62="S",A62=0),0,IF(ISERROR(I62),H62,SMALL(H62:I62,1))) -> 4 | C62: =IF($A62=1,OFFSET(C62,-1,0)+1,OFFSET(C62,-1,0)) -> 1 | D62: =IF($A62=1,0,IF($A62=2,OFFSET(D62,-1,0)+1,OFFSET(D62,-1,0))) -> 9 | E62: =IF(AND($A62<=2,$A62<>0),0,IF($A62=3,OFFSET(E62,-1,0)+1,OFFSET(E62,-1,0))) -> 0 | F62: =IF(AND($A62<=3,$A62<>0),0,IF($A62=4,OFFSET(F62,-1,0)+1,OFFSET(F62,-1,0))) -> 0 | G62: =IF(AND($A62<=4,$A62<>0),0,IF($A62="S",OFFSET(G62,-1,0)+1,OFFSET(G62,-1,0))) -> 0 | H62: =IF(OR($A62="S",$A62=0),0,MATCH(0,OFFSET($B62,1,$A62,ROW($A$96)-ROW($A62)),0)) -> 13 | I62: =IF(OR($A62="S",$A62=0),0,MATCH(OFFSET($B62,0,$A62)+1,OFFSET($B62,1,$A62,ROW($A$96)-ROW($A62)),0)) -> 4 | J62: Nível 2 | K62: =IF($A62=0,"-",CONCATENATE(C62&".",IF(AND($A$5>=2,$A62>=2),D62&".",""),IF(AND($A$5>=3,$A62>=3),E62&".",""),IF(AND($A$5>=4,$A62>=4),F62&".",""),IF($A62="S",G62&".",""))) -> 1.9. | N62: INSTALAÇÕES ELÉTRICAS (MÃO DE OBRA) | O62: =Referencia.Unidade | P62: =OFFSET(PLQ!$E$12,ROW($P62)-ROW(P$12),0) -> 0 | Q62: =Y62 -> 0 | R62: BDI 1 | S62: =IF($A62="S",IF($Q$10="Preço Unitário (R$)",PO.CustoUnitario,ROUND(PO.CustoUnitario*(1+$Z62),15-13*$X$6)),0) -> 0 | T62: =IF($A62="S",VTOTAL1,IF($A62=0,0,ROUND(SomaAgrup,15-13*$X$7))) -> 14905.52 | U62: =IF($J62="","",IF($N62="","DESCRIÇÃO",IF(AND($J62="Serviço",$O62=""),"UNIDADE",IF($T62<=0,"SEM VALOR",IF(AND($Y62<>"",$Q62>$Y62),"ACIMA REF.",""))))) | V62: =IF(OR($A62=0,$A62="S",$A62>CFF!$A$9),"",MAX(V$12:OFFSET(V62,-1,0))+1) -> 10 | W62: =IF(AND($J62="Serviço",$M62<>""),IF($L62="",$M62,CONCATENATE($L62,"-",$M62))) -> FALSE | X62: =IF(AND(Fonte<>"",Código<>""),MATCH(Fonte&" "&IF(Fonte="sinapi",SUBSTITUTE(SUBSTITUTE(Código,"/00","/"),"/0","/"),Código),INDIRECT("'[Referência "&_xlnm.Database&".xls]Banco'!$a:$a"),0),"X") -> X | Y62: =IF(Import.Desoneracao="sim",Referencia.Desonerado,Referencia.NaoDesonerado) -> 0 | Z62: =ROUND(IF(ISNUMBER(R62),R62,IF(LEFT(R62,3)="BDI",HLOOKUP(R62,DADOS!$T$37:$X$38,2,FALSE),0)),15-11*$X$5) -> 0.2109
A63: =CHOOSE(1+LOG(1+2*(J63="Meta")+4*(J63="Nível 2")+8*(J63="Nível 3")+16*(J63="Nível 4")+32*(J63="Serviço"),2),0,1,2,3,4,"S") -> S | B63: =IF(OR(A63="S",A63=0),0,IF(ISERROR(I63),H63,SMALL(H63:I63,1))) -> 0 | C63: =IF($A63=1,OFFSET(C63,-1,0)+1,OFFSET(C63,-1,0)) -> 1 | D63: =IF($A63=1,0,IF($A63=2,OFFSET(D63,-1,0)+1,OFFSET(D63,-1,0))) -> 9 | E63: =IF(AND($A63<=2,$A63<>0),0,IF($A63=3,OFFSET(E63,-1,0)+1,OFFSET(E63,-1,0))) -> 0 | F63: =IF(AND($A63<=3,$A63<>0),0,IF($A63=4,OFFSET(F63,-1,0)+1,OFFSET(F63,-1,0))) -> 0 | G63: =IF(AND($A63<=4,$A63<>0),0,IF($A63="S",OFFSET(G63,-1,0)+1,OFFSET(G63,-1,0))) -> 1 | H63: =IF(OR($A63="S",$A63=0),0,MATCH(0,OFFSET($B63,1,$A63,ROW($A$96)-ROW($A63)),0)) -> 0 | I63: =IF(OR($A63="S",$A63=0),0,MATCH(OFFSET($B63,0,$A63)+1,OFFSET($B63,1,$A63,ROW($A$96)-ROW($A63)),0)) -> 0 | J63: Serviço | K63: =IF($A63=0,"-",CONCATENATE(C63&".",IF(AND($A$5>=2,$A63>=2),D63&".",""),IF(AND($A$5>=3,$A63>=3),E63&".",""),IF(AND($A$5>=4,$A63>=4),F63&".",""),IF($A63="S",G63&".",""))) -> 1.9.1. | L63: SINAPI | M63: 88247 | N63: =IF($A63="S",Referencia.Descricao,"(digite a descrição aqui)") -> AUXILIAR DE ELETRICISTA COM ENCARGOS COMPLEMENTARES | O63: =Referencia.Unidade -> H | P63: =OFFSET(PLQ!$E$12,ROW($P63)-ROW(P$12),0) -> 190 | Q63: =Y63 -> 26.13 | R63: BDI 1 | S63: =IF($A63="S",IF($Q$10="Preço Unitário (R$)",PO.CustoUnitario,ROUND(PO.CustoUnitario*(1+$Z63),15-13*$X$6)),0) -> 31.64 | T63: =IF($A63="S",VTOTAL1,IF($A63=0,0,ROUND(SomaAgrup,15-13*$X$7))) -> 6011.6 | U63: =IF($J63="","",IF($N63="","DESCRIÇÃO",IF(AND($J63="Serviço",$O63=""),"UNIDADE",IF($T63<=0,"SEM VALOR",IF(AND($Y63<>"",$Q63>$Y63),"ACIMA REF.",""))))) | V63: =IF(OR($A63=0,$A63="S",$A63>CFF!$A$9),"",MAX(V$12:OFFSET(V63,-1,0))+1) | W63: =IF(AND($J63="Serviço",$M63<>""),IF($L63="",$M63,CONCATENATE($L63,"-",$M63))) -> SINAPI-88247 | X63: =IF(AND(Fonte<>"",Código<>""),MATCH(Fonte&" "&IF(Fonte="sinapi",SUBSTITUTE(SUBSTITUTE(Código,"/00","/"),"/0","/"),Código),INDIRECT("'[Referência "&_xlnm.Database&".xls]Banco'!$a:$a"),0),"X") -> 12834 | Y63: =IF(Import.Desoneracao="sim",Referencia.Desonerado,Referencia.NaoDesonerado) -> 26.13 | Z63: =ROUND(IF(ISNUMBER(R63),R63,IF(LEFT(R63,3)="BDI",HLOOKUP(R63,DADOS!$T$37:$X$38,2,FALSE),0)),15-11*$X$5) -> 0.2109
A64: =CHOOSE(1+LOG(1+2*(J64="Meta")+4*(J64="Nível 2")+8*(J64="Nível 3")+16*(J64="Nível 4")+32*(J64="Serviço"),2),0,1,2,3,4,"S") -> S | B64: =IF(OR(A64="S",A64=0),0,IF(ISERROR(I64),H64,SMALL(H64:I64,1))) -> 0 | C64: =IF($A64=1,OFFSET(C64,-1,0)+1,OFFSET(C64,-1,0)) -> 1 | D64: =IF($A64=1,0,IF($A64=2,OFFSET(D64,-1,0)+1,OFFSET(D64,-1,0))) -> 9 | E64: =IF(AND($A64<=2,$A64<>0),0,IF($A64=3,OFFSET(E64,-1,0)+1,OFFSET(E64,-1,0))) -> 0 | F64: =IF(AND($A64<=3,$A64<>0),0,IF($A64=4,OFFSET(F64,-1,0)+1,OFFSET(F64,-1,0))) -> 0 | G64: =IF(AND($A64<=4,$A64<>0),0,IF($A64="S",OFFSET(G64,-1,0)+1,OFFSET(G64,-1,0))) -> 2 | H64: =IF(OR($A64="S",$A64=0),0,MATCH(0,OFFSET($B64,1,$A64,ROW($A$96)-ROW($A64)),0)) -> 0 | I64: =IF(OR($A64="S",$A64=0),0,MATCH(OFFSET($B64,0,$A64)+1,OFFSET($B64,1,$A64,ROW($A$96)-ROW($A64)),0)) -> 0 | J64: Serviço | K64: =IF($A64=0,"-",CONCATENATE(C64&".",IF(AND($A$5>=2,$A64>=2),D64&".",""),IF(AND($A$5>=3,$A64>=3),E64&".",""),IF(AND($A$5>=4,$A64>=4),F64&".",""),IF($A64="S",G64&".",""))) -> 1.9.2. | L64: SINAPI | M64: 88264 | N64: =IF($A64="S",Referencia.Descricao,"(digite a descrição aqui)") -> ELETRICISTA COM ENCARGOS COMPLEMENTARES | O64: =Referencia.Unidade -> H | P64: =OFFSET(PLQ!$E$12,ROW($P64)-ROW(P$12),0) -> 210 | Q64: =Y64 -> 31.45 | R64: BDI 1 | S64: =IF($A64="S",IF($Q$10="Preço Unitário (R$)",PO.CustoUnitario,ROUND(PO.CustoUnitario*(1+$Z64),15-13*$X$6)),0) -> 38.08 | T64: =IF($A64="S",VTOTAL1,IF($A64=0,0,ROUND(SomaAgrup,15-13*$X$7))) -> 7996.8 | U64: =IF($J64="","",IF($N64="","DESCRIÇÃO",IF(AND($J64="Serviço",$O64=""),"UNIDADE",IF($T64<=0,"SEM VALOR",IF(AND($Y64<>"",$Q64>$Y64),"ACIMA REF.",""))))) | V64: =IF(OR($A64=0,$A64="S",$A64>CFF!$A$9),"",MAX(V$12:OFFSET(V64,-1,0))+1) | W64: =IF(AND($J64="Serviço",$M64<>""),IF($L64="",$M64,CONCATENATE($L64,"-",$M64))) -> SINAPI-88264 | X64: =IF(AND(Fonte<>"",Código<>""),MATCH(Fonte&" "&IF(Fonte="sinapi",SUBSTITUTE(SUBSTITUTE(Código,"/00","/"),"/0","/"),Código),INDIRECT("'[Referência "&_xlnm.Database&".xls]Banco'!$a:$a"),0),"X") -> 13054 | Y64: =IF(Import.Desoneracao="sim",Referencia.Desonerado,Referencia.NaoDesonerado) -> 31.45 | Z64: =ROUND(IF(ISNUMBER(R64),R64,IF(LEFT(R64,3)="BDI",HLOOKUP(R64,DADOS!$T$37:$X$38,2,FALSE),0)),15-11*$X$5) -> 0.2109
A65: =CHOOSE(1+LOG(1+2*(J65="Meta")+4*(J65="Nível 2")+8*(J65="Nível 3")+16*(J65="Nível 4")+32*(J65="Serviço"),2),0,1,2,3,4,"S") -> S | B65: =IF(OR(A65="S",A65=0),0,IF(ISERROR(I65),H65,SMALL(H65:I65,1))) -> 0 | C65: =IF($A65=1,OFFSET(C65,-1,0)+1,OFFSET(C65,-1,0)) -> 1 | D65: =IF($A65=1,0,IF($A65=2,OFFSET(D65,-1,0)+1,OFFSET(D65,-1,0))) -> 9 | E65: =IF(AND($A65<=2,$A65<>0),0,IF($A65=3,OFFSET(E65,-1,0)+1,OFFSET(E65,-1,0))) -> 0 | F65: =IF(AND($A65<=3,$A65<>0),0,IF($A65=4,OFFSET(F65,-1,0)+1,OFFSET(F65,-1,0))) -> 0 | G65: =IF(AND($A65<=4,$A65<>0),0,IF($A65="S",OFFSET(G65,-1,0)+1,OFFSET(G65,-1,0))) -> 3 | H65: =IF(OR($A65="S",$A65=0),0,MATCH(0,OFFSET($B65,1,$A65,ROW($A$96)-ROW($A65)),0)) -> 0 | I65: =IF(OR($A65="S",$A65=0),0,MATCH(OFFSET($B65,0,$A65)+1,OFFSET($B65,1,$A65,ROW($A$96)-ROW($A65)),0)) -> 0 | J65: Serviço | K65: =IF($A65=0,"-",CONCATENATE(C65&".",IF(AND($A$5>=2,$A65>=2),D65&".",""),IF(AND($A$5>=3,$A65>=3),E65&".",""),IF(AND($A$5>=4,$A65>=4),F65&".",""),IF($A65="S",G65&".",""))) -> 1.9.3. | L65: SINAPI-I | M65: 39387 | N65: =IF($A65="S",Referencia.Descricao,"(digite a descrição aqui)") -> LAMPADA LED TUBULAR BIVOLT 18/20 W, BASE G13 | O65: =Referencia.Unidade -> UN | P65: =OFFSET(PLQ!$E$12,ROW($P65)-ROW(P$12),0) -> 84 | Q65: =Y65 -> 8.82 | R65: BDI 1 | S65: =IF($A65="S",IF($Q$10="Preço Unitário (R$)",PO.CustoUnitario,ROUND(PO.CustoUnitario*(1+$Z65),15-13*$X$6)),0) -> 10.68 | T65: =IF($A65="S",VTOTAL1,IF($A65=0,0,ROUND(SomaAgrup,15-13*$X$7))) -> 897.12 | U65: =IF($J65="","",IF($N65="","DESCRIÇÃO",IF(AND($J65="Serviço",$O65=""),"UNIDADE",IF($T65<=0,"SEM VALOR",IF(AND($Y65<>"",$Q65>$Y65),"ACIMA REF.",""))))) | V65: =IF(OR($A65=0,$A65="S",$A65>CFF!$A$9),"",MAX(V$12:OFFSET(V65,-1,0))+1) | W65: =IF(AND($J65="Serviço",$M65<>""),IF($L65="",$M65,CONCATENATE($L65,"-",$M65))) -> SINAPI-I-39387 | X65: =IF(AND(Fonte<>"",Código<>""),MATCH(Fonte&" "&IF(Fonte="sinapi",SUBSTITUTE(SUBSTITUTE(Código,"/00","/"),"/0","/"),Código),INDIRECT("'[Referência "&_xlnm.Database&".xls]Banco'!$a:$a"),0),"X") -> 2578 | Y65: =IF(Import.Desoneracao="sim",Referencia.Desonerado,Referencia.NaoDesonerado) -> 8.82 | Z65: =ROUND(IF(ISNUMBER(R65),R65,IF(LEFT(R65,3)="BDI",HLOOKUP(R65,DADOS!$T$37:$X$38,2,FALSE),0)),15-11*$X$5) -> 0.2109
A66: =CHOOSE(1+LOG(1+2*(J66="Meta")+4*(J66="Nível 2")+8*(J66="Nível 3")+16*(J66="Nível 4")+32*(J66="Serviço"),2),0,1,2,3,4,"S") -> 2 | B66: =IF(OR(A66="S",A66=0),0,IF(ISERROR(I66),H66,SMALL(H66:I66,1))) -> 9 | C66: =IF($A66=1,OFFSET(C66,-1,0)+1,OFFSET(C66,-1,0)) -> 1 | D66: =IF($A66=1,0,IF($A66=2,OFFSET(D66,-1,0)+1,OFFSET(D66,-1,0))) -> 10 | E66: =IF(AND($A66<=2,$A66<>0),0,IF($A66=3,OFFSET(E66,-1,0)+1,OFFSET(E66,-1,0))) -> 0 | F66: =IF(AND($A66<=3,$A66<>0),0,IF($A66=4,OFFSET(F66,-1,0)+1,OFFSET(F66,-1,0))) -> 0 | G66: =IF(AND($A66<=4,$A66<>0),0,IF($A66="S",OFFSET(G66,-1,0)+1,OFFSET(G66,-1,0))) -> 0 | H66: =IF(OR($A66="S",$A66=0),0,MATCH(0,OFFSET($B66,1,$A66,ROW($A$96)-ROW($A66)),0)) -> 9 | I66: =IF(OR($A66="S",$A66=0),0,MATCH(OFFSET($B66,0,$A66)+1,OFFSET($B66,1,$A66,ROW($A$96)-ROW($A66)),0)) -> #N/A | J66: Nível 2 | K66: =IF($A66=0,"-",CONCATENATE(C66&".",IF(AND($A$5>=2,$A66>=2),D66&".",""),IF(AND($A$5>=3,$A66>=3),E66&".",""),IF(AND($A$5>=4,$A66>=4),F66&".",""),IF($A66="S",G66&".",""))) -> 1.10. | N66: ALVENARIA E TELHADO PARA O ABRIGO PARA RESÍDUOS (2,3mx1,50m) | O66: =Referencia.Unidade | P66: =OFFSET(PLQ!$E$12,ROW($P66)-ROW(P$12),0) -> 0 | Q66: =Y66 -> 0 | R66: BDI 1 | S66: =IF($A66="S",IF($Q$10="Preço Unitário (R$)",PO.CustoUnitario,ROUND(PO.CustoUnitario*(1+$Z66),15-13*$X$6)),0) -> 0 | T66: =IF($A66="S",VTOTAL1,IF($A66=0,0,ROUND(SomaAgrup,15-13*$X$7))) -> 4679.99 | U66: =IF($J66="","",IF($N66="","DESCRIÇÃO",IF(AND($J66="Serviço",$O66=""),"UNIDADE",IF($T66<=0,"SEM VALOR",IF(AND($Y66<>"",$Q66>$Y66),"ACIMA REF.",""))))) | V66: =IF(OR($A66=0,$A66="S",$A66>CFF!$A$9),"",MAX(V$12:OFFSET(V66,-1,0))+1) -> 11 | W66: =IF(AND($J66="Serviço",$M66<>""),IF($L66="",$M66,CONCATENATE($L66,"-",$M66))) -> FALSE | X66: =IF(AND(Fonte<>"",Código<>""),MATCH(Fonte&" "&IF(Fonte="sinapi",SUBSTITUTE(SUBSTITUTE(Código,"/00","/"),"/0","/"),Código),INDIRECT("'[Referência "&_xlnm.Database&".xls]Banco'!$a:$a"),0),"X") -> X | Y66: =IF(Import.Desoneracao="sim",Referencia.Desonerado,Referencia.NaoDesonerado) -> 0 | Z66: =ROUND(IF(ISNUMBER(R66),R66,IF(LEFT(R66,3)="BDI",HLOOKUP(R66,DADOS!$T$37:$X$38,2,FALSE),0)),15-11*$X$5) -> 0.2109
A67: =CHOOSE(1+LOG(1+2*(J67="Meta")+4*(J67="Nível 2")+8*(J67="Nível 3")+16*(J67="Nível 4")+32*(J67="Serviço"),2),0,1,2,3,4,"S") -> S | B67: =IF(OR(A67="S",A67=0),0,IF(ISERROR(I67),H67,SMALL(H67:I67,1))) -> 0 | C67: =IF($A67=1,OFFSET(C67,-1,0)+1,OFFSET(C67,-1,0)) -> 1 | D67: =IF($A67=1,0,IF($A67=2,OFFSET(D67,-1,0)+1,OFFSET(D67,-1,0))) -> 10 | E67: =IF(AND($A67<=2,$A67<>0),0,IF($A67=3,OFFSET(E67,-1,0)+1,OFFSET(E67,-1,0))) -> 0 | F67: =IF(AND($A67<=3,$A67<>0),0,IF($A67=4,OFFSET(F67,-1,0)+1,OFFSET(F67,-1,0))) -> 0 | G67: =IF(AND($A67<=4,$A67<>0),0,IF($A67="S",OFFSET(G67,-1,0)+1,OFFSET(G67,-1,0))) -> 1 | H67: =IF(OR($A67="S",$A67=0),0,MATCH(0,OFFSET($B67,1,$A67,ROW($A$96)-ROW($A67)),0)) -> 0 | I67: =IF(OR($A67="S",$A67=0),0,MATCH(OFFSET($B67,0,$A67)+1,OFFSET($B67,1,$A67,ROW($A$96)-ROW($A67)),0)) -> 0 | J67: Serviço | K67: =IF($A67=0,"-",CONCATENATE(C67&".",IF(AND($A$5>=2,$A67>=2),D67&".",""),IF(AND($A$5>=3,$A67>=3),E67&".",""),IF(AND($A$5>=4,$A67>=4),F67&".",""),IF($A67="S",G67&".",""))) -> 1.10.1. | L67: SINAPI | M67: 96557 | N67: =IF($A67="S",Referencia.Descricao,"(digite a descrição aqui)") -> CONCRETAGEM DE BLOCO DE COROAMENTO OU VIGA BALDRAME, FCK 30 MPA, COM USO DE BOMBA - LANÇAMENTO, ADENSAMENTO E ACABAMENTO. AF_01/2024 | O67: =Referencia.Unidade -> M3 | P67: =OFFSET(PLQ!$E$12,ROW($P67)-ROW(P$12),0) -> 0.46 | Q67: =Y67 -> 774.14 | R67: BDI 1 | S67: =IF($A67="S",IF($Q$10="Preço Unitário (R$)",PO.CustoUnitario,ROUND(PO.CustoUnitario*(1+$Z67),15-13*$X$6)),0) -> 937.41 | T67: =IF($A67="S",VTOTAL1,IF($A67=0,0,ROUND(SomaAgrup,15-13*$X$7))) -> 431.21 | U67: =IF($J67="","",IF($N67="","DESCRIÇÃO",IF(AND($J67="Serviço",$O67=""),"UNIDADE",IF($T67<=0,"SEM VALOR",IF(AND($Y67<>"",$Q67>$Y67),"ACIMA REF.",""))))) | V67: =IF(OR($A67=0,$A67="S",$A67>CFF!$A$9),"",MAX(V$12:OFFSET(V67,-1,0))+1) | W67: =IF(AND($J67="Serviço",$M67<>""),IF($L67="",$M67,CONCATENATE($L67,"-",$M67))) -> SINAPI-96557 | X67: =IF(AND(Fonte<>"",Código<>""),MATCH(Fonte&" "&IF(Fonte="sinapi",SUBSTITUTE(SUBSTITUTE(Código,"/00","/"),"/0","/"),Código),INDIRECT("'[Referência "&_xlnm.Database&".xls]Banco'!$a:$a"),0),"X") -> 10002 | Y67: =IF(Import.Desoneracao="sim",Referencia.Desonerado,Referencia.NaoDesonerado) -> 774.14 | Z67: =ROUND(IF(ISNUMBER(R67),R67,IF(LEFT(R67,3)="BDI",HLOOKUP(R67,DADOS!$T$37:$X$38,2,FALSE),0)),15-11*$X$5) -> 0.2109
A68: =CHOOSE(1+LOG(1+2*(J68="Meta")+4*(J68="Nível 2")+8*(J68="Nível 3")+16*(J68="Nível 4")+32*(J68="Serviço"),2),0,1,2,3,4,"S") -> S | B68: =IF(OR(A68="S",A68=0),0,IF(ISERROR(I68),H68,SMALL(H68:I68,1))) -> 0 | C68: =IF($A68=1,OFFSET(C68,-1,0)+1,OFFSET(C68,-1,0)) -> 1 | D68: =IF($A68=1,0,IF($A68=2,OFFSET(D68,-1,0)+1,OFFSET(D68,-1,0))) -> 10 | E68: =IF(AND($A68<=2,$A68<>0),0,IF($A68=3,OFFSET(E68,-1,0)+1,OFFSET(E68,-1,0))) -> 0 | F68: =IF(AND($A68<=3,$A68<>0),0,IF($A68=4,OFFSET(F68,-1,0)+1,OFFSET(F68,-1,0))) -> 0 | G68: =IF(AND($A68<=4,$A68<>0),0,IF($A68="S",OFFSET(G68,-1,0)+1,OFFSET(G68,-1,0))) -> 2 | H68: =IF(OR($A68="S",$A68=0),0,MATCH(0,OFFSET($B68,1,$A68,ROW($A$96)-ROW($A68)),0)) -> 0 | I68: =IF(OR($A68="S",$A68=0),0,MATCH(OFFSET($B68,0,$A68)+1,OFFSET($B68,1,$A68,ROW($A$96)-ROW($A68)),0)) -> 0 | J68: Serviço | K68: =IF($A68=0,"-",CONCATENATE(C68&".",IF(AND($A$5>=2,$A68>=2),D68&".",""),IF(AND($A$5>=3,$A68>=3),E68&".",""),IF(AND($A$5>=4,$A68>=4),F68&".",""),IF($A68="S",G68&".",""))) -> 1.10.2. | L68: SINAPI | M68: 96536 | N68: =IF($A68="S",Referencia.Descricao,"(digite a descrição aqui)") -> FABRICAÇÃO, MONTAGEM E DESMONTAGEM DE FÔRMA PARA VIGA BALDRAME, EM MADEIRA SERRADA, E=25 MM, 4 UTILIZAÇÕES. AF_01/2024 | O68: =Referencia.Unidade -> M2 | P68: =OFFSET(PLQ!$E$12,ROW($P68)-ROW(P$12),0) -> 2.28 | Q68: =Y68 -> 66.76 | R68: BDI 1 | S68: =IF($A68="S",IF($Q$10="Preço Unitário (R$)",PO.CustoUnitario,ROUND(PO.CustoUnitario*(1+$Z68),15-13*$X$6)),0) -> 80.84 | T68: =IF($A68="S",VTOTAL1,IF($A68=0,0,ROUND(SomaAgrup,15-13*$X$7))) -> 184.32 | U68: =IF($J68="","",IF($N68="","DESCRIÇÃO",IF(AND($J68="Serviço",$O68=""),"UNIDADE",IF($T68<=0,"SEM VALOR",IF(AND($Y68<>"",$Q68>$Y68),"ACIMA REF.",""))))) | V68: =IF(OR($A68=0,$A68="S",$A68>CFF!$A$9),"",MAX(V$12:OFFSET(V68,-1,0))+1) | W68: =IF(AND($J68="Serviço",$M68<>""),IF($L68="",$M68,CONCATENATE($L68,"-",$M68))) -> SINAPI-96536 | X68: =IF(AND(Fonte<>"",Código<>""),MATCH(Fonte&" "&IF(Fonte="sinapi",SUBSTITUTE(SUBSTITUTE(Código,"/00","/"),"/0","/"),Código),INDIRECT("'[Referência "&_xlnm.Database&".xls]Banco'!$a:$a"),0),"X") -> 10035 | Y68: =IF(Import.Desoneracao="sim",Referencia.Desonerado,Referencia.NaoDesonerado) -> 66.76 | Z68: =ROUND(IF(ISNUMBER(R68),R68,IF(LEFT(R68,3)="BDI",HLOOKUP(R68,DADOS!$T$37:$X$38,2,FALSE),0)),15-11*$X$5) -> 0.2109
A69: =CHOOSE(1+LOG(1+2*(J69="Meta")+4*(J69="Nível 2")+8*(J69="Nível 3")+16*(J69="Nível 4")+32*(J69="Serviço"),2),0,1,2,3,4,"S") -> S | B69: =IF(OR(A69="S",A69=0),0,IF(ISERROR(I69),H69,SMALL(H69:I69,1))) -> 0 | C69: =IF($A69=1,OFFSET(C69,-1,0)+1,OFFSET(C69,-1,0)) -> 1 | D69: =IF($A69=1,0,IF($A69=2,OFFSET(D69,-1,0)+1,OFFSET(D69,-1,0))) -> 10 | E69: =IF(AND($A69<=2,$A69<>0),0,IF($A69=3,OFFSET(E69,-1,0)+1,OFFSET(E69,-1,0))) -> 0 | F69: =IF(AND($A69<=3,$A69<>0),0,IF($A69=4,OFFSET(F69,-1,0)+1,OFFSET(F69,-1,0))) -> 0 | G69: =IF(AND($A69<=4,$A69<>0),0,IF($A69="S",OFFSET(G69,-1,0)+1,OFFSET(G69,-1,0))) -> 3 | H69: =IF(OR($A69="S",$A69=0),0,MATCH(0,OFFSET($B69,1,$A69,ROW($A$96)-ROW($A69)),0)) -> 0 | I69: =IF(OR($A69="S",$A69=0),0,MATCH(OFFSET($B69,0,$A69)+1,OFFSET($B69,1,$A69,ROW($A$96)-ROW($A69)),0)) -> 0 | J69: Serviço | K69: =IF($A69=0,"-",CONCATENATE(C69&".",IF(AND($A$5>=2,$A69>=2),D69&".",""),IF(AND($A$5>=3,$A69>=3),E69&".",""),IF(AND($A$5>=4,$A69>=4),F69&".",""),IF($A69="S",G69&".",""))) -> 1.10.3. | L69: SINAPI | M69: 96544 | N69: =IF($A69="S",Referencia.Descricao,"(digite a descrição aqui)") -> ARMAÇÃO DE BLOCO UTILIZANDO AÇO CA-50 DE 6,3 MM - MONTAGEM. AF_01/2024 | O69: =Referencia.Unidade -> KG | P69: =OFFSET(PLQ!$E$12,ROW($P69)-ROW(P$12),0) -> 9.02 | Q69: =Y69 -> 19.03 | R69: BDI 1 | S69: =IF($A69="S",IF($Q$10="Preço Unitário (R$)",PO.CustoUnitario,ROUND(PO.CustoUnitario*(1+$Z69),15-13*$X$6)),0) -> 23.04 | T69: =IF($A69="S",VTOTAL1,IF($A69=0,0,ROUND(SomaAgrup,15-13*$X$7))) -> 207.82 | U69: =IF($J69="","",IF($N69="","DESCRIÇÃO",IF(AND($J69="Serviço",$O69=""),"UNIDADE",IF($T69<=0,"SEM VALOR",IF(AND($Y69<>"",$Q69>$Y69),"ACIMA REF.",""))))) | V69: =IF(OR($A69=0,$A69="S",$A69>CFF!$A$9),"",MAX(V$12:OFFSET(V69,-1,0))+1) | W69: =IF(AND($J69="Serviço",$M69<>""),IF($L69="",$M69,CONCATENATE($L69,"-",$M69))) -> SINAPI-96544 | X69: =IF(AND(Fonte<>"",Código<>""),MATCH(Fonte&" "&IF(Fonte="sinapi",SUBSTITUTE(SUBSTITUTE(Código,"/00","/"),"/0","/"),Código),INDIRECT("'[Referência "&_xlnm.Database&".xls]Banco'!$a:$a"),0),"X") -> 9992 | Y69: =IF(Import.Desoneracao="sim",Referencia.Desonerado,Referencia.NaoDesonerado) -> 19.03 | Z69: =ROUND(IF(ISNUMBER(R69),R69,IF(LEFT(R69,3)="BDI",HLOOKUP(R69,DADOS!$T$37:$X$38,2,FALSE),0)),15-11*$X$5) -> 0.2109
A70: =CHOOSE(1+LOG(1+2*(J70="Meta")+4*(J70="Nível 2")+8*(J70="Nível 3")+16*(J70="Nível 4")+32*(J70="Serviço"),2),0,1,2,3,4,"S") -> S | B70: =IF(OR(A70="S",A70=0),0,IF(ISERROR(I70),H70,SMALL(H70:I70,1))) -> 0 | C70: =IF($A70=1,OFFSET(C70,-1,0)+1,OFFSET(C70,-1,0)) -> 1 | D70: =IF($A70=1,0,IF($A70=2,OFFSET(D70,-1,0)+1,OFFSET(D70,-1,0))) -> 10 | E70: =IF(AND($A70<=2,$A70<>0),0,IF($A70=3,OFFSET(E70,-1,0)+1,OFFSET(E70,-1,0))) -> 0 | F70: =IF(AND($A70<=3,$A70<>0),0,IF($A70=4,OFFSET(F70,-1,0)+1,OFFSET(F70,-1,0))) -> 0 | G70: =IF(AND($A70<=4,$A70<>0),0,IF($A70="S",OFFSET(G70,-1,0)+1,OFFSET(G70,-1,0))) -> 4 | H70: =IF(OR($A70="S",$A70=0),0,MATCH(0,OFFSET($B70,1,$A70,ROW($A$96)-ROW($A70)),0)) -> 0 | I70: =IF(OR($A70="S",$A70=0),0,MATCH(OFFSET($B70,0,$A70)+1,OFFSET($B70,1,$A70,ROW($A$96)-ROW($A70)),0)) -> 0 | J70: Serviço | K70: =IF($A70=0,"-",CONCATENATE(C70&".",IF(AND($A$5>=2,$A70>=2),D70&".",""),IF(AND($A$5>=3,$A70>=3),E70&".",""),IF(AND($A$5>=4,$A70>=4),F70&".",""),IF($A70="S",G70&".",""))) -> 1.10.4. | L70: SINAPI | M70: 98557 | N70: =IF($A70="S",Referencia.Descricao,"(digite a descrição aqui)") -> IMPERMEABILIZAÇÃO DE SUPERFÍCIE COM EMULSÃO ASFÁLTICA, 2 DEMÃOS. AF_09/2023 | O70: =Referencia.Unidade -> M2 | P70: =OFFSET(PLQ!$E$12,ROW($P70)-ROW(P$12),0) -> 7.6 | Q70: =Y70 -> 48.26 | R70: BDI 1 | S70: =IF($A70="S",IF($Q$10="Preço Unitário (R$)",PO.CustoUnitario,ROUND(PO.CustoUnitario*(1+$Z70),15-13*$X$6)),0) -> 58.44 | T70: =IF($A70="S",VTOTAL1,IF($A70=0,0,ROUND(SomaAgrup,15-13*$X$7))) -> 444.14 | U70: =IF($J70="","",IF($N70="","DESCRIÇÃO",IF(AND($J70="Serviço",$O70=""),"UNIDADE",IF($T70<=0,"SEM VALOR",IF(AND($Y70<>"",$Q70>$Y70),"ACIMA REF.",""))))) | V70: =IF(OR($A70=0,$A70="S",$A70>CFF!$A$9),"",MAX(V$12:OFFSET(V70,-1,0))+1) | W70: =IF(AND($J70="Serviço",$M70<>""),IF($L70="",$M70,CONCATENATE($L70,"-",$M70))) -> SINAPI-98557 | X70: =IF(AND(Fonte<>"",Código<>""),MATCH(Fonte&" "&IF(Fonte="sinapi",SUBSTITUTE(SUBSTITUTE(Código,"/00","/"),"/0","/"),Código),INDIRECT("'[Referência "&_xlnm.Database&".xls]Banco'!$a:$a"),0),"X") -> 10347 | Y70: =IF(Import.Desoneracao="sim",Referencia.Desonerado,Referencia.NaoDesonerado) -> 48.26 | Z70: =ROUND(IF(ISNUMBER(R70),R70,IF(LEFT(R70,3)="BDI",HLOOKUP(R70,DADOS!$T$37:$X$38,2,FALSE),0)),15-11*$X$5) -> 0.2109
A71: =CHOOSE(1+LOG(1+2*(J71="Meta")+4*(J71="Nível 2")+8*(J71="Nível 3")+16*(J71="Nível 4")+32*(J71="Serviço"),2),0,1,2,3,4,"S") -> S | B71: =IF(OR(A71="S",A71=0),0,IF(ISERROR(I71),H71,SMALL(H71:I71,1))) -> 0 | C71: =IF($A71=1,OFFSET(C71,-1,0)+1,OFFSET(C71,-1,0)) -> 1 | D71: =IF($A71=1,0,IF($A71=2,OFFSET(D71,-1,0)+1,OFFSET(D71,-1,0))) -> 10 | E71: =IF(AND($A71<=2,$A71<>0),0,IF($A71=3,OFFSET(E71,-1,0)+1,OFFSET(E71,-1,0))) -> 0 | F71: =IF(AND($A71<=3,$A71<>0),0,IF($A71=4,OFFSET(F71,-1,0)+1,OFFSET(F71,-1,0))) -> 0 | G71: =IF(AND($A71<=4,$A71<>0),0,IF($A71="S",OFFSET(G71,-1,0)+1,OFFSET(G71,-1,0))) -> 5 | H71: =IF(OR($A71="S",$A71=0),0,MATCH(0,OFFSET($B71,1,$A71,ROW($A$96)-ROW($A71)),0)) -> 0 | I71: =IF(OR($A71="S",$A71=0),0,MATCH(OFFSET($B71,0,$A71)+1,OFFSET($B71,1,$A71,ROW($A$96)-ROW($A71)),0)) -> 0 | J71: Serviço | K71: =IF($A71=0,"-",CONCATENATE(C71&".",IF(AND($A$5>=2,$A71>=2),D71&".",""),IF(AND($A$5>=3,$A71>=3),E71&".",""),IF(AND($A$5>=4,$A71>=4),F71&".",""),IF($A71="S",G71&".",""))) -> 1.10.5. | L71: SINAPI | M71: 103076 | N71: =IF($A71="S",Referencia.Descricao,"(digite a descrição aqui)") -> EXECUÇÃO DE LAJE SOBRE SOLO, ESPESSURA DE 10 CM, FCK = 30 MPA, COM USO DE FORMAS EM MADEIRA SERRADA. AF_09/2021 | O71: =Referencia.Unidade -> M2 | P71: =OFFSET(PLQ!$E$12,ROW($P71)-ROW(P$12),0) -> 3.45 | Q71: =Y71 -> 156.04 | R71: BDI 1 | S71: =IF($A71="S",IF($Q$10="Preço Unitário (R$)",PO.CustoUnitario,ROUND(PO.CustoUnitario*(1+$Z71),15-13*$X$6)),0) -> 188.95 | T71: =IF($A71="S",VTOTAL1,IF($A71=0,0,ROUND(SomaAgrup,15-13*$X$7))) -> 651.88 | U71: =IF($J71="","",IF($N71="","DESCRIÇÃO",IF(AND($J71="Serviço",$O71=""),"UNIDADE",IF($T71<=0,"SEM VALOR",IF(AND($Y71<>"",$Q71>$Y71),"ACIMA REF.",""))))) | V71: =IF(OR($A71=0,$A71="S",$A71>CFF!$A$9),"",MAX(V$12:OFFSET(V71,-1,0))+1) | W71: =IF(AND($J71="Serviço",$M71<>""),IF($L71="",$M71,CONCATENATE($L71,"-",$M71))) -> SINAPI-103076 | X71: =IF(AND(Fonte<>"",Código<>""),MATCH(Fonte&" "&IF(Fonte="sinapi",SUBSTITUTE(SUBSTITUTE(Código,"/00","/"),"/0","/"),Código),INDIRECT("'[Referência "&_xlnm.Database&".xls]Banco'!$a:$a"),0),"X") -> 14402 | Y71: =IF(Import.Desoneracao="sim",Referencia.Desonerado,Referencia.NaoDesonerado) -> 156.04 | Z71: =ROUND(IF(ISNUMBER(R71),R71,IF(LEFT(R71,3)="BDI",HLOOKUP(R71,DADOS!$T$37:$X$38,2,FALSE),0)),15-11*$X$5) -> 0.2109
A72: =CHOOSE(1+LOG(1+2*(J72="Meta")+4*(J72="Nível 2")+8*(J72="Nível 3")+16*(J72="Nível 4")+32*(J72="Serviço"),2),0,1,2,3,4,"S") -> S | B72: =IF(OR(A72="S",A72=0),0,IF(ISERROR(I72),H72,SMALL(H72:I72,1))) -> 0 | C72: =IF($A72=1,OFFSET(C72,-1,0)+1,OFFSET(C72,-1,0)) -> 1 | D72: =IF($A72=1,0,IF($A72=2,OFFSET(D72,-1,0)+1,OFFSET(D72,-1,0))) -> 10 | E72: =IF(AND($A72<=2,$A72<>0),0,IF($A72=3,OFFSET(E72,-1,0)+1,OFFSET(E72,-1,0))) -> 0 | F72: =IF(AND($A72<=3,$A72<>0),0,IF($A72=4,OFFSET(F72,-1,0)+1,OFFSET(F72,-1,0))) -> 0 | G72: =IF(AND($A72<=4,$A72<>0),0,IF($A72="S",OFFSET(G72,-1,0)+1,OFFSET(G72,-1,0))) -> 6 | H72: =IF(OR($A72="S",$A72=0),0,MATCH(0,OFFSET($B72,1,$A72,ROW($A$96)-ROW($A72)),0)) -> 0 | I72: =IF(OR($A72="S",$A72=0),0,MATCH(OFFSET($B72,0,$A72)+1,OFFSET($B72,1,$A72,ROW($A$96)-ROW($A72)),0)) -> 0 | J72: Serviço | K72: =IF($A72=0,"-",CONCATENATE(C72&".",IF(AND($A$5>=2,$A72>=2),D72&".",""),IF(AND($A$5>=3,$A72>=3),E72&".",""),IF(AND($A$5>=4,$A72>=4),F72&".",""),IF($A72="S",G72&".",""))) -> 1.10.6. | L72: SINAPI | M72: 103328 | N72: =IF($A72="S",Referencia.Descricao,"(digite a descrição aqui)") -> ALVENARIA DE VEDAÇÃO DE BLOCOS CERÂMICOS FURADOS NA HORIZONTAL DE 9X19X19 CM (ESPESSURA 9 CM) E ARGAMASSA DE ASSENTAMENTO COM PREPARO EM BETONEIRA. AF_12/2021 | O72: =Referencia.Unidade -> M2 | P72: =OFFSET(PLQ!$E$12,ROW($P72)-ROW(P$12),0) -> 19 | Q72: =Y72 -> 98.88 | R72: BDI 1 | S72: =IF($A72="S",IF($Q$10="Preço Unitário (R$)",PO.CustoUnitario,ROUND(PO.CustoUnitario*(1+$Z72),15-13*$X$6)),0) -> 119.73 | T72: =IF($A72="S",VTOTAL1,IF($A72=0,0,ROUND(SomaAgrup,15-13*$X$7))) -> 2274.87 | U72: =IF($J72="","",IF($N72="","DESCRIÇÃO",IF(AND($J72="Serviço",$O72=""),"UNIDADE",IF($T72<=0,"SEM VALOR",IF(AND($Y72<>"",$Q72>$Y72),"ACIMA REF.",""))))) | V72: =IF(OR($A72=0,$A72="S",$A72>CFF!$A$9),"",MAX(V$12:OFFSET(V72,-1,0))+1) | W72: =IF(AND($J72="Serviço",$M72<>""),IF($L72="",$M72,CONCATENATE($L72,"-",$M72))) -> SINAPI-103328 | X72: =IF(AND(Fonte<>"",Código<>""),MATCH(Fonte&" "&IF(Fonte="sinapi",SUBSTITUTE(SUBSTITUTE(Código,"/00","/"),"/0","/"),Código),INDIRECT("'[Referência "&_xlnm.Database&".xls]Banco'!$a:$a"),0),"X") -> 6075 | Y72: =IF(Import.Desoneracao="sim",Referencia.Desonerado,Referencia.NaoDesonerado) -> 98.88 | Z72: =ROUND(IF(ISNUMBER(R72),R72,IF(LEFT(R72,3)="BDI",HLOOKUP(R72,DADOS!$T$37:$X$38,2,FALSE),0)),15-11*$X$5) -> 0.2109
A73: =CHOOSE(1+LOG(1+2*(J73="Meta")+4*(J73="Nível 2")+8*(J73="Nível 3")+16*(J73="Nível 4")+32*(J73="Serviço"),2),0,1,2,3,4,"S") -> S | B73: =IF(OR(A73="S",A73=0),0,IF(ISERROR(I73),H73,SMALL(H73:I73,1))) -> 0 | C73: =IF($A73=1,OFFSET(C73,-1,0)+1,OFFSET(C73,-1,0)) -> 1 | D73: =IF($A73=1,0,IF($A73=2,OFFSET(D73,-1,0)+1,OFFSET(D73,-1,0))) -> 10 | E73: =IF(AND($A73<=2,$A73<>0),0,IF($A73=3,OFFSET(E73,-1,0)+1,OFFSET(E73,-1,0))) -> 0 | F73: =IF(AND($A73<=3,$A73<>0),0,IF($A73=4,OFFSET(F73,-1,0)+1,OFFSET(F73,-1,0))) -> 0 | G73: =IF(AND($A73<=4,$A73<>0),0,IF($A73="S",OFFSET(G73,-1,0)+1,OFFSET(G73,-1,0))) -> 7 | H73: =IF(OR($A73="S",$A73=0),0,MATCH(0,OFFSET($B73,1,$A73,ROW($A$96)-ROW($A73)),0)) -> 0 | I73: =IF(OR($A73="S",$A73=0),0,MATCH(OFFSET($B73,0,$A73)+1,OFFSET($B73,1,$A73,ROW($A$96)-ROW($A73)),0)) -> 0 | J73: Serviço | K73: =IF($A73=0,"-",CONCATENATE(C73&".",IF(AND($A$5>=2,$A73>=2),D73&".",""),IF(AND($A$5>=3,$A73>=3),E73&".",""),IF(AND($A$5>=4,$A73>=4),F73&".",""),IF($A73="S",G73&".",""))) -> 1.10.7. | L73: SINAPI | M73: 92543 | N73: =IF($A73="S",Referencia.Descricao,"(digite a descrição aqui)") -> TRAMA DE MADEIRA COMPOSTA POR TERÇAS PARA TELHADOS DE ATÉ 2 ÁGUAS PARA TELHA ONDULADA DE FIBROCIMENTO, METÁLICA, PLÁSTICA OU TERMOACÚSTICA, INCLUSO TRANSPORTE VERTICAL. AF_07/2019 | O73: =Referencia.Unidade -> M2 | P73: =OFFSET(PLQ!$E$12,ROW($P73)-ROW(P$12),0) -> 4.79 | Q73: =Y73 -> 22.68 | R73: BDI 1 | S73: =IF($A73="S",IF($Q$10="Preço Unitário (R$)",PO.CustoUnitario,ROUND(PO.CustoUnitario*(1+$Z73),15-13*$X$6)),0) -> 27.46 | T73: =IF($A73="S",VTOTAL1,IF($A73=0,0,ROUND(SomaAgrup,15-13*$X$7))) -> 131.53 | U73: =IF($J73="","",IF($N73="","DESCRIÇÃO",IF(AND($J73="Serviço",$O73=""),"UNIDADE",IF($T73<=0,"SEM VALOR",IF(AND($Y73<>"",$Q73>$Y73),"ACIMA REF.",""))))) | V73: =IF(OR($A73=0,$A73="S",$A73>CFF!$A$9),"",MAX(V$12:OFFSET(V73,-1,0))+1) | W73: =IF(AND($J73="Serviço",$M73<>""),IF($L73="",$M73,CONCATENATE($L73,"-",$M73))) -> SINAPI-92543 | X73: =IF(AND(Fonte<>"",Código<>""),MATCH(Fonte&" "&IF(Fonte="sinapi",SUBSTITUTE(SUBSTITUTE(Código,"/00","/"),"/0","/"),Código),INDIRECT("'[Referência "&_xlnm.Database&".xls]Banco'!$a:$a"),0),"X") -> 9746 | Y73: =IF(Import.Desoneracao="sim",Referencia.Desonerado,Referencia.NaoDesonerado) -> 22.68 | Z73: =ROUND(IF(ISNUMBER(R73),R73,IF(LEFT(R73,3)="BDI",HLOOKUP(R73,DADOS!$T$37:$X$38,2,FALSE),0)),15-11*$X$5) -> 0.2109
A74: =CHOOSE(1+LOG(1+2*(J74="Meta")+4*(J74="Nível 2")+8*(J74="Nível 3")+16*(J74="Nível 4")+32*(J74="Serviço"),2),0,1,2,3,4,"S") -> S | B74: =IF(OR(A74="S",A74=0),0,IF(ISERROR(I74),H74,SMALL(H74:I74,1))) -> 0 | C74: =IF($A74=1,OFFSET(C74,-1,0)+1,OFFSET(C74,-1,0)) -> 1 | D74: =IF($A74=1,0,IF($A74=2,OFFSET(D74,-1,0)+1,OFFSET(D74,-1,0))) -> 10 | E74: =IF(AND($A74<=2,$A74<>0),0,IF($A74=3,OFFSET(E74,-1,0)+1,OFFSET(E74,-1,0))) -> 0 | F74: =IF(AND($A74<=3,$A74<>0),0,IF($A74=4,OFFSET(F74,-1,0)+1,OFFSET(F74,-1,0))) -> 0 | G74: =IF(AND($A74<=4,$A74<>0),0,IF($A74="S",OFFSET(G74,-1,0)+1,OFFSET(G74,-1,0))) -> 8 | H74: =IF(OR($A74="S",$A74=0),0,MATCH(0,OFFSET($B74,1,$A74,ROW($A$96)-ROW($A74)),0)) -> 0 | I74: =IF(OR($A74="S",$A74=0),0,MATCH(OFFSET($B74,0,$A74)+1,OFFSET($B74,1,$A74,ROW($A$96)-ROW($A74)),0)) -> 0 | J74: Serviço | K74: =IF($A74=0,"-",CONCATENATE(C74&".",IF(AND($A$5>=2,$A74>=2),D74&".",""),IF(AND($A$5>=3,$A74>=3),E74&".",""),IF(AND($A$5>=4,$A74>=4),F74&".",""),IF($A74="S",G74&".",""))) -> 1.10.8. | L74: SINAPI | M74: 94213 | N74: =IF($A74="S",Referencia.Descricao,"(digite a descrição aqui)") -> TELHAMENTO COM TELHA DE AÇO/ALUMÍNIO E = 0,5 MM, COM ATÉ 2 ÁGUAS, INCLUSO IÇAMENTO. AF_07/2019 | O74: =Referencia.Unidade -> M2 | P74: =OFFSET(PLQ!$E$12,ROW($P74)-ROW(P$12),0) -> 4.79 | Q74: =Y74 -> 61.07 | R74: BDI 1 | S74: =IF($A74="S",IF($Q$10="Preço Unitário (R$)",PO.CustoUnitario,ROUND(PO.CustoUnitario*(1+$Z74),15-13*$X$6)),0) -> 73.95 | T74: =IF($A74="S",VTOTAL1,IF($A74=0,0,ROUND(SomaAgrup,15-13*$X$7))) -> 354.22 | U74: =IF($J74="","",IF($N74="","DESCRIÇÃO",IF(AND($J74="Serviço",$O74=""),"UNIDADE",IF($T74<=0,"SEM VALOR",IF(AND($Y74<>"",$Q74>$Y74),"ACIMA REF.",""))))) | V74: =IF(OR($A74=0,$A74="S",$A74>CFF!$A$9),"",MAX(V$12:OFFSET(V74,-1,0))+1) | W74: =IF(AND($J74="Serviço",$M74<>""),IF($L74="",$M74,CONCATENATE($L74,"-",$M74))) -> SINAPI-94213 | X74: =IF(AND(Fonte<>"",Código<>""),MATCH(Fonte&" "&IF(Fonte="sinapi",SUBSTITUTE(SUBSTITUTE(Código,"/00","/"),"/0","/"),Código),INDIRECT("'[Referência "&_xlnm.Database&".xls]Banco'!$a:$a"),0),"X") -> 15077 | Y74: =IF(Import.Desoneracao="sim",Referencia.Desonerado,Referencia.NaoDesonerado) -> 61.07 | Z74: =ROUND(IF(ISNUMBER(R74),R74,IF(LEFT(R74,3)="BDI",HLOOKUP(R74,DADOS!$T$37:$X$38,2,FALSE),0)),15-11*$X$5) -> 0.2109
A75: =CHOOSE(1+LOG(1+2*(J75="Meta")+4*(J75="Nível 2")+8*(J75="Nível 3")+16*(J75="Nível 4")+32*(J75="Serviço"),2),0,1,2,3,4,"S") -> 1 | B75: =IF(OR(A75="S",A75=0),0,IF(ISERROR(I75),H75,SMALL(H75:I75,1))) -> 21 | C75: =IF($A75=1,OFFSET(C75,-1,0)+1,OFFSET(C75,-1,0)) -> 2 | D75: =IF($A75=1,0,IF($A75=2,OFFSET(D75,-1,0)+1,OFFSET(D75,-1,0))) -> 0 | E75: =IF(AND($A75<=2,$A75<>0),0,IF($A75=3,OFFSET(E75,-1,0)+1,OFFSET(E75,-1,0))) -> 0 | F75: =IF(AND($A75<=3,$A75<>0),0,IF($A75=4,OFFSET(F75,-1,0)+1,OFFSET(F75,-1,0))) -> 0 | G75: =IF(AND($A75<=4,$A75<>0),0,IF($A75="S",OFFSET(G75,-1,0)+1,OFFSET(G75,-1,0))) -> 0 | H75: =IF(OR($A75="S",$A75=0),0,MATCH(0,OFFSET($B75,1,$A75,ROW($A$96)-ROW($A75)),0)) -> 21 | I75: =IF(OR($A75="S",$A75=0),0,MATCH(OFFSET($B75,0,$A75)+1,OFFSET($B75,1,$A75,ROW($A$96)-ROW($A75)),0)) -> #N/A | J75: Meta | K75: =IF($A75=0,"-",CONCATENATE(C75&".",IF(AND($A$5>=2,$A75>=2),D75&".",""),IF(AND($A$5>=3,$A75>=3),E75&".",""),IF(AND($A$5>=4,$A75>=4),F75&".",""),IF($A75="S",G75&".",""))) -> 2. | N75: REVITALIZAÇÃO DO PÁTIO | O75: =Referencia.Unidade | P75: =OFFSET(PLQ!$E$12,ROW($P75)-ROW(P$12),0) -> 0 | R75: BDI 1 | S75: =IF($A75="S",IF($Q$10="Preço Unitário (R$)",PO.CustoUnitario,ROUND(PO.CustoUnitario*(1+$Z75),15-13*$X$6)),0) -> 0 | T75: =IF($A75="S",VTOTAL1,IF($A75=0,0,ROUND(SomaAgrup,15-13*$X$7))) -> 113600.31 | U75: =IF($J75="","",IF($N75="","DESCRIÇÃO",IF(AND($J75="Serviço",$O75=""),"UNIDADE",IF($T75<=0,"SEM VALOR",IF(AND($Y75<>"",$Q75>$Y75),"ACIMA REF.",""))))) | V75: =IF(OR($A75=0,$A75="S",$A75>CFF!$A$9),"",MAX(V$12:OFFSET(V75,-1,0))+1) -> 12 | W75: =IF(AND($J75="Serviço",$M75<>""),IF($L75="",$M75,CONCATENATE($L75,"-",$M75))) -> FALSE | X75: =IF(AND(Fonte<>"",Código<>""),MATCH(Fonte&" "&IF(Fonte="sinapi",SUBSTITUTE(SUBSTITUTE(Código,"/00","/"),"/0","/"),Código),INDIRECT("'[Referência "&_xlnm.Database&".xls]Banco'!$a:$a"),0),"X") -> X | Y75: =IF(Import.Desoneracao="sim",Referencia.Desonerado,Referencia.NaoDesonerado) -> 0 | Z75: =ROUND(IF(ISNUMBER(R75),R75,IF(LEFT(R75,3)="BDI",HLOOKUP(R75,DADOS!$T$37:$X$38,2,FALSE),0)),15-11*$X$5) -> 0.2109
A76: =CHOOSE(1+LOG(1+2*(J76="Meta")+4*(J76="Nível 2")+8*(J76="Nível 3")+16*(J76="Nível 4")+32*(J76="Serviço"),2),0,1,2,3,4,"S") -> 2 | B76: =IF(OR(A76="S",A76=0),0,IF(ISERROR(I76),H76,SMALL(H76:I76,1))) -> 12 | C76: =IF($A76=1,OFFSET(C76,-1,0)+1,OFFSET(C76,-1,0)) -> 2 | D76: =IF($A76=1,0,IF($A76=2,OFFSET(D76,-1,0)+1,OFFSET(D76,-1,0))) -> 1 | E76: =IF(AND($A76<=2,$A76<>0),0,IF($A76=3,OFFSET(E76,-1,0)+1,OFFSET(E76,-1,0))) -> 0 | F76: =IF(AND($A76<=3,$A76<>0),0,IF($A76=4,OFFSET(F76,-1,0)+1,OFFSET(F76,-1,0))) -> 0 | G76: =IF(AND($A76<=4,$A76<>0),0,IF($A76="S",OFFSET(G76,-1,0)+1,OFFSET(G76,-1,0))) -> 0 | H76: =IF(OR($A76="S",$A76=0),0,MATCH(0,OFFSET($B76,1,$A76,ROW($A$96)-ROW($A76)),0)) -> 20 | I76: =IF(OR($A76="S",$A76=0),0,MATCH(OFFSET($B76,0,$A76)+1,OFFSET($B76,1,$A76,ROW($A$96)-ROW($A76)),0)) -> 12 | J76: Nível 2 | K76: =IF($A76=0,"-",CONCATENATE(C76&".",IF(AND($A$5>=2,$A76>=2),D76&".",""),IF(AND($A$5>=3,$A76>=3),E76&".",""),IF(AND($A$5>=4,$A76>=4),F76&".",""),IF($A76="S",G76&".",""))) -> 2.1. | N76: ESTACIONAMENTO E CALÇADAS | O76: =Referencia.Unidade | P76: =OFFSET(PLQ!$E$12,ROW($P76)-ROW(P$12),0) -> 0 | R76: BDI 1 | S76: =IF($A76="S",IF($Q$10="Preço Unitário (R$)",PO.CustoUnitario,ROUND(PO.CustoUnitario*(1+$Z76),15-13*$X$6)),0) -> 0 | T76: =IF($A76="S",VTOTAL1,IF($A76=0,0,ROUND(SomaAgrup,15-13*$X$7))) -> 94405.63 | U76: =IF($J76="","",IF($N76="","DESCRIÇÃO",IF(AND($J76="Serviço",$O76=""),"UNIDADE",IF($T76<=0,"SEM VALOR",IF(AND($Y76<>"",$Q76>$Y76),"ACIMA REF.",""))))) | V76: =IF(OR($A76=0,$A76="S",$A76>CFF!$A$9),"",MAX(V$12:OFFSET(V76,-1,0))+1) -> 13 | W76: =IF(AND($J76="Serviço",$M76<>""),IF($L76="",$M76,CONCATENATE($L76,"-",$M76))) -> FALSE | X76: =IF(AND(Fonte<>"",Código<>""),MATCH(Fonte&" "&IF(Fonte="sinapi",SUBSTITUTE(SUBSTITUTE(Código,"/00","/"),"/0","/"),Código),INDIRECT("'[Referência "&_xlnm.Database&".xls]Banco'!$a:$a"),0),"X") -> X | Y76: =IF(Import.Desoneracao="sim",Referencia.Desonerado,Referencia.NaoDesonerado) -> 0 | Z76: =ROUND(IF(ISNUMBER(R76),R76,IF(LEFT(R76,3)="BDI",HLOOKUP(R76,DADOS!$T$37:$X$38,2,FALSE),0)),15-11*$X$5) -> 0.2109
A77: =CHOOSE(1+LOG(1+2*(J77="Meta")+4*(J77="Nível 2")+8*(J77="Nível 3")+16*(J77="Nível 4")+32*(J77="Serviço"),2),0,1,2,3,4,"S") -> S | B77: =IF(OR(A77="S",A77=0),0,IF(ISERROR(I77),H77,SMALL(H77:I77,1))) -> 0 | C77: =IF($A77=1,OFFSET(C77,-1,0)+1,OFFSET(C77,-1,0)) -> 2 | D77: =IF($A77=1,0,IF($A77=2,OFFSET(D77,-1,0)+1,OFFSET(D77,-1,0))) -> 1 | E77: =IF(AND($A77<=2,$A77<>0),0,IF($A77=3,OFFSET(E77,-1,0)+1,OFFSET(E77,-1,0))) -> 0 | F77: =IF(AND($A77<=3,$A77<>0),0,IF($A77=4,OFFSET(F77,-1,0)+1,OFFSET(F77,-1,0))) -> 0 | G77: =IF(AND($A77<=4,$A77<>0),0,IF($A77="S",OFFSET(G77,-1,0)+1,OFFSET(G77,-1,0))) -> 1 | H77: =IF(OR($A77="S",$A77=0),0,MATCH(0,OFFSET($B77,1,$A77,ROW($A$96)-ROW($A77)),0)) -> 0 | I77: =IF(OR($A77="S",$A77=0),0,MATCH(OFFSET($B77,0,$A77)+1,OFFSET($B77,1,$A77,ROW($A$96)-ROW($A77)),0)) -> 0 | J77: Serviço | K77: =IF($A77=0,"-",CONCATENATE(C77&".",IF(AND($A$5>=2,$A77>=2),D77&".",""),IF(AND($A$5>=3,$A77>=3),E77&".",""),IF(AND($A$5>=4,$A77>=4),F77&".",""),IF($A77="S",G77&".",""))) -> 2.1.1. | L77: COMPOSIÇÃO | M77: 18 | N77: =IF($A77="S",Referencia.Descricao,"(digite a descrição aqui)") -> SERVIÇOS TOPOGRÁFICOS PARA PAVIMENTAÇÃO, INCLUSIVE NOTA DE SERVIÇOS, ACOMPANHAMENTO E GREIDE | O77: =Referencia.Unidade -> M2 | P77: =OFFSET(PLQ!$E$12,ROW($P77)-ROW(P$12),0) -> 555.37 | Q77: =Y77 -> 0.47 | R77: BDI 1 | S77: =IF($A77="S",IF($Q$10="Preço Unitário (R$)",PO.CustoUnitario,ROUND(PO.CustoUnitario*(1+$Z77),15-13*$X$6)),0) -> 0.57 | T77: =IF($A77="S",VTOTAL1,IF($A77=0,0,ROUND(SomaAgrup,15-13*$X$7))) -> 316.56 | U77: =IF($J77="","",IF($N77="","DESCRIÇÃO",IF(AND($J77="Serviço",$O77=""),"UNIDADE",IF($T77<=0,"SEM VALOR",IF(AND($Y77<>"",$Q77>$Y77),"ACIMA REF.",""))))) | V77: =IF(OR($A77=0,$A77="S",$A77>CFF!$A$9),"",MAX(V$12:OFFSET(V77,-1,0))+1) | W77: =IF(AND($J77="Serviço",$M77<>""),IF($L77="",$M77,CONCATENATE($L77,"-",$M77))) -> COMPOSIÇÃO-18 | X77: =IF(AND(Fonte<>"",Código<>""),MATCH(Fonte&" "&IF(Fonte="sinapi",SUBSTITUTE(SUBSTITUTE(Código,"/00","/"),"/0","/"),Código),INDIRECT("'[Referência "&_xlnm.Database&".xls]Banco'!$a:$a"),0),"X") -> 23 | Y77: =IF(Import.Desoneracao="sim",Referencia.Desonerado,Referencia.NaoDesonerado) -> 0.47 | Z77: =ROUND(IF(ISNUMBER(R77),R77,IF(LEFT(R77,3)="BDI",HLOOKUP(R77,DADOS!$T$37:$X$38,2,FALSE),0)),15-11*$X$5) -> 0.2109
A78: =CHOOSE(1+LOG(1+2*(J78="Meta")+4*(J78="Nível 2")+8*(J78="Nível 3")+16*(J78="Nível 4")+32*(J78="Serviço"),2),0,1,2,3,4,"S") -> S | B78: =IF(OR(A78="S",A78=0),0,IF(ISERROR(I78),H78,SMALL(H78:I78,1))) -> 0 | C78: =IF($A78=1,OFFSET(C78,-1,0)+1,OFFSET(C78,-1,0)) -> 2 | D78: =IF($A78=1,0,IF($A78=2,OFFSET(D78,-1,0)+1,OFFSET(D78,-1,0))) -> 1 | E78: =IF(AND($A78<=2,$A78<>0),0,IF($A78=3,OFFSET(E78,-1,0)+1,OFFSET(E78,-1,0))) -> 0 | F78: =IF(AND($A78<=3,$A78<>0),0,IF($A78=4,OFFSET(F78,-1,0)+1,OFFSET(F78,-1,0))) -> 0 | G78: =IF(AND($A78<=4,$A78<>0),0,IF($A78="S",OFFSET(G78,-1,0)+1,OFFSET(G78,-1,0))) -> 2 | H78: =IF(OR($A78="S",$A78=0),0,MATCH(0,OFFSET($B78,1,$A78,ROW($A$96)-ROW($A78)),0)) -> 0 | I78: =IF(OR($A78="S",$A78=0),0,MATCH(OFFSET($B78,0,$A78)+1,OFFSET($B78,1,$A78,ROW($A$96)-ROW($A78)),0)) -> 0 | J78: Serviço | K78: =IF($A78=0,"-",CONCATENATE(C78&".",IF(AND($A$5>=2,$A78>=2),D78&".",""),IF(AND($A$5>=3,$A78>=3),E78&".",""),IF(AND($A$5>=4,$A78>=4),F78&".",""),IF($A78="S",G78&".",""))) -> 2.1.2. | L78: SINAPI | M78: 100576 | N78: =IF($A78="S",Referencia.Descricao,"(digite a descrição aqui)") -> REGULARIZAÇÃO E COMPACTAÇÃO DE SUBLEITO DE SOLO PREDOMINANTEMENTE ARGILOSO, PARA OBRAS DE CONSTRUÇÃO DE PAVIMENTOS. AF_09/2024 | O78: =Referencia.Unidade -> M2 | P78: =OFFSET(PLQ!$E$12,ROW($P78)-ROW(P$12),0) -> 555.37 | Q78: =Y78 -> 3.12 | R78: BDI 1 | S78: =IF($A78="S",IF($Q$10="Preço Unitário (R$)",PO.CustoUnitario,ROUND(PO.CustoUnitario*(1+$Z78),15-13*$X$6)),0) -> 3.78 | T78: =IF($A78="S",VTOTAL1,IF($A78=0,0,ROUND(SomaAgrup,15-13*$X$7))) -> 2099.3 | U78: =IF($J78="","",IF($N78="","DESCRIÇÃO",IF(AND($J78="Serviço",$O78=""),"UNIDADE",IF($T78<=0,"SEM VALOR",IF(AND($Y78<>"",$Q78>$Y78),"ACIMA REF.",""))))) | V78: =IF(OR($A78=0,$A78="S",$A78>CFF!$A$9),"",MAX(V$12:OFFSET(V78,-1,0))+1) | W78: =IF(AND($J78="Serviço",$M78<>""),IF($L78="",$M78,CONCATENATE($L78,"-",$M78))) -> SINAPI-100576 | X78: =IF(AND(Fonte<>"",Código<>""),MATCH(Fonte&" "&IF(Fonte="sinapi",SUBSTITUTE(SUBSTITUTE(Código,"/00","/"),"/0","/"),Código),INDIRECT("'[Referência "&_xlnm.Database&".xls]Banco'!$a:$a"),0),"X") -> 7005 | Y78: =IF(Import.Desoneracao="sim",Referencia.Desonerado,Referencia.NaoDesonerado) -> 3.12 | Z78: =ROUND(IF(ISNUMBER(R78),R78,IF(LEFT(R78,3)="BDI",HLOOKUP(R78,DADOS!$T$37:$X$38,2,FALSE),0)),15-11*$X$5) -> 0.2109
A79: =CHOOSE(1+LOG(1+2*(J79="Meta")+4*(J79="Nível 2")+8*(J79="Nível 3")+16*(J79="Nível 4")+32*(J79="Serviço"),2),0,1,2,3,4,"S") -> S | B79: =IF(OR(A79="S",A79=0),0,IF(ISERROR(I79),H79,SMALL(H79:I79,1))) -> 0 | C79: =IF($A79=1,OFFSET(C79,-1,0)+1,OFFSET(C79,-1,0)) -> 2 | D79: =IF($A79=1,0,IF($A79=2,OFFSET(D79,-1,0)+1,OFFSET(D79,-1,0))) -> 1 | E79: =IF(AND($A79<=2,$A79<>0),0,IF($A79=3,OFFSET(E79,-1,0)+1,OFFSET(E79,-1,0))) -> 0 | F79: =IF(AND($A79<=3,$A79<>0),0,IF($A79=4,OFFSET(F79,-1,0)+1,OFFSET(F79,-1,0))) -> 0 | G79: =IF(AND($A79<=4,$A79<>0),0,IF($A79="S",OFFSET(G79,-1,0)+1,OFFSET(G79,-1,0))) -> 3 | H79: =IF(OR($A79="S",$A79=0),0,MATCH(0,OFFSET($B79,1,$A79,ROW($A$96)-ROW($A79)),0)) -> 0 | I79: =IF(OR($A79="S",$A79=0),0,MATCH(OFFSET($B79,0,$A79)+1,OFFSET($B79,1,$A79,ROW($A$96)-ROW($A79)),0)) -> 0 | J79: Serviço | K79: =IF($A79=0,"-",CONCATENATE(C79&".",IF(AND($A$5>=2,$A79>=2),D79&".",""),IF(AND($A$5>=3,$A79>=3),E79&".",""),IF(AND($A$5>=4,$A79>=4),F79&".",""),IF($A79="S",G79&".",""))) -> 2.1.3. | L79: SINAPI | M79: 105727 | N79: =IF($A79="S",Referencia.Descricao,"(digite a descrição aqui)") -> CONSTRUÇÃO DE BASE E SUB-BASE PARA PAVIMENTAÇÃO DE BRITA GRADUADA SIMPLES, COM ESPESSURA DE 10 CM - EXCLUSIVE CARGA E TRANSPORTE. AF_09/2024 | O79: =Referencia.Unidade -> M3 | P79: =OFFSET(PLQ!$E$12,ROW($P79)-ROW(P$12),0) -> 55.54 | Q79: =Y79 -> 170.74 | R79: BDI 1 | S79: =IF($A79="S",IF($Q$10="Preço Unitário (R$)",PO.CustoUnitario,ROUND(PO.CustoUnitario*(1+$Z79),15-13*$X$6)),0) -> 206.75 | T79: =IF($A79="S",VTOTAL1,IF($A79=0,0,ROUND(SomaAgrup,15-13*$X$7))) -> 11482.9 | U79: =IF($J79="","",IF($N79="","DESCRIÇÃO",IF(AND($J79="Serviço",$O79=""),"UNIDADE",IF($T79<=0,"SEM VALOR",IF(AND($Y79<>"",$Q79>$Y79),"ACIMA REF.",""))))) | V79: =IF(OR($A79=0,$A79="S",$A79>CFF!$A$9),"",MAX(V$12:OFFSET(V79,-1,0))+1) | W79: =IF(AND($J79="Serviço",$M79<>""),IF($L79="",$M79,CONCATENATE($L79,"-",$M79))) -> SINAPI-105727 | X79: =IF(AND(Fonte<>"",Código<>""),MATCH(Fonte&" "&IF(Fonte="sinapi",SUBSTITUTE(SUBSTITUTE(Código,"/00","/"),"/0","/"),Código),INDIRECT("'[Referência "&_xlnm.Database&".xls]Banco'!$a:$a"),0),"X") -> 6778 | Y79: =IF(Import.Desoneracao="sim",Referencia.Desonerado,Referencia.NaoDesonerado) -> 170.74 | Z79: =ROUND(IF(ISNUMBER(R79),R79,IF(LEFT(R79,3)="BDI",HLOOKUP(R79,DADOS!$T$37:$X$38,2,FALSE),0)),15-11*$X$5) -> 0.2109
A80: =CHOOSE(1+LOG(1+2*(J80="Meta")+4*(J80="Nível 2")+8*(J80="Nível 3")+16*(J80="Nível 4")+32*(J80="Serviço"),2),0,1,2,3,4,"S") -> S | B80: =IF(OR(A80="S",A80=0),0,IF(ISERROR(I80),H80,SMALL(H80:I80,1))) -> 0 | C80: =IF($A80=1,OFFSET(C80,-1,0)+1,OFFSET(C80,-1,0)) -> 2 | D80: =IF($A80=1,0,IF($A80=2,OFFSET(D80,-1,0)+1,OFFSET(D80,-1,0))) -> 1 | E80: =IF(AND($A80<=2,$A80<>0),0,IF($A80=3,OFFSET(E80,-1,0)+1,OFFSET(E80,-1,0))) -> 0 | F80: =IF(AND($A80<=3,$A80<>0),0,IF($A80=4,OFFSET(F80,-1,0)+1,OFFSET(F80,-1,0))) -> 0 | G80: =IF(AND($A80<=4,$A80<>0),0,IF($A80="S",OFFSET(G80,-1,0)+1,OFFSET(G80,-1,0))) -> 4 | H80: =IF(OR($A80="S",$A80=0),0,MATCH(0,OFFSET($B80,1,$A80,ROW($A$96)-ROW($A80)),0)) -> 0 | I80: =IF(OR($A80="S",$A80=0),0,MATCH(OFFSET($B80,0,$A80)+1,OFFSET($B80,1,$A80,ROW($A$96)-ROW($A80)),0)) -> 0 | J80: Serviço | K80: =IF($A80=0,"-",CONCATENATE(C80&".",IF(AND($A$5>=2,$A80>=2),D80&".",""),IF(AND($A$5>=3,$A80>=3),E80&".",""),IF(AND($A$5>=4,$A80>=4),F80&".",""),IF($A80="S",G80&".",""))) -> 2.1.4. | L80: SINAPI | M80: 95876 | N80: =IF($A80="S",Referencia.Descricao,"(digite a descrição aqui)") -> TRANSPORTE COM CAMINHÃO BASCULANTE DE 14 M³, EM VIA URBANA PAVIMENTADA, DMT ATÉ 30 KM (UNIDADE: M3XKM). AF_07/2020 | O80: =Referencia.Unidade -> M3XKM | P80: =OFFSET(PLQ!$E$12,ROW($P80)-ROW(P$12),0) -> 1099.37 | Q80: =Y80 -> 2.31 | R80: BDI 1 | S80: =IF($A80="S",IF($Q$10="Preço Unitário (R$)",PO.CustoUnitario,ROUND(PO.CustoUnitario*(1+$Z80),15-13*$X$6)),0) -> 2.8 | T80: =IF($A80="S",VTOTAL1,IF($A80=0,0,ROUND(SomaAgrup,15-13*$X$7))) -> 3078.24 | U80: =IF($J80="","",IF($N80="","DESCRIÇÃO",IF(AND($J80="Serviço",$O80=""),"UNIDADE",IF($T80<=0,"SEM VALOR",IF(AND($Y80<>"",$Q80>$Y80),"ACIMA REF.",""))))) | V80: =IF(OR($A80=0,$A80="S",$A80>CFF!$A$9),"",MAX(V$12:OFFSET(V80,-1,0))+1) | W80: =IF(AND($J80="Serviço",$M80<>""),IF($L80="",$M80,CONCATENATE($L80,"-",$M80))) -> SINAPI-95876 | X80: =IF(AND(Fonte<>"",Código<>""),MATCH(Fonte&" "&IF(Fonte="sinapi",SUBSTITUTE(SUBSTITUTE(Código,"/00","/"),"/0","/"),Código),INDIRECT("'[Referência "&_xlnm.Database&".xls]Banco'!$a:$a"),0),"X") -> 15389 | Y80: =IF(Import.Desoneracao="sim",Referencia.Desonerado,Referencia.NaoDesonerado) -> 2.31 | Z80: =ROUND(IF(ISNUMBER(R80),R80,IF(LEFT(R80,3)="BDI",HLOOKUP(R80,DADOS!$T$37:$X$38,2,FALSE),0)),15-11*$X$5) -> 0.2109
A81: =CHOOSE(1+LOG(1+2*(J81="Meta")+4*(J81="Nível 2")+8*(J81="Nível 3")+16*(J81="Nível 4")+32*(J81="Serviço"),2),0,1,2,3,4,"S") -> S | B81: =IF(OR(A81="S",A81=0),0,IF(ISERROR(I81),H81,SMALL(H81:I81,1))) -> 0 | C81: =IF($A81=1,OFFSET(C81,-1,0)+1,OFFSET(C81,-1,0)) -> 2 | D81: =IF($A81=1,0,IF($A81=2,OFFSET(D81,-1,0)+1,OFFSET(D81,-1,0))) -> 1 | E81: =IF(AND($A81<=2,$A81<>0),0,IF($A81=3,OFFSET(E81,-1,0)+1,OFFSET(E81,-1,0))) -> 0 | F81: =IF(AND($A81<=3,$A81<>0),0,IF($A81=4,OFFSET(F81,-1,0)+1,OFFSET(F81,-1,0))) -> 0 | G81: =IF(AND($A81<=4,$A81<>0),0,IF($A81="S",OFFSET(G81,-1,0)+1,OFFSET(G81,-1,0))) -> 5 | H81: =IF(OR($A81="S",$A81=0),0,MATCH(0,OFFSET($B81,1,$A81,ROW($A$96)-ROW($A81)),0)) -> 0 | I81: =IF(OR($A81="S",$A81=0),0,MATCH(OFFSET($B81,0,$A81)+1,OFFSET($B81,1,$A81,ROW($A$96)-ROW($A81)),0)) -> 0 | J81: Serviço | K81: =IF($A81=0,"-",CONCATENATE(C81&".",IF(AND($A$5>=2,$A81>=2),D81&".",""),IF(AND($A$5>=3,$A81>=3),E81&".",""),IF(AND($A$5>=4,$A81>=4),F81&".",""),IF($A81="S",G81&".",""))) -> 2.1.5. | L81: SINAPI | M81: 92403 | N81: =IF($A81="S",Referencia.Descricao,"(digite a descrição aqui)") -> EXECUÇÃO DE PAVIMENTO EM PISO INTERTRAVADO, COM BLOCO 16 FACES DE 22 X 11 CM, ESPESSURA 6 CM. AF_10/2022 | O81: =Referencia.Unidade -> M2 | P81: =OFFSET(PLQ!$E$12,ROW($P81)-ROW(P$12),0) -> 555.37 | Q81: =Y81 -> 70.3 | R81: BDI 1 | S81: =IF($A81="S",IF($Q$10="Preço Unitário (R$)",PO.CustoUnitario,ROUND(PO.CustoUnitario*(1+$Z81),15-13*$X$6)),0) -> 85.13 | T81: =IF($A81="S",VTOTAL1,IF($A81=0,0,ROUND(SomaAgrup,15-13*$X$7))) -> 47278.65 | U81: =IF($J81="","",IF($N81="","DESCRIÇÃO",IF(AND($J81="Serviço",$O81=""),"UNIDADE",IF($T81<=0,"SEM VALOR",IF(AND($Y81<>"",$Q81>$Y81),"ACIMA REF.",""))))) | V81: =IF(OR($A81=0,$A81="S",$A81>CFF!$A$9),"",MAX(V$12:OFFSET(V81,-1,0))+1) | W81: =IF(AND($J81="Serviço",$M81<>""),IF($L81="",$M81,CONCATENATE($L81,"-",$M81))) -> SINAPI-92403 | X81: =IF(AND(Fonte<>"",Código<>""),MATCH(Fonte&" "&IF(Fonte="sinapi",SUBSTITUTE(SUBSTITUTE(Código,"/00","/"),"/0","/"),Código),INDIRECT("'[Referência "&_xlnm.Database&".xls]Banco'!$a:$a"),0),"X") -> 13714 | Y81: =IF(Import.Desoneracao="sim",Referencia.Desonerado,Referencia.NaoDesonerado) -> 70.3 | Z81: =ROUND(IF(ISNUMBER(R81),R81,IF(LEFT(R81,3)="BDI",HLOOKUP(R81,DADOS!$T$37:$X$38,2,FALSE),0)),15-11*$X$5) -> 0.2109
A82: =CHOOSE(1+LOG(1+2*(J82="Meta")+4*(J82="Nível 2")+8*(J82="Nível 3")+16*(J82="Nível 4")+32*(J82="Serviço"),2),0,1,2,3,4,"S") -> S | B82: =IF(OR(A82="S",A82=0),0,IF(ISERROR(I82),H82,SMALL(H82:I82,1))) -> 0 | C82: =IF($A82=1,OFFSET(C82,-1,0)+1,OFFSET(C82,-1,0)) -> 2 | D82: =IF($A82=1,0,IF($A82=2,OFFSET(D82,-1,0)+1,OFFSET(D82,-1,0))) -> 1 | E82: =IF(AND($A82<=2,$A82<>0),0,IF($A82=3,OFFSET(E82,-1,0)+1,OFFSET(E82,-1,0))) -> 0 | F82: =IF(AND($A82<=3,$A82<>0),0,IF($A82=4,OFFSET(F82,-1,0)+1,OFFSET(F82,-1,0))) -> 0 | G82: =IF(AND($A82<=4,$A82<>0),0,IF($A82="S",OFFSET(G82,-1,0)+1,OFFSET(G82,-1,0))) -> 6 | H82: =IF(OR($A82="S",$A82=0),0,MATCH(0,OFFSET($B82,1,$A82,ROW($A$96)-ROW($A82)),0)) -> 0 | I82: =IF(OR($A82="S",$A82=0),0,MATCH(OFFSET($B82,0,$A82)+1,OFFSET($B82,1,$A82,ROW($A$96)-ROW($A82)),0)) -> 0 | J82: Serviço | K82: =IF($A82=0,"-",CONCATENATE(C82&".",IF(AND($A$5>=2,$A82>=2),D82&".",""),IF(AND($A$5>=3,$A82>=3),E82&".",""),IF(AND($A$5>=4,$A82>=4),F82&".",""),IF($A82="S",G82&".",""))) -> 2.1.6. | L82: SINAPI | M82: 94263 | N82: =IF($A82="S",Referencia.Descricao,"(digite a descrição aqui)") -> GUIA (MEIO-FIO) CONCRETO, MOLDADA IN LOCO EM TRECHO RETO COM EXTRUSORA, 13 CM BASE X 22 CM ALTURA. AF_01/2024 | O82: =Referencia.Unidade -> M | P82: =OFFSET(PLQ!$E$12,ROW($P82)-ROW(P$12),0) -> 131.94 | Q82: =Y82 -> 37.17 | R82: BDI 1 | S82: =IF($A82="S",IF($Q$10="Preço Unitário (R$)",PO.CustoUnitario,ROUND(PO.CustoUnitario*(1+$Z82),15-13*$X$6)),0) -> 45.01 | T82: =IF($A82="S",VTOTAL1,IF($A82=0,0,ROUND(SomaAgrup,15-13*$X$7))) -> 5938.62 | U82: =IF($J82="","",IF($N82="","DESCRIÇÃO",IF(AND($J82="Serviço",$O82=""),"UNIDADE",IF($T82<=0,"SEM VALOR",IF(AND($Y82<>"",$Q82>$Y82),"ACIMA REF.",""))))) | V82: =IF(OR($A82=0,$A82="S",$A82>CFF!$A$9),"",MAX(V$12:OFFSET(V82,-1,0))+1) | W82: =IF(AND($J82="Serviço",$M82<>""),IF($L82="",$M82,CONCATENATE($L82,"-",$M82))) -> SINAPI-94263 | X82: =IF(AND(Fonte<>"",Código<>""),MATCH(Fonte&" "&IF(Fonte="sinapi",SUBSTITUTE(SUBSTITUTE(Código,"/00","/"),"/0","/"),Código),INDIRECT("'[Referência "&_xlnm.Database&".xls]Banco'!$a:$a"),0),"X") -> 10289 | Y82: =IF(Import.Desoneracao="sim",Referencia.Desonerado,Referencia.NaoDesonerado) -> 37.17 | Z82: =ROUND(IF(ISNUMBER(R82),R82,IF(LEFT(R82,3)="BDI",HLOOKUP(R82,DADOS!$T$37:$X$38,2,FALSE),0)),15-11*$X$5) -> 0.2109
A83: =CHOOSE(1+LOG(1+2*(J83="Meta")+4*(J83="Nível 2")+8*(J83="Nível 3")+16*(J83="Nível 4")+32*(J83="Serviço"),2),0,1,2,3,4,"S") -> S | B83: =IF(OR(A83="S",A83=0),0,IF(ISERROR(I83),H83,SMALL(H83:I83,1))) -> 0 | C83: =IF($A83=1,OFFSET(C83,-1,0)+1,OFFSET(C83,-1,0)) -> 2 | D83: =IF($A83=1,0,IF($A83=2,OFFSET(D83,-1,0)+1,OFFSET(D83,-1,0))) -> 1 | E83: =IF(AND($A83<=2,$A83<>0),0,IF($A83=3,OFFSET(E83,-1,0)+1,OFFSET(E83,-1,0))) -> 0 | F83: =IF(AND($A83<=3,$A83<>0),0,IF($A83=4,OFFSET(F83,-1,0)+1,OFFSET(F83,-1,0))) -> 0 | G83: =IF(AND($A83<=4,$A83<>0),0,IF($A83="S",OFFSET(G83,-1,0)+1,OFFSET(G83,-1,0))) -> 7 | H83: =IF(OR($A83="S",$A83=0),0,MATCH(0,OFFSET($B83,1,$A83,ROW($A$96)-ROW($A83)),0)) -> 0 | I83: =IF(OR($A83="S",$A83=0),0,MATCH(OFFSET($B83,0,$A83)+1,OFFSET($B83,1,$A83,ROW($A$96)-ROW($A83)),0)) -> 0 | J83: Serviço | K83: =IF($A83=0,"-",CONCATENATE(C83&".",IF(AND($A$5>=2,$A83>=2),D83&".",""),IF(AND($A$5>=3,$A83>=3),E83&".",""),IF(AND($A$5>=4,$A83>=4),F83&".",""),IF($A83="S",G83&".",""))) -> 2.1.7. | L83: SINAPI | M83: 102498 | N83: =IF($A83="S",Referencia.Descricao,"(digite a descrição aqui)") -> PINTURA DE MEIO-FIO COM TINTA BRANCA A BASE DE CAL (CAIAÇÃO). AF_05/2021 | O83: =Referencia.Unidade -> M | P83: =OFFSET(PLQ!$E$12,ROW($P83)-ROW(P$12),0) -> 131.94 | Q83: =Y83 -> 1.7 | R83: BDI 1 | S83: =IF($A83="S",IF($Q$10="Preço Unitário (R$)",PO.CustoUnitario,ROUND(PO.CustoUnitario*(1+$Z83),15-13*$X$6)),0) -> 2.06 | T83: =IF($A83="S",VTOTAL1,IF($A83=0,0,ROUND(SomaAgrup,15-13*$X$7))) -> 271.8 | U83: =IF($J83="","",IF($N83="","DESCRIÇÃO",IF(AND($J83="Serviço",$O83=""),"UNIDADE",IF($T83<=0,"SEM VALOR",IF(AND($Y83<>"",$Q83>$Y83),"ACIMA REF.",""))))) | V83: =IF(OR($A83=0,$A83="S",$A83>CFF!$A$9),"",MAX(V$12:OFFSET(V83,-1,0))+1) | W83: =IF(AND($J83="Serviço",$M83<>""),IF($L83="",$M83,CONCATENATE($L83,"-",$M83))) -> SINAPI-102498 | X83: =IF(AND(Fonte<>"",Código<>""),MATCH(Fonte&" "&IF(Fonte="sinapi",SUBSTITUTE(SUBSTITUTE(Código,"/00","/"),"/0","/"),Código),INDIRECT("'[Referência "&_xlnm.Database&".xls]Banco'!$a:$a"),0),"X") -> 14007 | Y83: =IF(Import.Desoneracao="sim",Referencia.Desonerado,Referencia.NaoDesonerado) -> 1.7 | Z83: =ROUND(IF(ISNUMBER(R83),R83,IF(LEFT(R83,3)="BDI",HLOOKUP(R83,DADOS!$T$37:$X$38,2,FALSE),0)),15-11*$X$5) -> 0.2109
A84: =CHOOSE(1+LOG(1+2*(J84="Meta")+4*(J84="Nível 2")+8*(J84="Nível 3")+16*(J84="Nível 4")+32*(J84="Serviço"),2),0,1,2,3,4,"S") -> S | B84: =IF(OR(A84="S",A84=0),0,IF(ISERROR(I84),H84,SMALL(H84:I84,1))) -> 0 | C84: =IF($A84=1,OFFSET(C84,-1,0)+1,OFFSET(C84,-1,0)) -> 2 | D84: =IF($A84=1,0,IF($A84=2,OFFSET(D84,-1,0)+1,OFFSET(D84,-1,0))) -> 1 | E84: =IF(AND($A84<=2,$A84<>0),0,IF($A84=3,OFFSET(E84,-1,0)+1,OFFSET(E84,-1,0))) -> 0 | F84: =IF(AND($A84<=3,$A84<>0),0,IF($A84=4,OFFSET(F84,-1,0)+1,OFFSET(F84,-1,0))) -> 0 | G84: =IF(AND($A84<=4,$A84<>0),0,IF($A84="S",OFFSET(G84,-1,0)+1,OFFSET(G84,-1,0))) -> 8 | H84: =IF(OR($A84="S",$A84=0),0,MATCH(0,OFFSET($B84,1,$A84,ROW($A$96)-ROW($A84)),0)) -> 0 | I84: =IF(OR($A84="S",$A84=0),0,MATCH(OFFSET($B84,0,$A84)+1,OFFSET($B84,1,$A84,ROW($A$96)-ROW($A84)),0)) -> 0 | J84: Serviço | K84: =IF($A84=0,"-",CONCATENATE(C84&".",IF(AND($A$5>=2,$A84>=2),D84&".",""),IF(AND($A$5>=3,$A84>=3),E84&".",""),IF(AND($A$5>=4,$A84>=4),F84&".",""),IF($A84="S",G84&".",""))) -> 2.1.8. | L84: SINAPI | M84: 102500 | N84: =IF($A84="S",Referencia.Descricao,"(digite a descrição aqui)") -> PINTURA DE DEMARCAÇÃO DE VAGA COM TINTA ACRÍLICA, E = 10 CM, APLICAÇÃO MANUAL. AF_05/2021 | O84: =Referencia.Unidade -> M | P84: =OFFSET(PLQ!$E$12,ROW($P84)-ROW(P$12),0) -> 107.47 | Q84: =Y84 -> 4.93 | R84: BDI 1 | S84: =IF($A84="S",IF($Q$10="Preço Unitário (R$)",PO.CustoUnitario,ROUND(PO.CustoUnitario*(1+$Z84),15-13*$X$6)),0) -> 5.97 | T84: =IF($A84="S",VTOTAL1,IF($A84=0,0,ROUND(SomaAgrup,15-13*$X$7))) -> 641.6 | U84: =IF($J84="","",IF($N84="","DESCRIÇÃO",IF(AND($J84="Serviço",$O84=""),"UNIDADE",IF($T84<=0,"SEM VALOR",IF(AND($Y84<>"",$Q84>$Y84),"ACIMA REF.",""))))) | V84: =IF(OR($A84=0,$A84="S",$A84>CFF!$A$9),"",MAX(V$12:OFFSET(V84,-1,0))+1) | W84: =IF(AND($J84="Serviço",$M84<>""),IF($L84="",$M84,CONCATENATE($L84,"-",$M84))) -> SINAPI-102500 | X84: =IF(AND(Fonte<>"",Código<>""),MATCH(Fonte&" "&IF(Fonte="sinapi",SUBSTITUTE(SUBSTITUTE(Código,"/00","/"),"/0","/"),Código),INDIRECT("'[Referência "&_xlnm.Database&".xls]Banco'!$a:$a"),0),"X") -> 13997 | Y84: =IF(Import.Desoneracao="sim",Referencia.Desonerado,Referencia.NaoDesonerado) -> 4.93 | Z84: =ROUND(IF(ISNUMBER(R84),R84,IF(LEFT(R84,3)="BDI",HLOOKUP(R84,DADOS!$T$37:$X$38,2,FALSE),0)),15-11*$X$5) -> 0.2109
A85: =CHOOSE(1+LOG(1+2*(J85="Meta")+4*(J85="Nível 2")+8*(J85="Nível 3")+16*(J85="Nível 4")+32*(J85="Serviço"),2),0,1,2,3,4,"S") -> S | B85: =IF(OR(A85="S",A85=0),0,IF(ISERROR(I85),H85,SMALL(H85:I85,1))) -> 0 | C85: =IF($A85=1,OFFSET(C85,-1,0)+1,OFFSET(C85,-1,0)) -> 2 | D85: =IF($A85=1,0,IF($A85=2,OFFSET(D85,-1,0)+1,OFFSET(D85,-1,0))) -> 1 | E85: =IF(AND($A85<=2,$A85<>0),0,IF($A85=3,OFFSET(E85,-1,0)+1,OFFSET(E85,-1,0))) -> 0 | F85: =IF(AND($A85<=3,$A85<>0),0,IF($A85=4,OFFSET(F85,-1,0)+1,OFFSET(F85,-1,0))) -> 0 | G85: =IF(AND($A85<=4,$A85<>0),0,IF($A85="S",OFFSET(G85,-1,0)+1,OFFSET(G85,-1,0))) -> 9 | H85: =IF(OR($A85="S",$A85=0),0,MATCH(0,OFFSET($B85,1,$A85,ROW($A$96)-ROW($A85)),0)) -> 0 | I85: =IF(OR($A85="S",$A85=0),0,MATCH(OFFSET($B85,0,$A85)+1,OFFSET($B85,1,$A85,ROW($A$96)-ROW($A85)),0)) -> 0 | J85: Serviço | K85: =IF($A85=0,"-",CONCATENATE(C85&".",IF(AND($A$5>=2,$A85>=2),D85&".",""),IF(AND($A$5>=3,$A85>=3),E85&".",""),IF(AND($A$5>=4,$A85>=4),F85&".",""),IF($A85="S",G85&".",""))) -> 2.1.9. | L85: SINAPI | M85: 94993 | N85: =IF($A85="S",Referencia.Descricao,"(digite a descrição aqui)") -> EXECUÇÃO DE PASSEIO (CALÇADA) OU PISO DE CONCRETO COM CONCRETO MOLDADO IN LOCO, USINADO, ACABAMENTO CONVENCIONAL, ESPESSURA 6 CM, ARMADO. AF_08/2022 | O85: =Referencia.Unidade -> M2 | P85: =OFFSET(PLQ!$E$12,ROW($P85)-ROW(P$12),0) -> 173.49 | Q85: =Y85 -> 79.46 | R85: BDI 1 | S85: =IF($A85="S",IF($Q$10="Preço Unitário (R$)",PO.CustoUnitario,ROUND(PO.CustoUnitario*(1+$Z85),15-13*$X$6)),0) -> 96.22 | T85: =IF($A85="S",VTOTAL1,IF($A85=0,0,ROUND(SomaAgrup,15-13*$X$7))) -> 16693.21 | U85: =IF($J85="","",IF($N85="","DESCRIÇÃO",IF(AND($J85="Serviço",$O85=""),"UNIDADE",IF($T85<=0,"SEM VALOR",IF(AND($Y85<>"",$Q85>$Y85),"ACIMA REF.",""))))) | V85: =IF(OR($A85=0,$A85="S",$A85>CFF!$A$9),"",MAX(V$12:OFFSET(V85,-1,0))+1) | W85: =IF(AND($J85="Serviço",$M85<>""),IF($L85="",$M85,CONCATENATE($L85,"-",$M85))) -> SINAPI-94993 | X85: =IF(AND(Fonte<>"",Código<>""),MATCH(Fonte&" "&IF(Fonte="sinapi",SUBSTITUTE(SUBSTITUTE(Código,"/00","/"),"/0","/"),Código),INDIRECT("'[Referência "&_xlnm.Database&".xls]Banco'!$a:$a"),0),"X") -> 13694 | Y85: =IF(Import.Desoneracao="sim",Referencia.Desonerado,Referencia.NaoDesonerado) -> 79.46 | Z85: =ROUND(IF(ISNUMBER(R85),R85,IF(LEFT(R85,3)="BDI",HLOOKUP(R85,DADOS!$T$37:$X$38,2,FALSE),0)),15-11*$X$5) -> 0.2109
A86: =CHOOSE(1+LOG(1+2*(J86="Meta")+4*(J86="Nível 2")+8*(J86="Nível 3")+16*(J86="Nível 4")+32*(J86="Serviço"),2),0,1,2,3,4,"S") -> S | B86: =IF(OR(A86="S",A86=0),0,IF(ISERROR(I86),H86,SMALL(H86:I86,1))) -> 0 | C86: =IF($A86=1,OFFSET(C86,-1,0)+1,OFFSET(C86,-1,0)) -> 2 | D86: =IF($A86=1,0,IF($A86=2,OFFSET(D86,-1,0)+1,OFFSET(D86,-1,0))) -> 1 | E86: =IF(AND($A86<=2,$A86<>0),0,IF($A86=3,OFFSET(E86,-1,0)+1,OFFSET(E86,-1,0))) -> 0 | F86: =IF(AND($A86<=3,$A86<>0),0,IF($A86=4,OFFSET(F86,-1,0)+1,OFFSET(F86,-1,0))) -> 0 | G86: =IF(AND($A86<=4,$A86<>0),0,IF($A86="S",OFFSET(G86,-1,0)+1,OFFSET(G86,-1,0))) -> 10 | H86: =IF(OR($A86="S",$A86=0),0,MATCH(0,OFFSET($B86,1,$A86,ROW($A$96)-ROW($A86)),0)) -> 0 | I86: =IF(OR($A86="S",$A86=0),0,MATCH(OFFSET($B86,0,$A86)+1,OFFSET($B86,1,$A86,ROW($A$96)-ROW($A86)),0)) -> 0 | J86: Serviço | K86: =IF($A86=0,"-",CONCATENATE(C86&".",IF(AND($A$5>=2,$A86>=2),D86&".",""),IF(AND($A$5>=3,$A86>=3),E86&".",""),IF(AND($A$5>=4,$A86>=4),F86&".",""),IF($A86="S",G86&".",""))) -> 2.1.10. | L86: COMPOSIÇÃO | M86: 12 | N86: =IF($A86="S",Referencia.Descricao,"(digite a descrição aqui)") -> PISO PODOTÁTIL DE ALERTA OU DIRECIONAL, DE CONCRETO, ASSENTADO SOBRE ARGAMASSA, AF_05/2020 | O86: =Referencia.Unidade -> M | P86: =OFFSET(PLQ!$E$12,ROW($P86)-ROW(P$12),0) -> 65 | Q86: =Y86 -> 56.56 | R86: BDI 1 | S86: =IF($A86="S",IF($Q$10="Preço Unitário (R$)",PO.CustoUnitario,ROUND(PO.CustoUnitario*(1+$Z86),15-13*$X$6)),0) -> 68.49 | T86: =IF($A86="S",VTOTAL1,IF($A86=0,0,ROUND(SomaAgrup,15-13*$X$7))) -> 4451.85 | U86: =IF($J86="","",IF($N86="","DESCRIÇÃO",IF(AND($J86="Serviço",$O86=""),"UNIDADE",IF($T86<=0,"SEM VALOR",IF(AND($Y86<>"",$Q86>$Y86),"ACIMA REF.",""))))) | V86: =IF(OR($A86=0,$A86="S",$A86>CFF!$A$9),"",MAX(V$12:OFFSET(V86,-1,0))+1) | W86: =IF(AND($J86="Serviço",$M86<>""),IF($L86="",$M86,CONCATENATE($L86,"-",$M86))) -> COMPOSIÇÃO-12 | X86: =IF(AND(Fonte<>"",Código<>""),MATCH(Fonte&" "&IF(Fonte="sinapi",SUBSTITUTE(SUBSTITUTE(Código,"/00","/"),"/0","/"),Código),INDIRECT("'[Referência "&_xlnm.Database&".xls]Banco'!$a:$a"),0),"X") -> 18 | Y86: =IF(Import.Desoneracao="sim",Referencia.Desonerado,Referencia.NaoDesonerado) -> 56.56 | Z86: =ROUND(IF(ISNUMBER(R86),R86,IF(LEFT(R86,3)="BDI",HLOOKUP(R86,DADOS!$T$37:$X$38,2,FALSE),0)),15-11*$X$5) -> 0.2109
